Workbook
Name _Adresse: '3 Bericht'!$D$3
Name _Amortisationszeit_g.Min.: 'Wirtschaftlichkeit_g.Min.'!$O$4
Name _Amortisationszeit_t.Vb.: 'Wirtschaftlichkeit_t.Vb.'!$O$4
Name _Anf_Amortisation: '4 Datengrundlage'!$D$45
Name _Anlageleistung_g.Min.: '3 Bericht'!$L$20
Name _Anlageleistung_t.Vb.: '3 Bericht'!$K$20
Name _Anz_BlendarmeM_g.Min.: '3 Bericht'!#REF!
Name _Anz_BlendarmeM_t.Vb.: '3 Bericht'!#REF!
Name _Aufpreis_Blendarm: Basisdaten!$D$38
Name _Bez_Modul_Blendarm: Basisdaten!$D$30
Name _Bez_Modul_Standard: Basisdaten!$D$21
Name _Bonus_Blendarm_Stadt: Basisdaten!$D$145
Name _Bonus_Gründach_Stadt: Basisdaten!$D$146
Name _Bonus_Neigungswinkel_Bund: Basisdaten!$D$122
Name _Bonus_Pp_pronovo: Basisdaten!$D$123
Name _Bonus_Steil_Stadt: Basisdaten!$D$144
Name _Dach_Typ: 'Dachfläche (1)'!$E$12
Name _Dach_Typ: 'Dachfläche (2)'!$E$12
Name _Dach_Typ: 'Dachfläche (2)'!$E$12
Name _Dach_Typ: 'Dachfläche (2)'!$E$12
Name _Dach_Typ: 'Dachfläche (2)'!$E$12
Name _Dach_Typ: 'Dachfläche (2)'!$E$12
Name _Datum_IBS: '3 Bericht'!$M$3
Name _Degradation_Blendarm: '4 Datengrundlage'!#REF!
Name _Degradation_pro_Jahr_Blendarm: '4 Datengrundlage'!#REF!
Name _Degradation_pro_Jahr_Standard: '4 Datengrundlage'!$D$18
Name _Degradation_Standard: '4 Datengrundlage'!$D$17
Name _Dok_Titel: Basisdaten!$D$5
Name _EF_Ansatz: Basisdaten!$D$143
Name _EF_g.Min.: '4 Datengrundlage'!$F$58
Name _EF_g.Min._Rechenwert: '3 Bericht'!$M$39
Name _EF_t: Basisdaten!$D$142
Name _EF_t.Vb.: '4 Datengrundlage'!$D$58
Name _EF_t.Vb._Rechenwert: '3 Bericht'!$G$39
Name _EingabePV: '3 Bericht'!$B$14:$N$19
Name _EIV_g.Min.: Basisdaten!$D$139
Name _EIV_g.Min._Rechenwert: '3 Bericht'!$M$33
Name _EIV_t.Vb.: Basisdaten!$D$131
Name _EIV_t.Vb._Rechenwert: '3 Bericht'!$G$33
Name _EIV_t_auszahlung: Basisdaten!$D$116
Name _ENG_Basisdaten: Basisdaten!$D$71
Name _ENG_Rechenwert_g.Min.: '3 Bericht'!$M$44
Name _ENG_Rechenwert_t.Vb.: '3 Bericht'!$G$44
Name _Ertrag_g.Min.: '3 Bericht'!$N$20
Name _Ertrag_t.Vb.: '3 Bericht'!$M$20
Name _Faktor_Ausrichtung: 'Faktor Ausrichtung'!$B$5:$AL$23
Name _Formularversion: Basisdaten!$D$3
Name _Gesamtkosten_g.Min.: '3 Bericht'!$M$27
Name _Gesamtkosten_t.Vb.: '3 Bericht'!$G$27
Name _Investitionskosten_g.Min.: '3 Bericht'!$M$41
Name _Investitionskosten_t.Vb.: '3 Bericht'!$G$41
Name _Kap_Verzinsung: '4 Datengrundlage'!$D$46
Name _Lastprofil_Typ: '3 Bericht'!$M$4
Name _Lebensdauer: Basisdaten!$D$68
Name _Letzte_REV: Basisdaten!$D$7
Name _Liste_Blendung: Basisdaten!$B$157:$B$159
Name _Liste_Dachtypen: Basisdaten!$B$151:$B$154
Name _Liste_Zusatznutzung: Basisdaten!$B$161:$B$162
Name _Modul_Randabstand: '4 Datengrundlage'!#REF!
Name _Modul_Spaltenabstand: '4 Datengrundlage'!#REF!

Sheet Inhalt
B2: Luzern, 21. Oktober 2026
B4: Planungshilfe
B5: Nachweis wirtschaftliche Unverhältnismässigkeit (Art. 77, BZR 2026)
B6: – Version 4.4
B8: Das vorliegende Dokument beschreibt den aktuellen Stand der Praxis. Die Planungshilfen für die Vollzugspraxis in der Stadt Luzern werden nach Bedarf aktualisiert. Sie tragen deshalb eine Versionsnummer. Die aktuellen Versionen finden Sie auf der Webseite der Dienstabteilung Baubewilligungen der Stadt Luzern unter Dienste & Infos > «Energie/Luft/Lärm/Deponien UWS».
B10: Inhaltsverzeichnis
B12: 1 | C12: Gesetzliche Grundlagen
B13: 2 | C13: Kurzanleitung
B14: 3 | C14: Bericht
B15: 4 | C15: Datengrundlage
C16: Dachfläche(n)
C17: Anhang
B19: Nachfolgend wird der Begriff «Solaranlagen» für photovoltaische und solarthermische Anlagen verwendet.
B21: Die Stadt Luzern steht ein für wirksame Massnahmen in den Bereichen Energie und Klimaschutz, Stadtklima, Biodiversitätsförderung, einen haushälterischen Umgang mit Ressourcen sowie gute Baukultur. Der Erhalt der natürlichen Lebensgrundlagen, ästhetisch ansprechende Gebäude und ein sorgsamer Umgang mit Kulturdenkmälern sind im Interesse heutiger und zukünftiger Generationen.
B22: Diese Planungshilfe führt die Bewilligungsverfahren sowie die gestalterischen Vorgaben für Solaranlagen im Allgemeinen auf und beschreibt die ergänzenden gestalterischen Anforderungen für Ortsbildschutzzonen, für Gebäude unter Denkmalschutz und für Gebäude im kantonalen Bauinventar.

Sheet 1 Gesetzliche Grundlagen
B1: Gesetzliche Grundlagen Solaranlagen
B3: Das kantonale Recht (KEnG § 15 und KEnV § 13 bis 15) verlangt die Eigenstromerzeugung bei Neu- und Bestandesbauten.
B5: § 15 KEnG Eigenstromerzeugung bei Bauten 1Bei Neubauten, die beheizt, belüftet, gekühlt oder befeuchtet werden, muss das Potenzial zur Stromerzeugung angemessen ausgenutzt werden oder deren Eigentümerinnen und Eigentümer haben eine Ersatzabgabe zu leisten. 1bisBei bestehenden Bauten, die beheizt, belüftet, gekühlt oder befeuchtet werden, muss bei einer Dachsanierung das Stromerzeugungspotenzial angemessen ausgenutzt werden oder deren Eigentümerinnen und Eigentümer haben eine Ersatzabgabe zu leisten. 1terFür Aussenbauteile mit Schutzauflagen kann die zuständige Dienststelle Erleichterungen gewähren. 2Die Verordnung regelt die Art und den Umfang der Eigenstromerzeugung sowie die Befreiungen. Zu berücksichtigen ist dabei die belegbare Dachfläche als Berechnungsgrundlage für die selbst zu erzeugende Elektrizität. 3Die Ersatzabgabe berechnet sich aus der Differenz der minimal zu installierenden Leistung zur effektiv installierten Leistung und beträgt pro kW nicht realisierte Leistung maximal 1000 Franken. Der Regierungsrat legt die weiteren Modalitäten und die Höhe der Ersatzabgabe in der Verordnung fest. 4Die Gemeinden erheben die Ersatzabgabe und verwenden sie zweckgebunden zur Förderung der nachhaltigen und effizienten Energienutzung und der erneuerbaren Energien.
B6: Aufbauend darauf definiert der Artikel 77 des städtischen Bau- und Zonenreglements (BZR 2026) die Nutzung der Dachflächen bezüglich Begrünung und energetischer Nutzung.
B8: Art. 77 BZR 2026 Dachbegrünung, Solar- und Photovoltaikanlagen 1 In den Bauzonen (ohne Grünzone) und der Landwirtschaftszone sind nicht begehbare Flachdächer und Flachdachteile ab einer Grösse von 25 m2 vollflächig ökologisch wertvoll zu begrünen und energetisch zu nutzen. Die energetische Nutzung durch thermische Solaranlagen und/oder Photovoltaikanlagen richtet sich nach den Mindestvorgaben gemäss § 15 des Kantonalen Energiegesetzes vom 1. März 2025 (Inkrafttreten) und §§ 13-15 der Kantonalen Energieverordnung vom 1. März 2025 (Inkrafttreten) unter Vorbehalt von Abs. 3. Die Begrünung muss mindestens extensiv ausgestaltet werden und mindestens 30 Prozent der nicht begehbaren Dachfläche betragen. Zur Reduktion der Hitzebelastung in Gebäuden und Aussenräumen kann eine Erhöhung des Anteils der Begrünung auf 100 Prozent verlangt werden. 2 In den Bauzonen (ohne Grünzone) und der Landwirtschaftszone sind Schrägdächer ab einer Grösse von 25 m2 energetisch zu nutzen. Die energetische Nutzung durch thermische Solaranlagen und/oder Photovoltaikanlagen richtet sich nach den Mindestvorgaben gemäss § 15 des Kantonalen Energiegesetzes vom 1. März 2025 (Inkrafttreten) und §§ 13-15 der Kantonalen Energieverordnung vom 1. März 2025 (Inkrafttreten) unter Vorbehalt von Abs. 3. 3 Abweichend von § 15 des Kantonalen Energiegesetzes vom 1. März 2025 (Inkrafttreten) und §§ 13-15 der Kantonalen Energieverordnung vom 1. März 2025 (Inkrafttreten)
C9: a. | D9: ist die Entrichtung der Ersatzabgabe nicht zulässig,
C10: b. | D10: erweitert sich die nutzbare Dachfläche um alle Ausrichtungen und unabhängig von der Eignung gemäss Sonnendach,
C11: c. | D11: sind auch Teildachflächen zu belegen, auf denen der erwartete Jahresertrag weniger als 800 kWh pro kWp installierter Leistung beträgt, ausser sie führen zu einer wirtschaftlichen Unverhältnismässigkeit der Gesamtanlage,
C12: d. | D12: muss die Pflicht zur energetischen Nutzung auf Dachflächen erfüllt werden,
C13: e. | D13: unterstehen auch Bauten, die nicht beheizt, belüftet, gekühlt und befeuchtet werden, der Pflicht zur Begrünung bzw. zur energetischen Nutzung. Bei diesen Bauten kann auf die Begrünung oder energetische Nutzung verzichtet werden, wenn eine der zwei Möglichkeiten vollflächig ausgeführt wird,
C14: f. | D14: gilt als belegbare Dachfläche mindestens 50 Prozent für Neubauten oder 25 Prozent für bestehende Bauten der zur Eigenstromerzeugung nutzbaren Dachfläche. Dies gilt unabhängig von der Modulleistung,
C15: g. | D15: können innerhalb eines Bauprojekts mit mehreren Gebäuden die Anteile für die Begrünung und die energetische Nutzung von Flachdächern zwischen den verschiedenen Gebäuden verschoben werden. Eine Verschiebung der Solarpflicht bei Schrägdächern auf andere Gebäude ist nicht zulässig.
B17: Sowohl das kantonale Energiegesetz (KEnG) als auch das städtische Bau- und Zonenreglement (BZR) gelten, wobei grundsätzlich die strengere Vorschrift einzuhalten ist. Das städtische BZR hebt gewisse Ausnahmen aus dem KEnG auf, sodass das übergeordnete kantonale Recht durch die Umsetzung der städtischen Vorgaben eingehalten ist.
B19: Es gibt fünf mögliche Ausnahmen von der Pflicht:
C20: 1. | D20: Führt die Belegung von Teildachflächen zu einer Amortisationsdauer von über 20 Jahren, können unwirtschaftliche Anlagenteile weggelassen werden (Prüfung mithilfe Planungshilfe Nachweis Wirtschaftlichkeit Photovoltaikanlagen).
C21: 2. | D21: Für Aussenbauteile mit Schutzanforderungen kann die kantonale Dienststelle Umwelt und Energie (uwe) auf begründeten Antrag der Denkmalpflege eine Erleichterung erteilen.
C22: 3. | D22: Wenn auf nutzbaren Teildachflächen weniger als sechs zusammenhängende Module installiert werden können (zum Beispiel 2x3 Module oder Reihe von 6 Modulen), entfällt diese (Teil-) Dachfläche aus der Pflicht.
C23: 4. | D23: Wenn die nutzbare Teildachfläche eines Daches kleiner als 25 m2 (inkl. Giebeldach, Dachränder und Vordächer) ist, muss keine Anlage installiert werden.
C24: 5. | D24: Bei Bauten, die nicht beheizt, belüftet, gekühlt und befeuchtet werden, kann auf die Begrünung oder energetische Nutzung verzichtet werden, wenn eine der zwei Möglichkeiten vollflächig ausgeführt wird.

Sheet 2 Kurzanleitung
B1: Aufbau und Schritt-für-Schritt-Vorgehen
B3: Aufbau
C4: - | D4: Die Planungshilfe ist so aufgebaut, dass möglichst wenig Daten eingegeben werden müssen.
C5: - | D5: Die vorgegebenen Annahmen / Werte können direkt verwendet werden.
C6: - | D6: Einige Werte können verändert werden (siehe unten Kapitel «Nr. Individuelle Anpassung»).
C7: - | D7: Für die Veränderung ist jeweils ein nachvollziehbarer Nachweis zu erbringen.
B8: Beispiel:
B9: Der tatsächliche Eigennutzungsgrad liegt tiefer als die Annahme - mit einer Simulation kann der tiefere Eigennutzungsgrad nachgewiesen und damit der Standard-Wert im Tabellenblatt «Bericht» überschrieben werden. Dabei wird die Liste «Erforderliche Beilagen» auf dem Tabellenblatt «Bericht» automatisch ergänzt.
B11: Farbcode Eingabefelder:
B12: Pflichtfeld | G12: Individuelle Anpassungen der Standard-Werte
B14: Schritt-für-Schritt-Vorgehen (empfohlen)
C15: 1. | D15: Erstellen eines Dachplans mit Bezeichnung jeder Dachfläche DF (z. B. Ostdach oder Gaube).
C16: 2. | D16: Erstellen der Modullayouts pro Dachfläche für die technisch maximale Belegung (Berücksichtigung der technischen Vorgaben auf dem Tabellenblatt «Bemassung Modulfeld»).
C17: 3. | D17: Ausfüllen der Projektdaten im Tabellenblatt «Bericht».
C18: 4. | D18: Kontrolle aller Standardwerte im Tabellenblatt «Datengrundlage».
C19: 5. | D19: Eingabe aller Dachflächen in den Tabellenblättern Dachfläche (1) bis Dachfläche (12):
D20: - - - - - - - - | E20: Bezeichnung der Dachfläche Dachtyp Nutzbare Dachfläche Ausrichtung Dachneigung Blendung Modulorientierung Anzahl Module
C21: 6. | D21: Im Tabellenblatt «Bericht» überprüfen, ob die Anlage in maximal 20 Jahren amortisiert werden kann (Indikator grüne Farbe in Zeile Amortisationszeit).
C23: 7. | D23: Kann die Anlage nicht innerhalb der Frist von 20 Jahren amortisiert werden, so gibt es zwei Möglichkeiten:
D24: - | E24: Die Anlage wird trotz längerer Amortisationsdauer realisiert (technische Vollbelegung).
D25: - | E25: Die Anlagegrösse kann optimiert werden. Es wird iterativ nach einer Anlagenvariante gesucht, welche innerhalb von 20 Jahren amortisiert werden kann (gesetzliches Minimum) Die gefundene Anzahl Module wird in den Tabellenblättern «Dachflächen» als gesetzliche minimale Variante eingetragen. Die entsprechenden Modullayouts sind als zusätzliche Beilage einzureichen.
C31: 8. | D31: Priorisierung der Anlagenteile als Hilfe zur Optimierung.
D32: - | E32: Pro Dachfläche werden die Gestehungskosten (Capex) grob gerechnet (Betriebsdauer 25 Jahre, exkl. Degradation, exkl. Unterhalt).
D33: - | E33: Anhand dieses Wertes wird im Tabellenblatt «Bericht» eine Priorisierung der Anlagenteile erstellt (Spalte «Prio»).
D34: - | E34: Für die Optimierung wird idealerweise zuerst mit der Reduktion des am tiefsten priorisierten Anlageteils begonnen.
C35: 9. | D35: Einreichen: Das ausgefüllte Formular ist zusammen mit den im Tabellenblatt «Bericht» definierten Anhängen mit der Baueingabe an das Team Baugesuche einzureichen.
B37: Individuelle Anpassungen
B39: Strahlungsdaten (Tabellenblatt «Datengrundlage»):
B40: Als Annahme wird die mittlere Einstrahlung auf die horizontale Fläche der Stadt Luzern verwendet. Die Strahlungsdaten auf die horizontale Fläche können vom Antragsteller überschrieben werden z.B. wenn der Horizont am Standort wesentlich vom Mittelwert abweicht. Die Angaben können in kWh/m2 oder in kWh/kWp (Auswahlliste) angegeben werden. Als Nachweis können Datenquellen wie beispielsweise der kantonale Solarkataster oder Meteodaten aus einer zuverlässigen Meteodatenbank angegeben werden.
B43: Modul und UK/Eigenschaften (Tabellenblatt «Datengrundlage»):
B44: Eigenschaften Standardmodul
B45: Anhand der Modulleistung wird die gesamte Anlagenleistung berechnet. Es ist folgendes Standardmodul hinterlegt.
B48: Platzbedarf für das kleinste Modulfeld
B49: Die Installation von mindestens sechs zusammenhängenden Photovoltaik-Modulen muss möglich sein (zum Beispiel 2x3 Module oder Reihe von 6 Modulen oder ähnliche Anordnungen). Zusätzlich zum Platzbedarf der Solarmodule dürfen die folgenden Abstände berücksichtigt werden:
C50: - - - - - | D50: Systembedingter Abstand zwischen den Modulen Dachrand Aufbauten (Kamine, Entlüftung, Seilsystem, EAP, technische Aufbauten, etc.) Entwässerung (Flachdach) Abstand zu Oberlicht
B52: Tarife Energieversorger (Tabellenblatt «Datengrundlage»):
C53: - | D53: Bei der Eingabe der Projektdaten auf dem Tabellenblatt «Bericht» ist das Energieversorgungsunternehmen zu wählen (CKW oder ewl).
C54: - | D54: Für die Wirtschaftlichkeitsberechnungen werden die Durchschnitte der letzten drei Jahre verwendet.
C55: - | D55: Die Tarife werden über die gesamte Betriebszeit konstant gehalten.
B58: Kosten (Tabellenblatt «Bericht»):
C59: - | D59: Für die Kostenberechnung wird immer von den Kosten einer Aufdachanlage ausgegangen.
C60: - | D60: Die Anlagenkosten werden anhand der Referenzkosten der «Photovoltaikmarkt Preisbeobachtungsstudie» in Abhängigkeit der Anlagenleistung berechnet.
C61: - | D61: Bei PV-Anlagen auf Gründächern werden 20% Mehrkosten (gemäss Preisbeobachtungsstudie) aufgerechnet und der entsprechende Förder-Bonus der Stadt Luzern abgezogen.
C62: - | D62: Liegen Blendberichte für Teilanlagen vor, wird ein Aufpreis für blendarme Module aufgerechnet und der entsprechende Förder-Bonus der Stadt Luzern abgezogen.
C63: - | D63: Die Fördergelder von Bund und Stadt werden automatisch berechnet.
C64: - | D64: Zusatzkosten für eine Dachintegration werden nicht berücksichtigt.
C65: - | D65: Für eine Korrektur der Investitionskosten muss der Nachweis durch eine detaillierte Kostenberechnung für eine Aufdachanlage erfolgen.
C66: - | D66: Änderungen müssen mit einem entsprechenden Beleg oder Förderzusage nachgewiesen werden. Dabei wird die Liste «Erforderliche Beilagen» auf dem Tabellenblatt «Bericht» automatisch ergänzt.
B69: Eigennutzungsgrad (Tabellenblatt «Bericht»)
C70: - | D70: Für den Eigennutzungsgrad wird ein Standardwert verwendet, sofern keine genaueren Angaben gemacht werden.
C71: - | D71: Eine genauere Abschätzung kann erreicht werden, wenn auf dem Tabellenblatt «Bericht» der Objekttyp (Lastprofil) und ein jährlicher Energieverbrauch definiert wird (Abschätzung gemäss Berner Fachhochschule, Prof. Dr. Christoph Bucher).
C72: - | D72: Liegt der tatsächliche Eigennutzungsgrad tiefer als die Annahme, kann das mit einer Simulation nachgewiesen und damit der Standard-Wert im Tabellenblatt «Bericht» überschrieben werden (Nachweistool PV-Opti, PV Sol, Poly Sun, ...). Dabei wird die Liste «Erforderliche Beilagen» auf dem Tabellenblatt «Bericht» automatisch ergänzt.
B74: Unterhaltskosten (Tabellenblatt «Bericht»)
B75: Für die Unterhaltskosten wird ein fester Wert angenommen, wenn die Bauherrschaft keine eigene Berechnung erstellt hat. Der Wert kann überschrieben werden, wenn die entsprechende Berechnung vorliegt. Dabei wird die Liste «Erforderliche Beilagen» auf dem Tabellenblatt «Bericht» automatisch ergänzt.
B78: Spezifischer Jahresertrag pro Dachfläche (Tabellenblätter «Dachfläche (1-6)»):
B79: Die horizontalen Einstrahlungsdaten in kWh/m2 werden mit einem Performance Ratio von 0.82 in einen spezifischen Ertrag in kWh/m2 umgerechnet. Pro Dachfläche werden die horizontalen Strahlungswerte anhand der Ausrichtung umgerechnet. Siehe Tabellenblatt Anhang.
B80: Der spezifische Jahresertrag pro Dachfläche kann auch mit einem Simulationstool ermittelt und pro Dachfläche überschrieben werden. Dies kann z.B. bei starker Verschattung durch nebenliegende Gebäude erfolgen. Als Nachweis ist jeweils ein Simulationsbericht vom Berechnungsprogramm abzugeben (z.B. PV Sol, PV GIS, BIM Solar etc.).
B81: Wird beim Dachtyp «Flachdach» oder «Flachdach begrünt» gewählt, muss bei eigener Eingabe des spezifischen Ertrages für die Hauptausrichtung auch ein spezifischer Ertrag für die Zweitausrichtung angegeben und belegt werden. Der Rechenwert ergibt sich aus dem nach Modulen gewichteten Mittel der spezifischen Erträge pro Ausrichtung.
B84: Hilfsmittel Dachaufbauten (Tabellenblatt «Dachfläche (1-6)»):
B85: Für jede Dachfläche steht eine Tabelle für die Angaben zu Dachaufbauten zur Verfügung. Da es technisch nicht sinnvoll ist, Module direkt in den Schatten von Aufbauten zu montieren, soll die Verschattung der Objekt berücksichtigt werden. Dem Grundsatz nach kann auf der horizontalen Fläche gegen Norden maximal ein Bereich von der 3-fachen Höhe (kein Schatten bei einem Sonnenstand grösser 18°) und gegen Ost und West die 1-fache Höhe (kein Schatten bei einem Sonnenstand grösser 45°) als Verschattungsabstand von Modulen berücksichtigt werden. Gemäss diesem Grundsatz werden die Abstände für die ausgerichteten und geneigten Fächen als Hilfestellung berechnet. Diese Abstände können in die Pläne (Layouts) übernommen werden. Als maximale Werte gelten die Werte der horizontalen Fläche.

Sheet 3 Bericht
B1: Projektdaten
B2: Projektname | J2: Netzversorger
B3: Adresse | J3: Fertigstellung (geplant)
B4: PLZ Ort | J4: Objekttyp (Lastprofil)
B5: Jährlicher Energieverbrauch | G5: kWh | J5: MWSt. pflichtig | M5: Nein
M6: (Private sind nie MWSt. pflichtig)
B7: Zusammenstellung technische Daten Dachflächen
B8: Dachfläche | D8: Eigenschaften | H8: Generator | K8: PV-Leistung | M8: Ertragsdaten
U9: Eigenschaften | AI9: technische Vollbelegung / t.Vb. | AP9: gesetzliches Minimum / g.Min. | AW9: Nachweise
V10: Ausrichtung | X10: Modulleistung | Z10: Blendarm | AB10: Blendarm | AD10: Fassade / Steil | AE10: Parkplatz | AF10: Grün | AI10: Modulzahl | AK10: Anlageleistung | AL10: spez.Ertrag | AM10: Ertrag | AN10: Modulfläche | AP10: Modulzahl | AR10: Anlageleistung | AS10: spez.Ertrag | AT10: Ertrag | AU10: Modulfläche | AW10: t.Vb. Nutzflächen | AX10: g.Min. Nutzflächen | AY10: spezifischer Ertrag | AZ10: Welche Flächen spez. Ertrag | BA10: Blend | BB10: Welche Blendflächen? | BC10: Steil
C11: Bez. | D11: =#REF! -> #REF! | E11: Typ | F11: Az. | G11: Neig. | H11: =#REF! -> #REF! | U11: Typ | V11: Az. | X11: M.Typ.HA. | Y11: M.Typ.ZA. | Z11: Blend.HA. | AA11: Blend.ZA. | AD11: Neig. | AE11: Typ | AF11: Typ | AG11: Prio_t.Vb. | AI11: t.Vb.HA. | AJ11: t.Vb.ZA. | AL11: Spez.E_t.Vb. | AP11: g.Min.HA. | AQ11: g.Min.ZA. | AS11: Spez.E_g.Min. | AY11: Spez.E_Eingabe
D12: =D11 -> #REF! | E12: =E11 -> Typ | F12: Az. | G12: =G11 -> Neig. | H12: Blend | I12: t.Vb. | J12: g.Min. | K12: t.Vb. | L12: g.Min. | M12: t.Vb. | N12: g.Min. | O12: Prio | V12: HA | W12: ZA
D13: [m2] | I13: [Stk.] | J13: [Stk.] | K13: [kWp] | L13: [kWp] | M13: [kWh] | N13: [kWh] | V13: [Wp] | W13: [Wp] | X13: [Wp] | Y13: [Wp] | AI13: [Stk.] | AJ13: [Stk.] | AK13: [kWp] | AN13: [m2] | AO13: [m2] | AP13: [Stk.] | AQ13: [Stk.] | AR13: [kWp] | AU13: [m2] | AV13: [m2]
B14: 1 | C14: =IFERROR(VLOOKUP(C$11,INDIRECT($T14),2,FALSE),"") -> 0 | D14: =IF(ISNUMBER(VLOOKUP(D$11,INDIRECT($T14),2,FALSE)),VLOOKUP(D$11,INDIRECT($T14),2,FALSE),"") | E14: =IF(ISTEXT(VLOOKUP(E$11,INDIRECT($T14),2,FALSE)),VLOOKUP(E$11,INDIRECT($T14),2,FALSE),"") | F14: =CONCATENATE(IF(ISNUMBER(V14),CONCATENATE(V14,"°"),""),IF(ISNUMBER(W14),CONCATENATE(CHAR(10),W14,"°"),"")) | G14: =CONCATENATE(IF(ISNUMBER(VLOOKUP(G$11,INDIRECT($T14),2,FALSE)),CONCATENATE(VLOOKUP(G$11,INDIRECT($T14),2,FALSE),"°"),""),IF(OR(E14="Fd",E14="Fdg"),CONCATENATE(CHAR(10),VLOOKUP(G$11,INDIRECT($T14),2,FALSE),"°"),"")) | H14: =CONCATENATE(Z14,IF(OR(E14="Fd",E14="Fdg"),CONCATENATE(CHAR(10),AA14),"")) | I14: =CONCATENATE(AI14,IF(OR(E14="Fd",E14="Fdg"),CONCATENATE(CHAR(10),AJ14),"")) | J14: =CONCATENATE(AP14,IF(OR(E14="Fd",E14="Fdg"),CONCATENATE(CHAR(10),AQ14),"")) | K14: =AK14 | L14: =AR14 | M14: =AM14 | N14: =AT14 | O14: {=IF(AG14=0,"", MATCH( AG14, _xlfn._xlws.SORT(_xlfn._xlws.FILTER($AG$14:$AG$19,$AG$14:$AG$19<>0)), 1 ) )} | T14: ="'Dachfläche ("&B14&")'!D:H" -> 'Dachfläche (1)'!D:H | U14: =IF(ISTEXT(VLOOKUP(U$11,INDIRECT($T14),2,FALSE)),VLOOKUP(U$11,INDIRECT($T14),2,FALSE),"") | V14: =IF(ISNUMBER(VLOOKUP(V$11,INDIRECT($T14),2,FALSE)),(VLOOKUP(V$11,INDIRECT($T14),2,FALSE)),"") | W14: =IF(AND(OR(E14="Fd",E14="Fdg"),ISNUMBER(V14)),V14-180*SIGN(V14),"") | X14: =IF(ISNUMBER(VLOOKUP(X$11,INDIRECT($T14),3,FALSE)),VLOOKUP(X$11,INDIRECT($T14),3,FALSE),"") -> 475 | Y14: =IF(ISNUMBER(VLOOKUP(Y$11,INDIRECT($T14),3,FALSE)),VLOOKUP(Y$11,INDIRECT($T14),3,FALSE),"") -> 475 | Z14: =IF(AND(ISTEXT(VLOOKUP(Z$11,INDIRECT($T14),2,FALSE)),ISNUMBER(AI14)),(VLOOKUP(Z$11,INDIRECT($T14),2,FALSE)),"") | AA14: =IF(AND(ISTEXT(VLOOKUP(AA$11,INDIRECT($T14),2,FALSE)),AJ14>0),(VLOOKUP(AA$11,INDIRECT($T14),2,FALSE)),"") | AB14: {=_xlfn.IFS(Z14="krit",1,Z14="unk",0,TRUE,"")} | AC14: {=_xlfn.IFS(AA14="krit",1,AA14="unk",0,TRUE,"")} | AD14: =IF(AF14,0,(VLOOKUP(AD$11,INDIRECT($T14),2,FALSE)>_Neigungswinkel_für_NB_Bund)*1) -> 0 | AE14: =(VLOOKUP(AE$11,INDIRECT($T14),2,FALSE)="Pp")*1 -> 0 | AF14: =(VLOOKUP(AF$11,INDIRECT($T14),2,FALSE)="Fdg")*1 -> 0 | AG14: =IFERROR(VLOOKUP(AG$11,INDIRECT($T14),2,FALSE),"") -> 0 | AH14: {=IF(AG14=0,"", MATCH( AG14, _xlfn._xlws.SORT(_xlfn._xlws.FILTER($AG$14:$AG$19,$AG$14:$AG$19<>0)), 1 ) )} | AI14: =IF(VLOOKUP(AI$11,INDIRECT($T14),2,FALSE)>0,VLOOKUP(AI$11,INDIRECT($T14),2,FALSE),"") | AJ14: =IFERROR(VLOOKUP(AJ$11,INDIRECT($T14),2,FALSE),"") -> 0 | AK14: =IFERROR(IF(OR(U14="Fdg",U14="Fd"),(AI14*X14+AJ14*Y14)/1000,X14*AI14/1000),"") | AL14: =IFERROR(VLOOKUP(AL$11,INDIRECT($T14),2,FALSE),"") | AM14: =IFERROR(AK14*AL14,"") | AN14: =IFERROR(AI14*$AB14*_Modullänge_Blendarm*_Modulbreite_Blendarm +AI14*NOT($AB14)*_Modullänge_Standard*_Modulbreite_Standard,0) -> 0 | AO14: =IFERROR(AJ14*$AC14*_Modullänge_Blendarm*_Modulbreite_Blendarm +AJ14*NOT($AC14)*_Modullänge_Standard*_Modulbreite_Standard,0) -> 0 | AP14: =IF(VLOOKUP(AP$11,INDIRECT($T14),2,FALSE)>0,VLOOKUP(AP$11,INDIRECT($T14),2,FALSE),"") | AQ14: =IFERROR(VLOOKUP(AQ$11,INDIRECT($T14),2,FALSE),"") -> 0 | AR14: =IFERROR(IF(OR(U14="Fdg",U14="Fd"),(AP14*X14+AQ14*Y14)/1000,X14*AP14/1000),"") | AS14: =IFERROR(VLOOKUP(AS$11,INDIRECT($T14),2,FALSE),"") | AT14: =IFERROR(AR14*AS14,"") | AU14: =IFERROR(AP14*$AB14*_Modullänge_Blendarm*_Modulbreite_Blendarm +AP14*NOT($AB14)*_Modullänge_Standard*_Modulbreite_Standard,0) -> 0 | AV14: =IFERROR(AQ14*$AC14*_Modullänge_Blendarm*_Modulbreite_Blendarm +AQ14*NOT($AC14)*_Modullänge_Standard*_Modulbreite_Standard,0) -> 0 | AW14: =IF(AND(ISNUMBER(M14),M14>0),1,"") | AX14: =IF(AND(M14<>N14,N14>0),1,"") | AY14: =ISNUMBER(VLOOKUP(AY$11,INDIRECT($T14),2,FALSE))*((AI14>0)+(AJ14>0)) -> 0 | AZ14: =IF(AY14>0,IF(ISTEXT(AZ13),AZ13&", "&B14," "&B14),AZ13) -> 0 | BA14: =(Z14="krit")*1+(AA14="krit")*1 -> 0 | BB14: =IF(BA14>0,IF(ISTEXT(BB13),BB13&", "&B14," "&B14),BB13) -> 0 | BC14: =IF(AND(H14>=_Neigungswinkel_für_NB_Bund,H14<=90),1,"")
B15: =B14+1 -> 2 | C15: =IFERROR(VLOOKUP(C$11,INDIRECT($T15),2,FALSE),"") -> 0 | D15: =IF(ISNUMBER(VLOOKUP(D$11,INDIRECT($T15),2,FALSE)),VLOOKUP(D$11,INDIRECT($T15),2,FALSE),"") | E15: =IF(ISTEXT(VLOOKUP(E$11,INDIRECT($T15),2,FALSE)),VLOOKUP(E$11,INDIRECT($T15),2,FALSE),"") | F15: =CONCATENATE(IF(ISNUMBER(V15),CONCATENATE(V15,"°"),""),IF(ISNUMBER(W15),CONCATENATE(CHAR(10),W15,"°"),"")) | G15: =CONCATENATE(IF(ISNUMBER(VLOOKUP(G$11,INDIRECT($T15),2,FALSE)),CONCATENATE(VLOOKUP(G$11,INDIRECT($T15),2,FALSE),"°"),""),IF(OR(E15="Fd",E15="Fdg"),CONCATENATE(CHAR(10),VLOOKUP(G$11,INDIRECT($T15),2,FALSE),"°"),"")) | H15: =CONCATENATE(Z15,IF(OR(E15="Fd",E15="Fdg"),CONCATENATE(CHAR(10),AA15),"")) | I15: =CONCATENATE(AI15,IF(OR(E15="Fd",E15="Fdg"),CONCATENATE(CHAR(10),AJ15),"")) | J15: =CONCATENATE(AP15,IF(OR(E15="Fd",E15="Fdg"),CONCATENATE(CHAR(10),AQ15),"")) | K15: =AK15 | L15: =AR15 | M15: =AM15 | N15: =AT15 | O15: {=IF(AG15=0,"", MATCH( AG15, _xlfn._xlws.SORT(_xlfn._xlws.FILTER($AG$14:$AG$19,$AG$14:$AG$19<>0)), 1 ) )} | T15: ="'Dachfläche ("&B15&")'!D:H" -> 'Dachfläche (2)'!D:H | U15: =IF(ISTEXT(VLOOKUP(U$11,INDIRECT($T15),2,FALSE)),VLOOKUP(U$11,INDIRECT($T15),2,FALSE),"") | V15: =IF(ISNUMBER(VLOOKUP(V$11,INDIRECT($T15),2,FALSE)),(VLOOKUP(V$11,INDIRECT($T15),2,FALSE)),"") | W15: =IF(AND(OR(E15="Fd",E15="Fdg"),ISNUMBER(V15)),V15-180*SIGN(V15),"") | X15: =IF(ISNUMBER(VLOOKUP(X$11,INDIRECT($T15),3,FALSE)),VLOOKUP(X$11,INDIRECT($T15),3,FALSE),"") -> 475 | Y15: =IF(ISNUMBER(VLOOKUP(Y$11,INDIRECT($T15),3,FALSE)),VLOOKUP(Y$11,INDIRECT($T15),3,FALSE),"") -> 475 | Z15: =IF(AND(ISTEXT(VLOOKUP(Z$11,INDIRECT($T15),2,FALSE)),ISNUMBER(AI15)),(VLOOKUP(Z$11,INDIRECT($T15),2,FALSE)),"") | AA15: =IF(AND(ISTEXT(VLOOKUP(AA$11,INDIRECT($T15),2,FALSE)),AJ15>0),(VLOOKUP(AA$11,INDIRECT($T15),2,FALSE)),"") | AB15: {=_xlfn.IFS(Z15="krit",1,Z15="unk",0,TRUE,"")} | AC15: {=_xlfn.IFS(AA15="krit",1,AA15="unk",0,TRUE,"")} | AD15: =IF(AF15,0,(VLOOKUP(AD$11,INDIRECT($T15),2,FALSE)>_Neigungswinkel_für_NB_Bund)*1) -> 0 | AE15: =(VLOOKUP(AE$11,INDIRECT($T15),2,FALSE)="Pp")*1 -> 0 | AF15: =(VLOOKUP(AF$11,INDIRECT($T15),2,FALSE)="Fdg")*1 -> 0 | AG15: =IFERROR(VLOOKUP(AG$11,INDIRECT($T15),2,FALSE),"") -> 0 | AH15: {=IF(AG15=0,"", MATCH( AG15, _xlfn._xlws.SORT(_xlfn._xlws.FILTER($AG$14:$AG$19,$AG$14:$AG$19<>0)), 1 ) )} | AI15: =IF(VLOOKUP(AI$11,INDIRECT($T15),2,FALSE)>0,VLOOKUP(AI$11,INDIRECT($T15),2,FALSE),"") | AJ15: =IFERROR(VLOOKUP(AJ$11,INDIRECT($T15),2,FALSE),"") -> 0 | AK15: =IFERROR(IF(OR(U15="Fdg",U15="Fd"),(AI15*X15+AJ15*Y15)/1000,X15*AI15/1000),"") | AL15: =IFERROR(VLOOKUP(AL$11,INDIRECT($T15),2,FALSE),"") | AM15: =IFERROR(AK15*AL15,"") | AN15: =IFERROR(AI15*$AB15*_Modullänge_Blendarm*_Modulbreite_Blendarm +AI15*NOT($AB15)*_Modullänge_Standard*_Modulbreite_Standard,0) -> 0 | AO15: =IFERROR(AJ15*$AC15*_Modullänge_Blendarm*_Modulbreite_Blendarm +AJ15*NOT($AC15)*_Modullänge_Standard*_Modulbreite_Standard,0) -> 0 | AP15: =IF(VLOOKUP(AP$11,INDIRECT($T15),2,FALSE)>0,VLOOKUP(AP$11,INDIRECT($T15),2,FALSE),"") | AQ15: =IFERROR(VLOOKUP(AQ$11,INDIRECT($T15),2,FALSE),"") -> 0 | AR15: =IFERROR(IF(OR(U15="Fdg",U15="Fd"),(AP15*X15+AQ15*Y15)/1000,X15*AP15/1000),"") | AS15: =IFERROR(VLOOKUP(AS$11,INDIRECT($T15),2,FALSE),"") | AT15: =IFERROR(AR15*AS15,"") | AU15: =IFERROR(AP15*$AB15*_Modullänge_Blendarm*_Modulbreite_Blendarm +AP15*NOT($AB15)*_Modullänge_Standard*_Modulbreite_Standard,0) -> 0 | AV15: =IFERROR(AQ15*$AC15*_Modullänge_Blendarm*_Modulbreite_Blendarm +AQ15*NOT($AC15)*_Modullänge_Standard*_Modulbreite_Standard,0) -> 0 | AW15: =IF(AND(ISNUMBER(M15),M15>0),1,"") | AX15: =IF(AND(M15<>N15,N15>0),1,"") | AY15: =ISNUMBER(VLOOKUP(AY$11,INDIRECT($T15),2,FALSE))*((AI15>0)+(AJ15>0)) -> 0 | AZ15: =IF(AY15>0,IF(ISTEXT(AZ14),AZ14&", "&B15," "&B15),AZ14) -> 0 | BA15: =(Z15="krit")*1+(AA15="krit")*1 -> 0 | BB15: =IF(BA15>0,IF(ISTEXT(BB14),BB14&", "&B15," "&B15),BB14) -> 0 | BC15: =IF(AND(H15>=_Neigungswinkel_für_NB_Bund,H15<=90),1,"")
B16: =B15+1 -> 3 | C16: =IFERROR(VLOOKUP(C$11,INDIRECT($T16),2,FALSE),"") -> 0 | D16: =IF(ISNUMBER(VLOOKUP(D$11,INDIRECT($T16),2,FALSE)),VLOOKUP(D$11,INDIRECT($T16),2,FALSE),"") | E16: =IF(ISTEXT(VLOOKUP(E$11,INDIRECT($T16),2,FALSE)),VLOOKUP(E$11,INDIRECT($T16),2,FALSE),"") | F16: =CONCATENATE(IF(ISNUMBER(V16),CONCATENATE(V16,"°"),""),IF(ISNUMBER(W16),CONCATENATE(CHAR(10),W16,"°"),"")) | G16: =CONCATENATE(IF(ISNUMBER(VLOOKUP(G$11,INDIRECT($T16),2,FALSE)),CONCATENATE(VLOOKUP(G$11,INDIRECT($T16),2,FALSE),"°"),""),IF(OR(E16="Fd",E16="Fdg"),CONCATENATE(CHAR(10),VLOOKUP(G$11,INDIRECT($T16),2,FALSE),"°"),"")) | H16: =CONCATENATE(Z16,IF(OR(E16="Fd",E16="Fdg"),CONCATENATE(CHAR(10),AA16),"")) | I16: =CONCATENATE(AI16,IF(OR(E16="Fd",E16="Fdg"),CONCATENATE(CHAR(10),AJ16),"")) | J16: =CONCATENATE(AP16,IF(OR(E16="Fd",E16="Fdg"),CONCATENATE(CHAR(10),AQ16),"")) | K16: =AK16 | L16: =AR16 | M16: =AM16 | N16: =AT16 | O16: {=IF(AG16=0,"", MATCH( AG16, _xlfn._xlws.SORT(_xlfn._xlws.FILTER($AG$14:$AG$19,$AG$14:$AG$19<>0)), 1 ) )} | T16: ="'Dachfläche ("&B16&")'!D:H" -> 'Dachfläche (3)'!D:H | U16: =IF(ISTEXT(VLOOKUP(U$11,INDIRECT($T16),2,FALSE)),VLOOKUP(U$11,INDIRECT($T16),2,FALSE),"") | V16: =IF(ISNUMBER(VLOOKUP(V$11,INDIRECT($T16),2,FALSE)),(VLOOKUP(V$11,INDIRECT($T16),2,FALSE)),"") | W16: =IF(AND(OR(E16="Fd",E16="Fdg"),ISNUMBER(V16)),V16-180*SIGN(V16),"") | X16: =IF(ISNUMBER(VLOOKUP(X$11,INDIRECT($T16),3,FALSE)),VLOOKUP(X$11,INDIRECT($T16),3,FALSE),"") -> 475 | Y16: =IF(ISNUMBER(VLOOKUP(Y$11,INDIRECT($T16),3,FALSE)),VLOOKUP(Y$11,INDIRECT($T16),3,FALSE),"") -> 475 | Z16: =IF(AND(ISTEXT(VLOOKUP(Z$11,INDIRECT($T16),2,FALSE)),ISNUMBER(AI16)),(VLOOKUP(Z$11,INDIRECT($T16),2,FALSE)),"") | AA16: =IF(AND(ISTEXT(VLOOKUP(AA$11,INDIRECT($T16),2,FALSE)),AJ16>0),(VLOOKUP(AA$11,INDIRECT($T16),2,FALSE)),"") | AB16: {=_xlfn.IFS(Z16="krit",1,Z16="unk",0,TRUE,"")} | AC16: {=_xlfn.IFS(AA16="krit",1,AA16="unk",0,TRUE,"")} | AD16: =IF(AF16,0,(VLOOKUP(AD$11,INDIRECT($T16),2,FALSE)>_Neigungswinkel_für_NB_Bund)*1) -> 0 | AE16: =(VLOOKUP(AE$11,INDIRECT($T16),2,FALSE)="Pp")*1 -> 0 | AF16: =(VLOOKUP(AF$11,INDIRECT($T16),2,FALSE)="Fdg")*1 -> 0 | AG16: =IFERROR(VLOOKUP(AG$11,INDIRECT($T16),2,FALSE),"") -> 0 | AH16: {=IF(AG16=0,"", MATCH( AG16, _xlfn._xlws.SORT(_xlfn._xlws.FILTER($AG$14:$AG$19,$AG$14:$AG$19<>0)), 1 ) )} | AI16: =IF(VLOOKUP(AI$11,INDIRECT($T16),2,FALSE)>0,VLOOKUP(AI$11,INDIRECT($T16),2,FALSE),"") | AJ16: =IFERROR(VLOOKUP(AJ$11,INDIRECT($T16),2,FALSE),"") -> 0 | AK16: =IFERROR(IF(OR(U16="Fdg",U16="Fd"),(AI16*X16+AJ16*Y16)/1000,X16*AI16/1000),"") | AL16: =IFERROR(VLOOKUP(AL$11,INDIRECT($T16),2,FALSE),"") | AM16: =IFERROR(AK16*AL16,"") | AN16: =IFERROR(AI16*$AB16*_Modullänge_Blendarm*_Modulbreite_Blendarm +AI16*NOT($AB16)*_Modullänge_Standard*_Modulbreite_Standard,0) -> 0 | AO16: =IFERROR(AJ16*$AC16*_Modullänge_Blendarm*_Modulbreite_Blendarm +AJ16*NOT($AC16)*_Modullänge_Standard*_Modulbreite_Standard,0) -> 0 | AP16: =IF(VLOOKUP(AP$11,INDIRECT($T16),2,FALSE)>0,VLOOKUP(AP$11,INDIRECT($T16),2,FALSE),"") | AQ16: =IFERROR(VLOOKUP(AQ$11,INDIRECT($T16),2,FALSE),"") -> 0 | AR16: =IFERROR(IF(OR(U16="Fdg",U16="Fd"),(AP16*X16+AQ16*Y16)/1000,X16*AP16/1000),"") | AS16: =IFERROR(VLOOKUP(AS$11,INDIRECT($T16),2,FALSE),"") | AT16: =IFERROR(AR16*AS16,"") | AU16: =IFERROR(AP16*$AB16*_Modullänge_Blendarm*_Modulbreite_Blendarm +AP16*NOT($AB16)*_Modullänge_Standard*_Modulbreite_Standard,0) -> 0 | AV16: =IFERROR(AQ16*$AC16*_Modullänge_Blendarm*_Modulbreite_Blendarm +AQ16*NOT($AC16)*_Modullänge_Standard*_Modulbreite_Standard,0) -> 0 | AW16: =IF(AND(ISNUMBER(M16),M16>0),1,"") | AX16: =IF(AND(M16<>N16,N16>0),1,"") | AY16: =ISNUMBER(VLOOKUP(AY$11,INDIRECT($T16),2,FALSE))*((AI16>0)+(AJ16>0)) -> 0 | AZ16: =IF(AY16>0,IF(ISTEXT(AZ15),AZ15&", "&B16," "&B16),AZ15) -> 0 | BA16: =(Z16="krit")*1+(AA16="krit")*1 -> 0 | BB16: =IF(BA16>0,IF(ISTEXT(BB15),BB15&", "&B16," "&B16),BB15) -> 0 | BC16: =IF(AND(H16>=_Neigungswinkel_für_NB_Bund,H16<=90),1,"")
B17: =B16+1 -> 4 | C17: =IFERROR(VLOOKUP(C$11,INDIRECT($T17),2,FALSE),"") -> 0 | D17: =IF(ISNUMBER(VLOOKUP(D$11,INDIRECT($T17),2,FALSE)),VLOOKUP(D$11,INDIRECT($T17),2,FALSE),"") | E17: =IF(ISTEXT(VLOOKUP(E$11,INDIRECT($T17),2,FALSE)),VLOOKUP(E$11,INDIRECT($T17),2,FALSE),"") | F17: =CONCATENATE(IF(ISNUMBER(V17),CONCATENATE(V17,"°"),""),IF(ISNUMBER(W17),CONCATENATE(CHAR(10),W17,"°"),"")) | G17: =CONCATENATE(IF(ISNUMBER(VLOOKUP(G$11,INDIRECT($T17),2,FALSE)),CONCATENATE(VLOOKUP(G$11,INDIRECT($T17),2,FALSE),"°"),""),IF(OR(E17="Fd",E17="Fdg"),CONCATENATE(CHAR(10),VLOOKUP(G$11,INDIRECT($T17),2,FALSE),"°"),"")) | H17: =CONCATENATE(Z17,IF(OR(E17="Fd",E17="Fdg"),CONCATENATE(CHAR(10),AA17),"")) | I17: =CONCATENATE(AI17,IF(OR(E17="Fd",E17="Fdg"),CONCATENATE(CHAR(10),AJ17),"")) | J17: =CONCATENATE(AP17,IF(OR(E17="Fd",E17="Fdg"),CONCATENATE(CHAR(10),AQ17),"")) | K17: =AK17 | L17: =AR17 | M17: =AM17 | N17: =AT17 | O17: {=IF(AG17=0,"", MATCH( AG17, _xlfn._xlws.SORT(_xlfn._xlws.FILTER($AG$14:$AG$19,$AG$14:$AG$19<>0)), 1 ) )} | T17: ="'Dachfläche ("&B17&")'!D:H" -> 'Dachfläche (4)'!D:H | U17: =IF(ISTEXT(VLOOKUP(U$11,INDIRECT($T17),2,FALSE)),VLOOKUP(U$11,INDIRECT($T17),2,FALSE),"") | V17: =IF(ISNUMBER(VLOOKUP(V$11,INDIRECT($T17),2,FALSE)),(VLOOKUP(V$11,INDIRECT($T17),2,FALSE)),"") | W17: =IF(AND(OR(E17="Fd",E17="Fdg"),ISNUMBER(V17)),V17-180*SIGN(V17),"") | X17: =IF(ISNUMBER(VLOOKUP(X$11,INDIRECT($T17),3,FALSE)),VLOOKUP(X$11,INDIRECT($T17),3,FALSE),"") -> 475 | Y17: =IF(ISNUMBER(VLOOKUP(Y$11,INDIRECT($T17),3,FALSE)),VLOOKUP(Y$11,INDIRECT($T17),3,FALSE),"") -> 475 | Z17: =IF(AND(ISTEXT(VLOOKUP(Z$11,INDIRECT($T17),2,FALSE)),ISNUMBER(AI17)),(VLOOKUP(Z$11,INDIRECT($T17),2,FALSE)),"") | AA17: =IF(AND(ISTEXT(VLOOKUP(AA$11,INDIRECT($T17),2,FALSE)),AJ17>0),(VLOOKUP(AA$11,INDIRECT($T17),2,FALSE)),"") | AB17: {=_xlfn.IFS(Z17="krit",1,Z17="unk",0,TRUE,"")} | AC17: {=_xlfn.IFS(AA17="krit",1,AA17="unk",0,TRUE,"")} | AD17: =IF(AF17,0,(VLOOKUP(AD$11,INDIRECT($T17),2,FALSE)>_Neigungswinkel_für_NB_Bund)*1) -> 0 | AE17: =(VLOOKUP(AE$11,INDIRECT($T17),2,FALSE)="Pp")*1 -> 0 | AF17: =(VLOOKUP(AF$11,INDIRECT($T17),2,FALSE)="Fdg")*1 -> 0 | AG17: =IFERROR(VLOOKUP(AG$11,INDIRECT($T17),2,FALSE),"") -> 0 | AH17: {=IF(AG17=0,"", MATCH( AG17, _xlfn._xlws.SORT(_xlfn._xlws.FILTER($AG$14:$AG$19,$AG$14:$AG$19<>0)), 1 ) )} | AI17: =IF(VLOOKUP(AI$11,INDIRECT($T17),2,FALSE)>0,VLOOKUP(AI$11,INDIRECT($T17),2,FALSE),"") | AJ17: =IFERROR(VLOOKUP(AJ$11,INDIRECT($T17),2,FALSE),"") -> 0 | AK17: =IFERROR(IF(OR(U17="Fdg",U17="Fd"),(AI17*X17+AJ17*Y17)/1000,X17*AI17/1000),"") | AL17: =IFERROR(VLOOKUP(AL$11,INDIRECT($T17),2,FALSE),"") | AM17: =IFERROR(AK17*AL17,"") | AN17: =IFERROR(AI17*$AB17*_Modullänge_Blendarm*_Modulbreite_Blendarm +AI17*NOT($AB17)*_Modullänge_Standard*_Modulbreite_Standard,0) -> 0 | AO17: =IFERROR(AJ17*$AC17*_Modullänge_Blendarm*_Modulbreite_Blendarm +AJ17*NOT($AC17)*_Modullänge_Standard*_Modulbreite_Standard,0) -> 0 | AP17: =IF(VLOOKUP(AP$11,INDIRECT($T17),2,FALSE)>0,VLOOKUP(AP$11,INDIRECT($T17),2,FALSE),"") | AQ17: =IFERROR(VLOOKUP(AQ$11,INDIRECT($T17),2,FALSE),"") -> 0 | AR17: =IFERROR(IF(OR(U17="Fdg",U17="Fd"),(AP17*X17+AQ17*Y17)/1000,X17*AP17/1000),"") | AS17: =IFERROR(VLOOKUP(AS$11,INDIRECT($T17),2,FALSE),"") | AT17: =IFERROR(AR17*AS17,"") | AU17: =IFERROR(AP17*$AB17*_Modullänge_Blendarm*_Modulbreite_Blendarm +AP17*NOT($AB17)*_Modullänge_Standard*_Modulbreite_Standard,0) -> 0 | AV17: =IFERROR(AQ17*$AC17*_Modullänge_Blendarm*_Modulbreite_Blendarm +AQ17*NOT($AC17)*_Modullänge_Standard*_Modulbreite_Standard,0) -> 0 | AW17: =IF(AND(ISNUMBER(M17),M17>0),1,"") | AX17: =IF(AND(M17<>N17,N17>0),1,"") | AY17: =ISNUMBER(VLOOKUP(AY$11,INDIRECT($T17),2,FALSE))*((AI17>0)+(AJ17>0)) -> 0 | AZ17: =IF(AY17>0,IF(ISTEXT(AZ16),AZ16&", "&B17," "&B17),AZ16) -> 0 | BA17: =(Z17="krit")*1+(AA17="krit")*1 -> 0 | BB17: =IF(BA17>0,IF(ISTEXT(BB16),BB16&", "&B17," "&B17),BB16) -> 0 | BC17: =IF(AND(H17>=_Neigungswinkel_für_NB_Bund,H17<=90),1,"")
B18: =B17+1 -> 5 | C18: =IFERROR(VLOOKUP(C$11,INDIRECT($T18),2,FALSE),"") -> 0 | D18: =IF(ISNUMBER(VLOOKUP(D$11,INDIRECT($T18),2,FALSE)),VLOOKUP(D$11,INDIRECT($T18),2,FALSE),"") | E18: =IF(ISTEXT(VLOOKUP(E$11,INDIRECT($T18),2,FALSE)),VLOOKUP(E$11,INDIRECT($T18),2,FALSE),"") | F18: =CONCATENATE(IF(ISNUMBER(V18),CONCATENATE(V18,"°"),""),IF(ISNUMBER(W18),CONCATENATE(CHAR(10),W18,"°"),"")) | G18: =CONCATENATE(IF(ISNUMBER(VLOOKUP(G$11,INDIRECT($T18),2,FALSE)),CONCATENATE(VLOOKUP(G$11,INDIRECT($T18),2,FALSE),"°"),""),IF(OR(E18="Fd",E18="Fdg"),CONCATENATE(CHAR(10),VLOOKUP(G$11,INDIRECT($T18),2,FALSE),"°"),"")) | H18: =CONCATENATE(Z18,IF(OR(E18="Fd",E18="Fdg"),CONCATENATE(CHAR(10),AA18),"")) | I18: =CONCATENATE(AI18,IF(OR(E18="Fd",E18="Fdg"),CONCATENATE(CHAR(10),AJ18),"")) | J18: =CONCATENATE(AP18,IF(OR(E18="Fd",E18="Fdg"),CONCATENATE(CHAR(10),AQ18),"")) | K18: =AK18 | L18: =AR18 | M18: =AM18 | N18: =AT18 | O18: {=IF(AG18=0,"", MATCH( AG18, _xlfn._xlws.SORT(_xlfn._xlws.FILTER($AG$14:$AG$19,$AG$14:$AG$19<>0)), 1 ) )} | T18: ="'Dachfläche ("&B18&")'!D:H" -> 'Dachfläche (5)'!D:H | U18: =IF(ISTEXT(VLOOKUP(U$11,INDIRECT($T18),2,FALSE)),VLOOKUP(U$11,INDIRECT($T18),2,FALSE),"") | V18: =IF(ISNUMBER(VLOOKUP(V$11,INDIRECT($T18),2,FALSE)),(VLOOKUP(V$11,INDIRECT($T18),2,FALSE)),"") | W18: =IF(AND(OR(E18="Fd",E18="Fdg"),ISNUMBER(V18)),V18-180*SIGN(V18),"") | X18: =IF(ISNUMBER(VLOOKUP(X$11,INDIRECT($T18),3,FALSE)),VLOOKUP(X$11,INDIRECT($T18),3,FALSE),"") -> 475 | Y18: =IF(ISNUMBER(VLOOKUP(Y$11,INDIRECT($T18),3,FALSE)),VLOOKUP(Y$11,INDIRECT($T18),3,FALSE),"") -> 475 | Z18: =IF(AND(ISTEXT(VLOOKUP(Z$11,INDIRECT($T18),2,FALSE)),ISNUMBER(AI18)),(VLOOKUP(Z$11,INDIRECT($T18),2,FALSE)),"") | AA18: =IF(AND(ISTEXT(VLOOKUP(AA$11,INDIRECT($T18),2,FALSE)),AJ18>0),(VLOOKUP(AA$11,INDIRECT($T18),2,FALSE)),"") | AB18: {=_xlfn.IFS(Z18="krit",1,Z18="unk",0,TRUE,"")} | AC18: {=_xlfn.IFS(AA18="krit",1,AA18="unk",0,TRUE,"")} | AD18: =IF(AF18,0,(VLOOKUP(AD$11,INDIRECT($T18),2,FALSE)>_Neigungswinkel_für_NB_Bund)*1) -> 0 | AE18: =(VLOOKUP(AE$11,INDIRECT($T18),2,FALSE)="Pp")*1 -> 0 | AF18: =(VLOOKUP(AF$11,INDIRECT($T18),2,FALSE)="Fdg")*1 -> 0 | AG18: =IFERROR(VLOOKUP(AG$11,INDIRECT($T18),2,FALSE),"") -> 0 | AH18: {=IF(AG18=0,"", MATCH( AG18, _xlfn._xlws.SORT(_xlfn._xlws.FILTER($AG$14:$AG$19,$AG$14:$AG$19<>0)), 1 ) )} | AI18: =IF(VLOOKUP(AI$11,INDIRECT($T18),2,FALSE)>0,VLOOKUP(AI$11,INDIRECT($T18),2,FALSE),"") | AJ18: =IFERROR(VLOOKUP(AJ$11,INDIRECT($T18),2,FALSE),"") -> 0 | AK18: =IFERROR(IF(OR(U18="Fdg",U18="Fd"),(AI18*X18+AJ18*Y18)/1000,X18*AI18/1000),"") | AL18: =IFERROR(VLOOKUP(AL$11,INDIRECT($T18),2,FALSE),"") | AM18: =IFERROR(AK18*AL18,"") | AN18: =IFERROR(AI18*$AB18*_Modullänge_Blendarm*_Modulbreite_Blendarm +AI18*NOT($AB18)*_Modullänge_Standard*_Modulbreite_Standard,0) -> 0 | AO18: =IFERROR(AJ18*$AC18*_Modullänge_Blendarm*_Modulbreite_Blendarm +AJ18*NOT($AC18)*_Modullänge_Standard*_Modulbreite_Standard,0) -> 0 | AP18: =IF(VLOOKUP(AP$11,INDIRECT($T18),2,FALSE)>0,VLOOKUP(AP$11,INDIRECT($T18),2,FALSE),"") | AQ18: =IFERROR(VLOOKUP(AQ$11,INDIRECT($T18),2,FALSE),"") -> 0 | AR18: =IFERROR(IF(OR(U18="Fdg",U18="Fd"),(AP18*X18+AQ18*Y18)/1000,X18*AP18/1000),"") | AS18: =IFERROR(VLOOKUP(AS$11,INDIRECT($T18),2,FALSE),"") | AT18: =IFERROR(AR18*AS18,"") | AU18: =IFERROR(AP18*$AB18*_Modullänge_Blendarm*_Modulbreite_Blendarm +AP18*NOT($AB18)*_Modullänge_Standard*_Modulbreite_Standard,0) -> 0 | AV18: =IFERROR(AQ18*$AC18*_Modullänge_Blendarm*_Modulbreite_Blendarm +AQ18*NOT($AC18)*_Modullänge_Standard*_Modulbreite_Standard,0) -> 0 | AW18: =IF(AND(ISNUMBER(M18),M18>0),1,"") | AX18: =IF(AND(M18<>N18,N18>0),1,"") | AY18: =ISNUMBER(VLOOKUP(AY$11,INDIRECT($T18),2,FALSE))*((AI18>0)+(AJ18>0)) -> 0 | AZ18: =IF(AY18>0,IF(ISTEXT(AZ17),AZ17&", "&B18," "&B18),AZ17) -> 0 | BA18: =(Z18="krit")*1+(AA18="krit")*1 -> 0 | BB18: =IF(BA18>0,IF(ISTEXT(BB17),BB17&", "&B18," "&B18),BB17) -> 0 | BC18: =IF(AND(H18>=_Neigungswinkel_für_NB_Bund,H18<=90),1,"")
B19: =B18+1 -> 6 | C19: =IFERROR(VLOOKUP(C$11,INDIRECT($T19),2,FALSE),"") -> 0 | D19: =IF(ISNUMBER(VLOOKUP(D$11,INDIRECT($T19),2,FALSE)),VLOOKUP(D$11,INDIRECT($T19),2,FALSE),"") | E19: =IF(ISTEXT(VLOOKUP(E$11,INDIRECT($T19),2,FALSE)),VLOOKUP(E$11,INDIRECT($T19),2,FALSE),"") | F19: =CONCATENATE(IF(ISNUMBER(V19),CONCATENATE(V19,"°"),""),IF(ISNUMBER(W19),CONCATENATE(CHAR(10),W19,"°"),"")) | G19: =CONCATENATE(IF(ISNUMBER(VLOOKUP(G$11,INDIRECT($T19),2,FALSE)),CONCATENATE(VLOOKUP(G$11,INDIRECT($T19),2,FALSE),"°"),""),IF(OR(E19="Fd",E19="Fdg"),CONCATENATE(CHAR(10),VLOOKUP(G$11,INDIRECT($T19),2,FALSE),"°"),"")) | H19: =CONCATENATE(Z19,IF(OR(E19="Fd",E19="Fdg"),CONCATENATE(CHAR(10),AA19),"")) | I19: =CONCATENATE(AI19,IF(OR(E19="Fd",E19="Fdg"),CONCATENATE(CHAR(10),AJ19),"")) | J19: =CONCATENATE(AP19,IF(OR(E19="Fd",E19="Fdg"),CONCATENATE(CHAR(10),AQ19),"")) | K19: =AK19 | L19: =AR19 | M19: =AM19 | N19: =AT19 | O19: {=IF(AG19=0,"", MATCH( AG19, _xlfn._xlws.SORT(_xlfn._xlws.FILTER($AG$14:$AG$19,$AG$14:$AG$19<>0)), 1 ) )} | T19: ="'Dachfläche ("&B19&")'!D:H" -> 'Dachfläche (6)'!D:H | U19: =IF(ISTEXT(VLOOKUP(U$11,INDIRECT($T19),2,FALSE)),VLOOKUP(U$11,INDIRECT($T19),2,FALSE),"") | V19: =IF(ISNUMBER(VLOOKUP(V$11,INDIRECT($T19),2,FALSE)),(VLOOKUP(V$11,INDIRECT($T19),2,FALSE)),"") | W19: =IF(AND(OR(E19="Fd",E19="Fdg"),ISNUMBER(V19)),V19-180*SIGN(V19),"") | X19: =IF(ISNUMBER(VLOOKUP(X$11,INDIRECT($T19),3,FALSE)),VLOOKUP(X$11,INDIRECT($T19),3,FALSE),"") -> 475 | Y19: =IF(ISNUMBER(VLOOKUP(Y$11,INDIRECT($T19),3,FALSE)),VLOOKUP(Y$11,INDIRECT($T19),3,FALSE),"") -> 475 | Z19: =IF(AND(ISTEXT(VLOOKUP(Z$11,INDIRECT($T19),2,FALSE)),ISNUMBER(AI19)),(VLOOKUP(Z$11,INDIRECT($T19),2,FALSE)),"") | AA19: =IF(AND(ISTEXT(VLOOKUP(AA$11,INDIRECT($T19),2,FALSE)),AJ19>0),(VLOOKUP(AA$11,INDIRECT($T19),2,FALSE)),"") | AB19: {=_xlfn.IFS(Z19="krit",1,Z19="unk",0,TRUE,"")} | AC19: {=_xlfn.IFS(AA19="krit",1,AA19="unk",0,TRUE,"")} | AD19: =IF(AF19,0,(VLOOKUP(AD$11,INDIRECT($T19),2,FALSE)>_Neigungswinkel_für_NB_Bund)*1) -> 0 | AE19: =(VLOOKUP(AE$11,INDIRECT($T19),2,FALSE)="Pp")*1 -> 0 | AF19: =(VLOOKUP(AF$11,INDIRECT($T19),2,FALSE)="Fdg")*1 -> 0 | AG19: =IFERROR(VLOOKUP(AG$11,INDIRECT($T19),2,FALSE),"") -> 0 | AH19: {=IF(AG19=0,"", MATCH( AG19, _xlfn._xlws.SORT(_xlfn._xlws.FILTER($AG$14:$AG$19,$AG$14:$AG$19<>0)), 1 ) )} | AI19: =IF(VLOOKUP(AI$11,INDIRECT($T19),2,FALSE)>0,VLOOKUP(AI$11,INDIRECT($T19),2,FALSE),"") | AJ19: =IFERROR(VLOOKUP(AJ$11,INDIRECT($T19),2,FALSE),"") -> 0 | AK19: =IFERROR(IF(OR(U19="Fdg",U19="Fd"),(AI19*X19+AJ19*Y19)/1000,X19*AI19/1000),"") | AL19: =IFERROR(VLOOKUP(AL$11,INDIRECT($T19),2,FALSE),"") | AM19: =IFERROR(AK19*AL19,"") | AN19: =IFERROR(AI19*$AB19*_Modullänge_Blendarm*_Modulbreite_Blendarm +AI19*NOT($AB19)*_Modullänge_Standard*_Modulbreite_Standard,0) -> 0 | AO19: =IFERROR(AJ19*$AC19*_Modullänge_Blendarm*_Modulbreite_Blendarm +AJ19*NOT($AC19)*_Modullänge_Standard*_Modulbreite_Standard,0) -> 0 | AP19: =IF(VLOOKUP(AP$11,INDIRECT($T19),2,FALSE)>0,VLOOKUP(AP$11,INDIRECT($T19),2,FALSE),"") | AQ19: =IFERROR(VLOOKUP(AQ$11,INDIRECT($T19),2,FALSE),"") -> 0 | AR19: =IFERROR(IF(OR(U19="Fdg",U19="Fd"),(AP19*X19+AQ19*Y19)/1000,X19*AP19/1000),"") | AS19: =IFERROR(VLOOKUP(AS$11,INDIRECT($T19),2,FALSE),"") | AT19: =IFERROR(AR19*AS19,"") | AU19: =IFERROR(AP19*$AB19*_Modullänge_Blendarm*_Modulbreite_Blendarm +AP19*NOT($AB19)*_Modullänge_Standard*_Modulbreite_Standard,0) -> 0 | AV19: =IFERROR(AQ19*$AC19*_Modullänge_Blendarm*_Modulbreite_Blendarm +AQ19*NOT($AC19)*_Modullänge_Standard*_Modulbreite_Standard,0) -> 0 | AW19: =IF(AND(ISNUMBER(M19),M19>0),1,"") | AX19: =IF(AND(M19<>N19,N19>0),1,"") | AY19: =ISNUMBER(VLOOKUP(AY$11,INDIRECT($T19),2,FALSE))*((AI19>0)+(AJ19>0)) -> 0 | AZ19: =IF(AY19>0,IF(ISTEXT(AZ18),AZ18&", "&B19," "&B19),AZ18) -> 0 | BA19: =(Z19="krit")*1+(AA19="krit")*1 -> 0 | BB19: =IF(BA19>0,IF(ISTEXT(BB18),BB18&", "&B19," "&B19),BB18) -> 0 | BC19: =IF(AND(H19>=_Neigungswinkel_für_NB_Bund,H19<=90),1,"")
B20: Total | D20: =SUM(D14:D19) -> 0 | I20: =SUM(AI14:AJ19) -> 0 | J20: =SUM(AP14:AQ19) -> 0 | K20: =SUM(K14:K19) -> 0 | L20: =SUM(L14:L19) -> 0 | M20: =SUM(M14:M19) -> 0 | N20: =SUM(N14:N19) -> 0 | AI20: =SUM(AI14:AI19) -> 0 | AJ20: =SUM(AJ14:AJ19) -> 0 | AK20: =SUM(AK14:AK19) -> 0 | AM20: =SUM(AM14:AM19) -> 0 | AN20: =SUM(AN14:AN19) -> 0 | AO20: =SUM(AO14:AO19) -> 0 | AP20: =SUM(AP14:AP19) -> 0 | AQ20: =SUM(AQ14:AQ19) -> 0 | AR20: =SUM(AR14:AR19) -> 0 | AT20: =SUM(AT14:AT19) -> 0 | AU20: =SUM(AU14:AU19) -> 0 | AV20: =SUM(AV14:AV19) -> 0 | AW20: =SUM(AW14:AW19) -> 0 | AX20: =SUM(AX14:AX19) -> 0 | AY20: =SUM(AY14:AY19) -> 0 | AZ20: =AZ19 -> 0 | BA20: =SUM(BA14:BA19) -> 0 | BB20: =BB19 -> 0
B22: Kosten
B23: Ausführungsvariante | D23: technische Vollbelegung (t.Vb.) | K23: gesetzliches Minimum (g.Min.)
D24: Eingabewert | G24: Rechenwert | K24: Eingabewert | M24: Rechenwert
B25: Anlagekosten | G25: =IF(ISNUMBER($D$27),0,IF(ISNUMBER(D25),D25,_Anlageleistung_t.Vb.*_Referenzkosten_t.Vb._exkl)*_MWSt_Faktor) -> 0 | J25: CHF | M25: =IF(ISNUMBER(K27),0,IF(ISNUMBER(K25),K25,_Anlageleistung_g.Min.*_Referenzkosten_g.Min._exkl*_MWSt_Faktor)) -> 0 | O25: CHF
B26: Aufpreis blendarm | G26: =IF(ISNUMBER(D27),0,IF(ISNUMBER(D26),D26,SUMPRODUCT(AB14:AC19,AI14:AJ19)*_Aufpreis_Blendarm*_MWSt_Faktor)) -> 0 | J26: CHF | M26: =IF(ISNUMBER(K27),0,IF(ISNUMBER(K26),K26,SUMPRODUCT(AB14:AC19,AP14:AQ19)*_Aufpreis_Blendarm*_MWSt_Faktor)) -> 0 | O26: CHF
B27: ="Kosten Total" -> Kosten Total | G27: =IF(ISNUMBER(D27),D27,SUM(G25:J26)) -> 0 | J27: CHF | M27: =IF(_Anlageleistung_g.Min.>0,IF(ISNUMBER(K27),K27,SUM(M25:M26)),0) -> 0 | O27: CHF
B28: =IF(_MWSt_pflichtig,"(exkl. MWSt.)","(inkl. MWSt.)") -> (inkl. MWSt.)
B29: Förderbeiträge Bund
B30: Einmalvergütung (EIV) | G30: =IF(ISNUMBER(D33),0,IF(ISNUMBER(D30),D30,-_EIV_t.Vb.)) -> 0 | J30: CHF | M30: =IF(ISNUMBER(K33),0,IF(ISNUMBER(K30),K30,-_EIV_g.Min.)) -> 0 | O30: CHF
B31: Fassadenbonus Bund | G31: =IF(ISNUMBER(D33),0,IF(ISNUMBER(D31),D31,-(SUMPRODUCT(AD14:AD19,AK14:AK19)*_Bonus_Neigungswinkel_Bund))) -> 0 | J31: CHF | M31: =IF(ISNUMBER(K33),0,IF(ISNUMBER(K31),K31,-(SUMPRODUCT(AD14:AD19,AR14:AR19)*_Bonus_Neigungswinkel_Bund))) -> 0 | O31: CHF
B32: Parkplatzbonus Bund | G32: =IF(ISNUMBER(D33),0,IF(ISNUMBER(D32),D32,IF(SUMPRODUCT(AE14:AE19,AK14:AK19)>=_Schwelle_PPBonus,-SUMPRODUCT(AE14:AE19,AK14:AK19)*_Bonus_Pp_pronovo,0))) -> 0 | J32: CHF | M32: =IF(ISNUMBER(K33),0,IF(ISNUMBER(K32),K32,IF(SUMPRODUCT(AE14:AE19,AR14:AR19)>=_Schwelle_PPBonus,-SUMPRODUCT(AE14:AE19,AR14:AR19)*_Bonus_Pp_pronovo,0))) -> 0 | O32: CHF
B33: Föderbeitrag Bund Total | G33: =IF(ISNUMBER(D33),D33,G30+G31+G32) -> 0 | J33: CHF | M33: =IF(ISNUMBER(K33),K33,M30+M31+M32) -> 0 | O33: CHF
B34: (inkl. MWSt.)
B35: Föderbeitrag Stadt (EF) | G35: =IF(ISNUMBER(D39),0,IF(ISNUMBER(D35),D35,_EIV_t.Vb._Rechenwert*_EF_Ansatz/100)) -> 0 | J35: CHF | M35: =IF(ISNUMBER(K39),0,IF(ISNUMBER(K35),K35,_EIV_g.Min._Rechenwert*_EF_Ansatz/100)) -> 0 | O35: CHF
B36: Bonus Steil | G36: {=IF(ISNUMBER(D39),0,IF(ISNUMBER(D36),D36,-_Bonus_Steil_Stadt*SUMPRODUCT(AD14:AD19,AN14:AN19+AO14:AO19)))} -> 0 | J36: CHF | M36: {=IF(ISNUMBER(K39),0,IF(ISNUMBER(K36),K36,-_Bonus_Steil_Stadt*SUMPRODUCT(AD14:AD19,AU14:AU19+AV14:AV19)))} -> 0 | O36: CHF
B37: Bonus Blendarm | G37: =IF(ISNUMBER(D39),0,IF(ISNUMBER(D37),D37,-_Bonus_Blendarm_Stadt*(SUMPRODUCT(AB14:AB19,AI14:AI19,X14:X19)+SUMPRODUCT(AB14:AB19,AJ14:AJ19,Y14:Y19))/1000)) -> 0 | J37: CHF | M37: =IF(ISNUMBER(K39),0,IF(ISNUMBER(K37),K37,-_Bonus_Blendarm_Stadt*(SUMPRODUCT(AB14:AB19,AP14:AP19,X14:X19)+SUMPRODUCT(AB14:AB19,AQ14:AQ19,Y14:Y19))/1000)) -> 0 | O37: CHF
B38: Bonus Gründach | G38: =IF(ISNUMBER(D41),0,IF(ISNUMBER(D38),D38,-_Bonus_Gründach_Stadt*SUMPRODUCT(AF14:AF19,AK14:AK19))) -> 0 | J38: CHF | M38: =IF(ISNUMBER(K41),0,IF(ISNUMBER(K38),K38,-_Bonus_Gründach_Stadt*SUMPRODUCT(AF14:AF19,AR14:AR19))) -> 0 | O38: CHF
B39: Förderbeitrag Stadt Total | G39: =IF(ISNUMBER(D39),D39,SUM(G35:J38)) -> 0 | J39: CHF | M39: =IF(ISNUMBER(K39),K39,SUM(M35:M38)) -> 0 | O39: CHF
B40: (inkl. MWSt.)
B41: Investition | G41: =_Gesamtkosten_t.Vb.+_EIV_t.Vb._Rechenwert+_EF_t.Vb._Rechenwert -> 0 | J41: CHF | M41: =_Gesamtkosten_g.Min.+_EIV_g.Min._Rechenwert+_EF_g.Min._Rechenwert -> 0 | O41: CHF
B43: Parameter Wirtschaftlichkeitsrechnung
B44: =Basisdaten!B71 -> Eigennutzungsgrad | G44: =IF(ISNUMBER(D44),D44, IF(AND(ISTEXT(_Lastprofil_Typ),ISNUMBER(_Verbrauch)),HLOOKUP(_Lastprofil_Typ,'Faktor Eigenverbrauch'!A1:F32,MIN(ROUND(_Ertrag_t.Vb./_Verbrauch,1)*10,30)+2,FALSE),VLOOKUP(B44,Basisdaten!B:E,3,FALSE))) -> 30 | J44: % | M44: =IF(ISNUMBER(K44),K44, IF(AND(ISTEXT(_Lastprofil_Typ),ISNUMBER(_Verbrauch)),HLOOKUP(_Lastprofil_Typ,'Faktor Eigenverbrauch'!A1:F32,MIN(ROUND(_Ertrag_g.Min./_Verbrauch,1)*10,30)+2,FALSE),VLOOKUP(B44,Basisdaten!B:E,3,FALSE))) -> 30 | O44: % | S44: =(ISNUMBER(D44))*1 -> 0
B45: =Basisdaten!B72 -> Unterhaltskosten | G45: =IF(ISNUMBER(D45),D45,VLOOKUP(B45,Basisdaten!B:E,3,FALSE)) -> 3 | J45: Rp/kWh | M45: =IF(ISNUMBER(K45),K45,VLOOKUP(B45,Basisdaten!B:E,3,FALSE)) -> 3 | O45: Rp/kWh
B46: Kapitalverzinsung | I46: =_Kap_Verzinsung -> 1.25 | J46: % | N46: =_Kap_Verzinsung -> 1.25 | O46: %
B47: ="Bezugstarif ("&'4 Datengrundlage'!H36&")"&IF(_MWSt_pflichtig," exkl. MWSt."," inkl. MWSt.") -> Bezugstarif () inkl. MWSt. | I47: =_Tarif_Bezug -> 0 | J47: Rp/kWh | N47: =_Tarif_Bezug -> 0 | O47: Rp/kWh
B48: ="Rückliefertarif ("&'4 Datengrundlage'!H31&")"&" inkl. MWSt." -> Rückliefertarif () inkl. MWSt. | I48: =_Tarif_Rücklieferung -> 0 | J48: Rp/kWh | N48: =_Tarif_Rücklieferung -> 0 | O48: Rp/kWh
B50: Amortisationszeit
B51: Ausführungsvariante | D51: technische Vollbelegung (t.Vb.) | K51: gesetzliches Minimum (g.Min.)
D53: =IFERROR(IF(_Amortisationszeit_t.Vb.>0,_Amortisationszeit_t.Vb.&" Jahre","Keine Amortisation innert "&_Lebensdauer&" Jahren"),"") -> Keine Amortisation innert 30 Jahren | K53: =IFERROR(IF(_Amortisationszeit_g.Min.>0,_Amortisationszeit_g.Min.&" Jahre","Keine Amortisation innert "&_Lebensdauer&" Jahren"),"") -> Keine Amortisation innert 30 Jahren
B55: Erforderliche Beilagen
B56: 1 | C56: Plan Dachübersicht mit eindeutiger Bezeichnung der Dachflächen
B57: =AW20 -> 0 | C57: vermasste Pläne Teildach mit Modullayout Var. Technische Vollbelegung (inkl. Bezeichnung, Fläche, Azimut & Neigung)
B58: =AX20 -> 0 | C58: vermasste Pläne Teildach mit Modullayout Var. Gesetzliches Minimum (inkl. Bezeichnung, Fläche, Azimut & Neigung)
B59: =IF(SUM(D25:F27)>0,1,0) -> 0 | C59: Offerte Variante technische Vollbelegung
B60: =IF(SUM(K25:L27)>0,1,0) -> 0 | C60: Offerte Variante gesetzliches Minimum
B61: =IF(ISNUMBER('4 Datengrundlage'!F10),1,0) -> 0 | C61: Nachweis Einstrahlungswert auf horizontale Fläche (Tabellenblatt Datengrundlage)
B62: =AY20 -> 0 | C62: ="Nachweis"&IF(B62>1,"e","")&" Einstrahlungswerte für die Dachflächen: "&AZ20 -> Nachweis Einstrahlungswerte für die Dachflächen: 0
B63: =BA20 -> 0 | C63: ="Blendbericht"&IF(B63>1,"e","")&" für die Dachflächen: "&BB20 -> Blendbericht für die Dachflächen: 0
B64: =IF(BA20>0,1,0) -> 0 | C64: ="Moduldatenblatt Blendarmes Modul inkl. Testreport Messung Leuchtdichte" -> Moduldatenblatt Blendarmes Modul inkl. Testreport Messung Leuchtdichte
B65: =ISNUMBER(D44)*1+ISNUMBER(K44)*1 -> 0 | C65: Nachweis(e) Eigennutzungsgrad
B66: =IF(_Tarif_Unterhalt_Basisdaten=_Tarif_Unterhalt_Rechenwert_t.Vb.,0,1)+IF(_Tarif_Unterhalt_Basisdaten=_Tarif_Unterhalt_Rechenwert_g.Min.,0,1) -> 0 | C66: Nachweis(e) Unterhaltskosten

Sheet 4 Datengrundlage
B1: Projektinformationen
B2: Projektname | D2: =_Projektname -> 0 | H2: ='3 Bericht'!J2 -> Netzversorger | I2: =_Netzversorger -> 0
B3: Gebäudeadresse | D3: =_Adresse -> 0 | H3: ='3 Bericht'!J3 -> Fertigstellung (geplant) | I3: =_Datum_IBS -> 0
B4: Standort | D4: =_PLZ -> 0 | H4: ='3 Bericht'!J5 -> MWSt. pflichtig | I4: ='3 Bericht'!M5 -> Nein
B6: Standardeinstrahlung
D7: Rechenwert | F7: Eingabewert
C8: =Basisdaten!B17 -> Einstrahlung horizontale Fläche | D8: =VLOOKUP(C8,Basisdaten!B:F,3,FALSE) -> 1100 | E8: =VLOOKUP(C8,Basisdaten!B:F,4,FALSE) -> kWh/m2
C9: Spezifischer Jahresertrag | D9: =ROUND(D8/10*0.82,0)*10 -> 900 | E9: kWh/kWp
C10: =IF(G10=E8,C8,C9) -> Einstrahlung horizontale Fläche | D10: =IF(ISNUMBER(F10),F10,IF(G10=E8,D8,D9)) -> 1100 | E10: =IF(G10=E8,E8,E9) -> kWh/m2 | G10: kWh/m2 | H10: =VLOOKUP(C8,Basisdaten!B:F,5,FALSE) -> Wetterstation Luzern
C11: Spezfischer Jahresertrag Rechenwert | D11: =IF(E10=E9,D10,ROUND(D10/10*0.82,0)*10) -> 900 | E11: kWh/kWp
B13: Eigenschaften Standardmodul | H13: ="(Referenz: "&_Bez_Modul_Standard&")" -> (Referenz: DB_DE_Jinko_JKM475N-48QL6-DV)
D14: Rechenwert | F14: Eingabewert
C15: =Basisdaten!B21 -> Modulbezeichnung | D15: =IF(ISNUMBER(F15),F15,VLOOKUP(C15,Basisdaten!B:E,3,FALSE)) -> DB_DE_Jinko_JKM475N-48QL6-DV
C16: =Basisdaten!B22 -> Modulleistung | D16: =IF(ISNUMBER(F16),F16,VLOOKUP(C16,Basisdaten!B:E,3,FALSE)) -> 475 | E16: =VLOOKUP(C16,Basisdaten!B:E,4,FALSE) -> Wp | G16: =E16 -> Wp
C17: =Basisdaten!B24 -> Leistungsgarantie % nach 25 J. | D17: =IF(ISNUMBER(F17),F17,VLOOKUP(C17,Basisdaten!B:E,3,FALSE)) -> 90.708333 | E17: =VLOOKUP(C17,Basisdaten!B:E,4,FALSE) -> %/25J | G17: =E17 -> %/25J
C18: Degradation pro Jahr | D18: {=(100-_Degradation_Standard)/25} -> 0.37166667 | E18: % / Jahr | G18: =E18 -> % / Jahr
C19: =Basisdaten!B25 -> Länge | D19: =IF(ISNUMBER(F19),F19,VLOOKUP(C19,Basisdaten!B:E,3,FALSE)) -> 1.762 | E19: =VLOOKUP(C19,Basisdaten!B:E,4,FALSE) -> m | G19: =E19 -> m
C20: =Basisdaten!B26 -> Breite | D20: =IF(ISNUMBER(F20),F20,VLOOKUP(C20,Basisdaten!B:E,3,FALSE)) -> 1.134 | E20: =VLOOKUP(C20,Basisdaten!B:E,4,FALSE) -> m | G20: =E20 -> m
B22: Eigenschaften blendarmes Modul | H22: ="(Referenz: "&_Bez_Modul_Blendarm&")" -> (Referenz: DB_EN_SoliTek_BLACKSTAR_Satin_445W)
D23: Rechenwert | F23: Eingabewert
C24: =Basisdaten!B30 -> Modulbezeichnung (blendarm) | D24: =IF(ISNUMBER(F24),F24,VLOOKUP(C24,Basisdaten!B:E,3,FALSE)) -> DB_EN_SoliTek_BLACKSTAR_Satin_445W
C25: =Basisdaten!B31 -> Modulleistung (blendarm) | D25: =IF(ISNUMBER(F25),F25,VLOOKUP(C25,Basisdaten!B:E,3,FALSE)) -> 455 | E25: =VLOOKUP(C25,Basisdaten!B:E,4,FALSE) -> Wp | G25: =E25 -> Wp
C26: =Basisdaten!B34 -> Länge (blendarm) | D26: =IF(ISNUMBER(F26),F26,VLOOKUP(C26,Basisdaten!B:E,3,FALSE)) -> 1.762 | E26: =VLOOKUP(C26,Basisdaten!B:E,4,FALSE) -> m | G26: =E26 -> m
C27: =Basisdaten!B35 -> Breite (blendarm) | D27: =IF(ISNUMBER(F27),F27,VLOOKUP(C27,Basisdaten!B:E,3,FALSE)) -> 1.134 | E27: =VLOOKUP(C27,Basisdaten!B:E,4,FALSE) -> m | G27: =E27 -> m
B29: =IF(_MWSt_pflichtig,"Tarif / Energieversorger (exkl. MWSt.)","Tarif / Energieversorger (inkl. MWSt.)") -> Tarif / Energieversorger (inkl. MWSt.)
C30: =Basisdaten!B49 -> Netzversorger | D30: =IF(_Netzversorger=0,"In Tab 3 'Bericht' definieren") -> In Tab 3 'Bericht' definieren
C31: =Basisdaten!B51 -> Rückliefertarif | D31: =IFERROR(_MWSt_Faktor*VLOOKUP(C31,Basisdaten!B:E,3,FALSE),"") | E31: =VLOOKUP(C31,Basisdaten!B:E,4,FALSE) -> Rp./kWh | H31: =IFERROR(D30&" "&VLOOKUP(C31,Basisdaten!B:F,5,FALSE),"")
C32: =Basisdaten!B52 -> HKN | D32: =IFERROR(IF(_Anlageleistung_g.Min.<=D33,_MWSt_Faktor*VLOOKUP(C32,Basisdaten!B:E,3,FALSE),""),"") | E32: Rp./kWh | H32: =VLOOKUP(C32,Basisdaten!B:F,5,FALSE) -> #N/A
C33: =Basisdaten!B53 -> HKN Tarif Schwellwert | D33: =IF(ISNUMBER(F33),F33,VLOOKUP(C33,Basisdaten!B:E,3,FALSE)) -> #N/A | E33: kVA | H33: =VLOOKUP(C33,Basisdaten!B:F,5,FALSE) -> #N/A
C34: =Basisdaten!B54 -> HKN | D34: =IFERROR(IF(_Anlageleistung_g.Min.>D33,_MWSt_Faktor*VLOOKUP(C34,Basisdaten!B:E,3,FALSE),""),"") | E34: Rp./kWh | H34: =VLOOKUP(C34,Basisdaten!B:F,5,FALSE) -> #N/A
C35: Total Rückspeisung | D35: =SUM(D31,D32,D34) -> 0 | E35: Rp./kWh
C36: =Basisdaten!B56 -> Energiebezug EVU | D36: =IFERROR(_MWSt_Faktor*VLOOKUP(C36,Basisdaten!B:E,3,FALSE),"") | E36: Rp./kWh | H36: =IFERROR(D30&" "&VLOOKUP(C36,Basisdaten!B:F,5,FALSE),"")
C37: =Basisdaten!B57 -> Netznutzung EVU | D37: =IFERROR(_MWSt_Faktor*VLOOKUP(C37,Basisdaten!B:E,3,FALSE),"") | E37: Rp./kWh
C38: =Basisdaten!B58 -> Systemdienstleistung | D38: =IFERROR(_MWSt_Faktor*VLOOKUP(C38,Basisdaten!B:E,3,FALSE),"") | E38: Rp./kWh
C39: =Basisdaten!B59 -> Gemeindeabgaben + Stromreserve | D39: =IFERROR(_MWSt_Faktor*VLOOKUP(C39,Basisdaten!B:E,3,FALSE),"") | E39: Rp./kWh
C40: =Basisdaten!B60 -> KEV Abgabe | D40: =IFERROR(_MWSt_Faktor*VLOOKUP(C40,Basisdaten!B:E,3,FALSE),"") | E40: Rp./kWh
C41: Ersatztarif | D41: =SUM(D36:D40) -> 0 | E41: Rp./kWh
B43: =IF(_MWSt_pflichtig,"Wirtschaftlichkeit (inkl. MWSt.)","Wirtschaftlichkeit (exkl. MWSt.)") -> Wirtschaftlichkeit (exkl. MWSt.)
D44: Rechenwert
C45: =Basisdaten!B69 -> Zulässige Amortisationszeit | D45: =VLOOKUP(C45,Basisdaten!B:E,3,FALSE) -> 20 | E45: =VLOOKUP(C45,Basisdaten!B:E,4,FALSE) -> Jahre | H45: =VLOOKUP(C45,Basisdaten!B:F,5,FALSE) -> Gesetzgeber
C46: =Basisdaten!B70 -> Kapitalverzinsung | D46: =VLOOKUP(C46,Basisdaten!B:E,3,FALSE) -> 1.25 | E46: =VLOOKUP(C46,Basisdaten!B:E,4,FALSE) -> % | H46: =VLOOKUP(C46,Basisdaten!B:F,5,FALSE) -> Referenzzinssatz Stand 1.7.2026
B48: =IF(_MWSt_pflichtig,"Anlagekosten (exkl. MWSt.)","Anlagekosten (inkl. MWSt.)") -> Anlagekosten (inkl. MWSt.)
C49: Ausführung | D49: technische Vollbelegung (t.Vb.) | F49: gesetzliches Minimum (g.Min.)
C50: Leistung PV | D50: =_Anlageleistung_t.Vb. -> 0 | E50: kWp | F50: =_Anlageleistung_g.Min. -> 0 | G50: kWp
C51: =IF(_MWSt_pflichtig,"Referenzkosten PV (inkl. MWSt.)","Referenzkosten PV (exkl. MWSt.)") -> Referenzkosten PV (exkl. MWSt.) | D51: =IFERROR(_Referenzkosten_t.Vb._exkl*_MWSt_Faktor,0) -> 0 | E51: CHF/kWp | F51: =IFERROR(_Referenzkosten_g.Min._exkl*_MWSt_Faktor,0) -> 0 | G51: CHF/kWp
C52: Aufpreis blendfreie Module | D52: =_Aufpreis_Blendarm -> 97.02 | E52: CHF/Modul | F52: =_Aufpreis_Blendarm -> 97.02 | G52: CHF/Modul
B54: ="Förderung "&Basisdaten!B115&" "&TEXT(Basisdaten!D115,"TT.MM.JJ") -> Förderung gültig bei IBS ab 01.04.25
C55: Ausführung | D55: t.Vb. | F55: g.Min.
C56: Einmalvergütung pronovo (EIV) | D56: =_EIV_t.Vb. -> 0 | E56: CHF | F56: =_EIV_g.Min. -> 0 | G56: CHF | H56: Einmalvergütung durch Pronovo ohne div. Bonus
C57: Auszahlungszeitraum | D57: =_EIV_t_auszahlung -> 1 | E57: Jahre | F57: =_EIV_t_auszahlung -> 1 | G57: Jahre
C58: Förderbeitrag der Stadt Luzern | D58: =_EIV_t.Vb.*_EF_Ansatz/100 -> 0 | E58: CHF | F58: =_EIV_g.Min.*_EF_Ansatz/100 -> 0 | G58: CHF | H58: ="Einmalverg. durch Stadt Luzern ("&_EF_Ansatz&"% der EIV Leistung)" -> Einmalverg. durch Stadt Luzern (20% der EIV Leistung)
C59: Auszahlungszeitraum | D59: =_EF_t -> 1 | E59: Jahre | F59: =_EF_t -> 1 | G59: Jahre

Sheet Dachfläche (1)
B1: =MID(CELL("dateiname",B2),SEARCH("]",CELL("dateiname",B2))+1,31) -> Dachfläche (1)
B2: ="Zusammenstellung Kennwerte "&B1 -> Zusammenstellung Kennwerte Dachfläche (1)
B4: Projektinformationen
B5: ='3 Bericht'!B2 -> Projektname | E5: =_Projektname -> 0 | H5: ='3 Bericht'!J2 -> Netzversorger | K5: =_Netzversorger -> 0
B6: ='3 Bericht'!B3 -> Adresse | E6: =_Adresse -> 0 | H6: ='3 Bericht'!J3 -> Fertigstellung (geplant) | K6: =_Datum_IBS -> 0
B7: ='3 Bericht'!B4 -> PLZ Ort | E7: =_PLZ -> 0 | H7: ='3 Bericht'!J5 -> MWSt. pflichtig | K7: ='3 Bericht'!M5 -> Nein
B9: Angaben Dachfläche
B10: Bezeichnung Teilfläche | D10: Bez.
B11: Dachtyp | D11: Typ-lang | G11: Flachdach / Flachdach begrünt / Schrägdach / Parkplatz
D12: Typ | E12: =IFERROR(VLOOKUP(E11,Basisdaten!B151:C154,2,FALSE),"")
B13: Nutzbare Dachfläche | D13: Fläche | F13: m2 | G13: Gemäss Vollzugshilfe EN-204
B14: =IF(OR(_Dach_Typ="Fdg",_Dach_Typ="Fd"),"Hauptausrichtung","Ausrichtung") -> Ausrichtung | D14: Az. | F14: ° | G14: Süd = 0° / Ost -90° / West 90° / Nord +/- 180°
B15: =IF(OR(_Dach_Typ="Fdg",_Dach_Typ="Fd"),"Modulneigung","Dachneigung") -> Dachneigung | D15: Neig. | F15: ° | G15: 0° = Horizontal / 90° = Vertikal (Fassade)
B16: =IF(OR(_Dach_Typ="Fdg",_Dach_Typ="Fd"),"Blendung in Hauptausrichtung","Blendung") -> Blendung | D16: Blend.HA. | G16: =IFERROR(VLOOKUP(E16,_Reflektionstyp,2,FALSE),"Abklärung erforderlich") -> Abklärung erforderlich
B17: Blendung in Zweitausrichtung | D17: Blend.ZA. | E17: offen | G17: =IFERROR(VLOOKUP(E17,_Reflektionstyp,2,FALSE),"Abklärung erforderlich") -> Reflektionen klären! (unkritisch / kritisch)
C18: Ausrichtung (Bogenmass) | E18: =RADIANS(E14) -> 0
C19: Neigung (Bogenmass) | E19: =IF(_Dach_Typ=INDEX(_Liste_Dachtypen,1),0,-RADIANS(E15)) -> 0
B21: PV-Generator
B22: Modulorientierung | D22: Orient. | G22: Hochformat | H22: Querformat
B23: =IF(OR(_Dach_Typ="Fdg",_Dach_Typ="Fd"),"Modultyp für Hauptausrichtung","Modultyp") -> Modultyp | D23: M.Typ.HA. | E23: =IF($E16="krit","Blendarm","Standard") -> Standard | F23: =IF(E16="krit",_Modulleistung_Blendarm,_Modulleistung_Standard) -> 475 | G23: Wp
B24: Modultyp für Zweitausrichtung | D24: M.Typ.ZA. | E24: =IF($E17="krit","Blendarm","Standard") -> Standard | F24: {=_xlfn.IFS(_Dach_Typ="Sd",0,_Dach_Typ="Pp",0,TRUE,IF(E17="krit",_Modulleistung_Blendarm,_Modulleistung_Standard))} -> 475 | G24: Wp
B25: Anz. Module technische Vollbelegung | F25: =IF(OR(_Dach_Typ="Sd",_Dach_Typ="Pp"),"Stk. ("&E23&")","") | G25: (Variante "t.Vb.")
B26: ="Davon in Hauptausrichtung: "&E14&"°" -> Davon in Hauptausrichtung: ° | D26: t.Vb.HA. | E26: =IF(OR(_Dach_Typ="Sd",_Dach_Typ="Pp"),E25, IF(AND(OR(_Dach_Typ="Fd",_Dach_Typ="Fdg"),OR(ISBLANK(G26),G26>E25)),ROUNDUP(E25/2,0),G26)) -> 0 | F26: ="Stk. ("&E23&")" -> Stk. (Standard) | H26: Stk. | I26: =IF(G26>E25,"ungültiger Wert","Manuelle Eingabe") -> Manuelle Eingabe
B27: ="und in Zweitausrichtung: "&E14-180*SIGN(E14)&"°" -> und in Zweitausrichtung: 0° | D27: t.Vb.ZA. | E27: =E25-E26 -> 0 | F27: ="Stk. ("&E24&")" -> Stk. (Standard)
B28: Anz. Module gesetzliches Minimum | E28: =E25 -> 0 | F28: =IF(OR(_Dach_Typ="Sd",_Dach_Typ="Pp"),"Stk. ("&E23&")","") | G28: (Variante "g.Min.")
B29: ="Davon in Hauptausrichtung: "&E14&"°" -> Davon in Hauptausrichtung: ° | D29: g.Min.HA. | E29: =IF(OR(_Dach_Typ="Sd",_Dach_Typ="Pp"),E28, IF(AND(OR(_Dach_Typ="Fd",_Dach_Typ="Fdg"),OR(ISBLANK(G29),G29>E28)),ROUNDUP(E28/2,0),G29)) -> 0 | F29: ="Stk. ("&E23&")" -> Stk. (Standard) | H29: Stk. | I29: =IF(G29>E28,"ungültiger Wert","Manuelle Eingabe") -> Manuelle Eingabe
B30: ="und in Zweitausrichtung: "&E14-180*SIGN(E14)&"°" -> und in Zweitausrichtung: 0° | D30: g.Min.ZA. | E30: =E28-E29 -> 0 | F30: ="Stk. ("&E24&")" -> Stk. (Standard)
B32: Spezifischer Jahresertrag der Teilfläche
B33: Espez | C33: Horizontal | E33: =_Spez_Ertrag_Standort -> 900 | F33: kWh/kWp/a | G33: ="Spezifischer Ertrag am Standort bei horizontaler Montage" -> Spezifischer Ertrag am Standort bei horizontaler Montage
B34: Fkorr. | C34: =IF(OR(_Dach_Typ="Fdg",_Dach_Typ="Fd"),"Hauptausrichtung","Ausrichtung") -> Ausrichtung | D34: Fkorr_HA. | E34: {=(INDEX(_Faktor_Ausrichtung,ROUND(((E15/_RasterNeigung))+1,0),ROUND((((E14)/_RasterAzimut))+180/_RasterAzimut+1,0),1))} -> 1 | G34: ="Abweichung durch "&C34 -> Abweichung durch Ausrichtung
B35: Fkorr. | C35: Zweitausrichtung | D35: Fkorr_g.Min. | E35: {=INDEX(_Faktor_Ausrichtung,ROUND(((E15/_RasterNeigung))+1,0),ROUND((((E14-180*SIGN(E14))/_RasterAzimut))+180/_RasterAzimut+1,0),1)} -> 1 | G35: ="Abweichung durch "&C35 -> Abweichung durch Zweitausrichtung
B36: Espez | C36: korr. "t.Vb." | E36: =IFERROR(E33*((E34*E26)+(E35*E27))/(E26+E27),"") | F36: kWh/kWp/a | G36: Ausrichtungskorrigierter Spezifischer Ertrag
B37: Espez | C37: korr. "g.Min." | E37: =IFERROR(E33*((E34*E29)+(E35*E30))/(E29+E30),"") | F37: kWh/kWp/a | G37: Ausrichtungskorrigierter Spezifischer Ertrag
B38: Espez | C38: =C34 -> Ausrichtung | D38: Spez.E_Eingabe | F38: kWh/kWp/a | G38: Benutzerdefinierter Wert (Durch Bauherrschaft zu belegen)
B39: Espez | C39: Zweitausrichtung | F39: kWh/kWp/a | G39: Benutzerdefinierter Wert (Durch Bauherrschaft zu belegen)
B40: Espez | C40: Rechenwert "t.Vb." | D40: Spez.E_t.Vb. | E40: =IF(AND(OR(_Dach_Typ="Fdg",_Dach_Typ="Fd"),E27>0,ISNUMBER(E38),ISNUMBER(E39)),(E38*E26+E39*E27)/(E25), IF(AND(OR(AND(OR(_Dach_Typ="Fdg",_Dach_Typ="Fd"),E27=0),_Dach_Typ="Sd",_Dach_Typ="Pp"),ISNUMBER(E38)),E38, IF(AND(OR(E27>0,E30>0),ISNUMBER(E38),NOT(ISNUMBER(E39))),0,E36))) | F40: kWh/kWp/a | G40: =IF(E40=0,"Eingabe Zweitausrichtung erforderlich","Rechenwert spez. Jahresertrag bei technischer Vollbelegung") -> Rechenwert spez. Jahresertrag bei technischer Vollbelegung
B41: Espez | C41: Rechenwert "g.Min." | D41: Spez.E_g.Min. | E41: =IF(AND(OR(_Dach_Typ="Fdg",_Dach_Typ="Fd"),E30>0,ISNUMBER(E38),ISNUMBER(E39)),(E38*E29+E39*E30)/(E28), IF(AND(OR(AND(OR(_Dach_Typ="Fdg",_Dach_Typ="Fd"),E30=0),_Dach_Typ="Sd",_Dach_Typ="Pp"),ISNUMBER(E38)),E38,E37)) | F41: kWh/kWp/a | G41: =IF(E41=0,"Eingabe Zweitausrichtung erforderlich","Rechenwert spez. Jahresertrag bei gesetzlichem Minimum") -> Rechenwert spez. Jahresertrag bei gesetzlichem Minimum
B43: Förderzuschläge | E43: technische Vollbelegung (t.Vb.) | H43: gesetzliches Minimum (g.Min.)
B44: Förderung auf Leistung | E44: =IFERROR(_EIV_t.Vb./_Anlageleistung_t.Vb.*E51,0) -> 0 | F44: CHF | H44: =IFERROR(_EIV_g.Min./_Anlageleistung_g.Min.*E60,0) -> 0 | I44: CHF
B45: Fassadenbonus pronovo | D45: B.Fassade | E45: =IF(AND(E15>=_Neigungswinkel_für_NB_Bund,E15<=90),(E26*F23)/1000*_Bonus_Neigungswinkel_Bund+IF(OR(_Dach_Typ="Fd",_Dach_Typ="Fdg"),(F24*E27)/1000*_Bonus_Neigungswinkel_Bund,0),0) -> 0 | F45: CHF | H45: =IF(AND(E15>=_Neigungswinkel_für_NB_Bund,E15<=90),(E29*F23)/1000*_Bonus_Neigungswinkel_Bund+IF(OR(_Dach_Typ="Fd",_Dach_Typ="Fdg"),(F24*E30)/1000*_Bonus_Neigungswinkel_Bund,0),0) -> 0 | I45: CHF
B46: Parkplatzbonus pronovo | D46: B.PP | E46: =IFERROR(IF(AND(E11=Basisdaten!B154,(E26*F23+E27*F24)/1000>=_Schwelle_PPBonus),(E26*F23+E27*F24)/1000*_Bonus_Pp_pronovo,0),0) -> 0 | F46: CHF | H46: =IFERROR(IF(AND(E11=Basisdaten!B154,(E29*F23+E30*F24)/1000>=_Schwelle_PPBonus),(E29*F23+E30*F24)/1000*_Bonus_Pp_pronovo,0),0) -> 0 | I46: CHF
B47: Bonus Steile Anlagen | D47: B.Neig | E47: =IF(AND(E15>=_Neigungswinkel_für_NB_Bund,E15<=90,NOT(_Dach_Typ="Fdg")), ((E17="unk")*E26*_Modullänge_Standard*_Modulbreite_Standard +(E16="unk")*E27*_Modullänge_Standard*_Modulbreite_Standard +(E17="krit")*E26*_Modullänge_Blendarm*_Modulbreite_Blendarm +(E16="krit")*E27*_Modullänge_Blendarm*_Modulbreite_Blendarm) *_Bonus_Steil_Stadt,0) -> 0 | F47: CHF | H47: =IF(AND(E15>=_Neigungswinkel_für_NB_Bund,E15<=90,NOT(_Dach_Typ="Fdg")), ((E17="unk")*E29*_Modullänge_Standard*_Modulbreite_Standard +(E16="unk")*E30*_Modullänge_Standard*_Modulbreite_Standard +(E17="krit")*E29*_Modullänge_Blendarm*_Modulbreite_Blendarm +(E16="krit")*E30*_Modullänge_Blendarm*_Modulbreite_Blendarm) *_Bonus_Steil_Stadt,0) -> 0 | I47: CHF
B48: Bonus Dachbegrünung | D48: B.Grün | E48: =IF(_Dach_Typ="Fdg",(E26*F23+E27*F24)/1000*_Bonus_Gründach_Stadt,0) -> 0 | F48: CHF | H48: =IF(_Dach_Typ="Fdg",(E29*F23+E30*F24)/1000*_Bonus_Gründach_Stadt,0) -> 0 | I48: CHF
B49: Bonus Blendarme Module | D49: B.Blendarm | E49: =IF(E16="krit",E26*F23/1000*_Bonus_Blendarm_Stadt,0) +IF(AND(OR(_Dach_Typ="Fd",_Dach_Typ="Fdg"),E17="krit"),F24*E27/1000*_Bonus_Blendarm_Stadt,0) -> 0 | F49: CHF | H49: =IF(E16="krit",E29*F23/1000*_Bonus_Blendarm_Stadt,0) +IF(AND(OR(_Dach_Typ="Fd",_Dach_Typ="Fdg"),E17="krit"),F24*E30/1000*_Bonus_Blendarm_Stadt,0) -> 0 | I49: CHF
B50: Gestehungskosten Capex Teilfläche bei t.Vb. (exkl. MWSt.)
B51: Leistung | D51: =CONCATENATE(B1,Basisdaten!A84) -> Dachfläche (1)P_TF_t.Vb. | E51: =IF(E25<6,0, IF(AND(OR(_Dach_Typ="Fd",_Dach_Typ="Fdg"),ISNUMBER(F23),ISNUMBER(F24)),(E26*F23+E27*F24)/1000, IF(ISNUMBER(F23),(E26*F23)/1000,0))) -> 0 | F51: kWp | G51: {=_xlfn.IFS(E25<6,"Keine Nutzungspflicht",E16="offen","Reflektion ungeklärt",E17="offen","Reflektion ungeklärt",TRUE,"")} -> Keine Nutzungspflicht
B52: spez. Referenzkosten | E52: =IF(E51>0,VLOOKUP(D51,Basisdaten!C:E,3,FALSE),0) -> 0 | F52: CHF/kWp
B53: Investition | E53: =IF(E51>0,E51*VLOOKUP(D51,Basisdaten!C:E,3,FALSE),0) -> 0 | F53: CHF
B54: Mehrkosten blendarm | E54: =IF(E16="krit",E26*_Aufpreis_Blendarm,0) +IF(E17="krit",E27*_Aufpreis_Blendarm,0) -> 0 | F54: CHF
B55: Förderung | E55: =IF(E51>0,-SUM(E44:E49),0) -> 0 | F55: CHF
B56: Kosten | E56: =SUM(E53:E55) -> 0 | F56: CHF
B57: Gestehungskosten (capex) | D57: Prio_t.Vb. | E57: =IFERROR(E56/(E40*E51)*100/25,0) -> 0 | F57: Rp./kWh | G57: 25 Betriebsjahre exkl. Zins, Unterhalt & Degradation
B59: Relevanz bei g.Min. (exkl. MWSt.)
B60: Leistung | D60: =CONCATENATE(B1,Basisdaten!A99) -> Dachfläche (1)P_TF_g.Min. | E60: =IF(E28<6,0, IF(AND(OR(_Dach_Typ="Fd",_Dach_Typ="Fdg"),ISNUMBER(F23),ISNUMBER(F24)),(E29*F23+E30*F24)/1000, IF(ISNUMBER(F23),(E29*F23)/1000,0))) -> 0 | F60: kWp | G60: {=_xlfn.IFS(E28<6,"Keine Nutzungspflicht",E16="offen","Reflektion ungeklärt",E17="offen","Reflektion ungeklärt",TRUE,"")} -> Keine Nutzungspflicht
B61: spez. Referenzkosten | E61: =IF(E60>0,VLOOKUP(D60,Basisdaten!C:E,3,FALSE),0) -> 0 | F61: CHF
B62: Investition | E62: =IF(E60>0,E60*VLOOKUP(D60,Basisdaten!C:E,3,FALSE),0) -> 0 | F62: CHF
B63: Mehrkosten blendarm | E63: =IF(E16="krit",E29*_Aufpreis_Blendarm,0) +IF(E17="krit",E30*_Aufpreis_Blendarm,0) -> 0 | F63: CHF
B64: Förderung | E64: =IF(E60>0,-SUM(H44:H49),0) -> 0 | F64: CHF
B65: Kosten | E65: =SUM(E62:E64) -> 0 | F65: CHF
B66: Gestehungskosten (capex) | D66: Prio_g.Min. | E66: =IFERROR(E65/(E40*E60)*100/25,0) -> 0 | F66: Rp./kWh | G66: 25 Betriebsjahre exkl. Zins, Unterhalt & Degradation
B69: ="Dachaufbauten "&MID(CELL("dateiname",B2),SEARCH("]",CELL("dateiname",B2))+1,31) -> Dachaufbauten Dachfläche (1)
D70: in Richtung (Grad) | F70: -90 | G70: -180 | H70: 90
D71: Bogenmass | F71: =RADIANS(F70) -> -1.5707963 | G71: =RADIANS(G70) -> -3.1415927 | H71: =RADIANS(H70) -> 1.5707963
D72: Abstandsfaktor | F72: 1 | G72: 3 | H72: 1
D73: Berechneter Faktor | F73: =$F$72*SIN(ATAN(1/$F$72))/SIN(ASIN(SIN($E$19)*COS($F$71-PI()+$E$18))+ATAN(1/$F$72)) -> 1 | G73: =$G$72*SIN(ATAN(1/$G$72))/SIN(ASIN(SIN(-$E$19)*COS($G$71-PI()+$E$18))+ATAN(1/$G$72)) -> 3 | H73: =$H$72*SIN(ATAN(1/$H$72))/SIN(ASIN(SIN($E$19)*COS($H$71-PI()+$E$18))+ATAN(1/$H$72)) -> 1
D74: Dachneigung in Hauptrichtung (Bogenmass) | F74: =ASIN(SIN($E$19)*COS(F71-$E$18)) -> 0 | G74: =ASIN(SIN($E$19)*COS(G71-$E$18)) -> 0 | H74: =ASIN(SIN($E$19)*COS(H71-$E$18)) -> 0
D75: Dachneigung in Hauptrichtung (Grad) | F75: =F74*180/PI() -> 0 | G75: =G74*180/PI() -> 0 | H75: =H74*180/PI() -> 0
B76: =_xlfn._LONGTEXT("Zu Dachrändern, sowie zu Aufbauten dürfen Abstände gemäss technischem Standard berücksichtigt werden. Die Verschattungsabstände durch hohe Objekte können zudem gemäss Kalkulation nach untenstehender Tabelle berücksichtigt werden. (Abstände parallel zur Da","chfläche in die entsprechende Himmelsrichtung)") -> Zu Dachrändern, sowie zu Aufbauten dürfen Abstände gemäss technischem Standard berücksichtigt werden. Die Verschattungsabstände durch hohe Objekte können zudem gemäss Kalkulation nach untenstehender Tabelle berücksichtigt werden. (Abstände parallel zur Dachfläche in die entsprechende Himmelsrichtung)
F77: Abstände auf geneigter Dachfläche
B78: Objekt | C78: Bezeichnung | E78: Höhe | F78: Nach Osten | G78: Nach Norden | H78: Nach Westen
B79: Nr. | E79: [m] | F79: [m] | G79: [m] | H79: [m]
B80: 1 | F80: =IF(ISNUMBER($E80),$E80*IF($F$73>0,MIN($F$72:$F$73),MAX($F$72:$F$73)),"") | G80: =IF(ISNUMBER($E80),$E80*IF($G$73>0,MIN($G$72:$G$73),MAX($G$72:$G$73)),"") | H80: =IF(ISNUMBER($E80),$E80*IF($H$73>0,MIN($H$72:$H$73),MAX($H$72:$H$73)),"")
B81: 2 | F81: =IF(ISNUMBER($E81),$E81*IF($F$73>0,MIN($F$72:$F$73),MAX($F$72:$F$73)),"") | G81: =IF(ISNUMBER($E81),$E81*IF($G$73>0,MIN($G$72:$G$73),MAX($G$72:$G$73)),"") | H81: =IF(ISNUMBER($E81),$E81*IF($H$73>0,MIN($H$72:$H$73),MAX($H$72:$H$73)),"")
B82: 3 | F82: =IF(ISNUMBER($E82),$E82*IF($F$73>0,MIN($F$72:$F$73),MAX($F$72:$F$73)),"") | G82: =IF(ISNUMBER($E82),$E82*IF($G$73>0,MIN($G$72:$G$73),MAX($G$72:$G$73)),"") | H82: =IF(ISNUMBER($E82),$E82*IF($H$73>0,MIN($H$72:$H$73),MAX($H$72:$H$73)),"")
B83: 4 | F83: =IF(ISNUMBER($E83),$E83*IF($F$73>0,MIN($F$72:$F$73),MAX($F$72:$F$73)),"") | G83: =IF(ISNUMBER($E83),$E83*IF($G$73>0,MIN($G$72:$G$73),MAX($G$72:$G$73)),"") | H83: =IF(ISNUMBER($E83),$E83*IF($H$73>0,MIN($H$72:$H$73),MAX($H$72:$H$73)),"")
B84: 5 | F84: =IF(ISNUMBER($E84),$E84*IF($F$73>0,MIN($F$72:$F$73),MAX($F$72:$F$73)),"") | G84: =IF(ISNUMBER($E84),$E84*IF($G$73>0,MIN($G$72:$G$73),MAX($G$72:$G$73)),"") | H84: =IF(ISNUMBER($E84),$E84*IF($H$73>0,MIN($H$72:$H$73),MAX($H$72:$H$73)),"")

Sheet Dachfläche (2)
B1: =MID(CELL("dateiname",B2),SEARCH("]",CELL("dateiname",B2))+1,31) -> Dachfläche (2)
B2: ="Zusammenstellung Kennwerte "&B1 -> Zusammenstellung Kennwerte Dachfläche (2)
B4: Projektinformationen
B5: ='3 Bericht'!B2 -> Projektname | E5: =_Projektname -> 0 | H5: ='3 Bericht'!J2 -> Netzversorger | K5: =_Netzversorger -> 0
B6: ='3 Bericht'!B3 -> Adresse | E6: =_Adresse -> 0 | H6: ='3 Bericht'!J3 -> Fertigstellung (geplant) | K6: =_Datum_IBS -> 0
B7: ='3 Bericht'!B4 -> PLZ Ort | E7: =_PLZ -> 0 | H7: ='3 Bericht'!J5 -> MWSt. pflichtig | K7: ='3 Bericht'!M5 -> Nein
B9: Angaben Dachfläche
B10: Bezeichnung Teilfläche | D10: Bez.
B11: Dachtyp | D11: Typ-lang | G11: Flachdach / Flachdach begrünt / Schrägdach / Parkplatz
D12: Typ | E12: =IFERROR(VLOOKUP(E11,Basisdaten!B151:C154,2,FALSE),"")
B13: Nutzbare Dachfläche | D13: Fläche | F13: m2 | G13: Gemäss Vollzugshilfe EN-204
B14: =IF(OR(_Dach_Typ="Fdg",_Dach_Typ="Fd"),"Hauptausrichtung","Ausrichtung") -> Ausrichtung | D14: Az. | F14: ° | G14: Süd = 0° / Ost -90° / West 90° / Nord +/- 180°
B15: =IF(OR(_Dach_Typ="Fdg",_Dach_Typ="Fd"),"Modulneigung","Dachneigung") -> Dachneigung | D15: Neig. | F15: ° | G15: 0° = Horizontal / 90° = Vertikal (Fassade)
B16: =IF(OR(_Dach_Typ="Fdg",_Dach_Typ="Fd"),"Blendung in Hauptausrichtung","Blendung") -> Blendung | D16: Blend.HA. | G16: =IFERROR(VLOOKUP(E16,_Reflektionstyp,2,FALSE),"Abklärung erforderlich") -> Abklärung erforderlich
B17: Blendung in Zweitausrichtung | D17: Blend.ZA. | E17: offen | G17: =IFERROR(VLOOKUP(E17,_Reflektionstyp,2,FALSE),"Abklärung erforderlich") -> Reflektionen klären! (unkritisch / kritisch)
C18: Ausrichtung (Bogenmass) | E18: =RADIANS(E14) -> 0
C19: Neigung (Bogenmass) | E19: =IF(_Dach_Typ=INDEX(_Liste_Dachtypen,1),0,-RADIANS(E15)) -> 0
B21: PV-Generator
B22: Modulorientierung | D22: Orient. | G22: Hochformat | H22: Querformat
B23: =IF(OR(_Dach_Typ="Fdg",_Dach_Typ="Fd"),"Modultyp für Hauptausrichtung","Modultyp") -> Modultyp | D23: M.Typ.HA. | E23: =IF($E16="krit","Blendarm","Standard") -> Standard | F23: =IF(E16="krit",_Modulleistung_Blendarm,_Modulleistung_Standard) -> 475 | G23: Wp
B24: Modultyp für Zweitausrichtung | D24: M.Typ.ZA. | E24: =IF($E17="krit","Blendarm","Standard") -> Standard | F24: {=_xlfn.IFS(_Dach_Typ="Sd",0,_Dach_Typ="Pp",0,TRUE,IF(E17="krit",_Modulleistung_Blendarm,_Modulleistung_Standard))} -> 475 | G24: Wp
B25: Anz. Module technische Vollbelegung | F25: =IF(OR(_Dach_Typ="Sd",_Dach_Typ="Pp"),"Stk. ("&E23&")","") | G25: (Variante "t.Vb.")
B26: ="Davon in Hauptausrichtung: "&E14&"°" -> Davon in Hauptausrichtung: ° | D26: t.Vb.HA. | E26: =IF(OR(_Dach_Typ="Sd",_Dach_Typ="Pp"),E25, IF(AND(OR(_Dach_Typ="Fd",_Dach_Typ="Fdg"),OR(ISBLANK(G26),G26>E25)),ROUNDUP(E25/2,0),G26)) -> 0 | F26: ="Stk. ("&E23&")" -> Stk. (Standard) | H26: Stk. | I26: =IF(G26>E25,"ungültiger Wert","Manuelle Eingabe") -> Manuelle Eingabe
B27: ="und in Zweitausrichtung: "&E14-180*SIGN(E14)&"°" -> und in Zweitausrichtung: 0° | D27: t.Vb.ZA. | E27: =E25-E26 -> 0 | F27: ="Stk. ("&E24&")" -> Stk. (Standard)
B28: Anz. Module gesetzliches Minimum | E28: =E25 -> 0 | F28: =IF(OR(_Dach_Typ="Sd",_Dach_Typ="Pp"),"Stk. ("&E23&")","") | G28: (Variante "g.Min.")
B29: ="Davon in Hauptausrichtung: "&E14&"°" -> Davon in Hauptausrichtung: ° | D29: g.Min.HA. | E29: =IF(OR(_Dach_Typ="Sd",_Dach_Typ="Pp"),E28, IF(AND(OR(_Dach_Typ="Fd",_Dach_Typ="Fdg"),OR(ISBLANK(G29),G29>E28)),ROUNDUP(E28/2,0),G29)) -> 0 | F29: ="Stk. ("&E23&")" -> Stk. (Standard) | H29: Stk. | I29: =IF(G29>E28,"ungültiger Wert","Manuelle Eingabe") -> Manuelle Eingabe
B30: ="und in Zweitausrichtung: "&E14-180*SIGN(E14)&"°" -> und in Zweitausrichtung: 0° | D30: g.Min.ZA. | E30: =E28-E29 -> 0 | F30: ="Stk. ("&E24&")" -> Stk. (Standard)
B32: Spezifischer Jahresertrag der Teilfläche
B33: Espez | C33: Horizontal | E33: =_Spez_Ertrag_Standort -> 900 | F33: kWh/kWp/a | G33: ="Spezifischer Ertrag am Standort bei horizontaler Montage" -> Spezifischer Ertrag am Standort bei horizontaler Montage
B34: Fkorr. | C34: =IF(OR(_Dach_Typ="Fdg",_Dach_Typ="Fd"),"Hauptausrichtung","Ausrichtung") -> Ausrichtung | D34: Fkorr_HA. | E34: {=(INDEX(_Faktor_Ausrichtung,ROUND(((E15/_RasterNeigung))+1,0),ROUND((((E14)/_RasterAzimut))+180/_RasterAzimut+1,0),1))} -> 1 | G34: ="Abweichung durch "&C34 -> Abweichung durch Ausrichtung
B35: Fkorr. | C35: Zweitausrichtung | D35: Fkorr_g.Min. | E35: {=INDEX(_Faktor_Ausrichtung,ROUND(((E15/_RasterNeigung))+1,0),ROUND((((E14-180*SIGN(E14))/_RasterAzimut))+180/_RasterAzimut+1,0),1)} -> 1 | G35: ="Abweichung durch "&C35 -> Abweichung durch Zweitausrichtung
B36: Espez | C36: korr. "t.Vb." | E36: =IFERROR(E33*((E34*E26)+(E35*E27))/(E26+E27),"") | F36: kWh/kWp/a | G36: Ausrichtungskorrigierter Spezifischer Ertrag
B37: Espez | C37: korr. "g.Min." | E37: =IFERROR(E33*((E34*E29)+(E35*E30))/(E29+E30),"") | F37: kWh/kWp/a | G37: Ausrichtungskorrigierter Spezifischer Ertrag
B38: Espez | C38: =C34 -> Ausrichtung | D38: Spez.E_Eingabe | F38: kWh/kWp/a | G38: Benutzerdefinierter Wert (Durch Bauherrschaft zu belegen)
B39: Espez | C39: Zweitausrichtung | F39: kWh/kWp/a | G39: Benutzerdefinierter Wert (Durch Bauherrschaft zu belegen)
B40: Espez | C40: Rechenwert "t.Vb." | D40: Spez.E_t.Vb. | E40: =IF(AND(OR(_Dach_Typ="Fdg",_Dach_Typ="Fd"),E27>0,ISNUMBER(E38),ISNUMBER(E39)),(E38*E26+E39*E27)/(E25), IF(AND(OR(AND(OR(_Dach_Typ="Fdg",_Dach_Typ="Fd"),E27=0),_Dach_Typ="Sd",_Dach_Typ="Pp"),ISNUMBER(E38)),E38, IF(AND(OR(E27>0,E30>0),ISNUMBER(E38),NOT(ISNUMBER(E39))),0,E36))) | F40: kWh/kWp/a | G40: =IF(E40=0,"Eingabe Zweitausrichtung erforderlich","Rechenwert spez. Jahresertrag bei technischer Vollbelegung") -> Rechenwert spez. Jahresertrag bei technischer Vollbelegung
B41: Espez | C41: Rechenwert "g.Min." | D41: Spez.E_g.Min. | E41: =IF(AND(OR(_Dach_Typ="Fdg",_Dach_Typ="Fd"),E30>0,ISNUMBER(E38),ISNUMBER(E39)),(E38*E29+E39*E30)/(E28), IF(AND(OR(AND(OR(_Dach_Typ="Fdg",_Dach_Typ="Fd"),E30=0),_Dach_Typ="Sd",_Dach_Typ="Pp"),ISNUMBER(E38)),E38,E37)) | F41: kWh/kWp/a | G41: =IF(E41=0,"Eingabe Zweitausrichtung erforderlich","Rechenwert spez. Jahresertrag bei gesetzlichem Minimum") -> Rechenwert spez. Jahresertrag bei gesetzlichem Minimum
B43: Förderzuschläge | E43: technische Vollbelegung (t.Vb.) | H43: gesetzliches Minimum (g.Min.)
B44: Förderung auf Leistung | E44: =IFERROR(_EIV_t.Vb./_Anlageleistung_t.Vb.*E51,0) -> 0 | F44: CHF | H44: =IFERROR(_EIV_g.Min./_Anlageleistung_g.Min.*E60,0) -> 0 | I44: CHF
B45: Fassadenbonus pronovo | D45: B.Fassade | E45: =IF(AND(E15>=_Neigungswinkel_für_NB_Bund,E15<=90),(E26*F23)/1000*_Bonus_Neigungswinkel_Bund+IF(OR(_Dach_Typ="Fd",_Dach_Typ="Fdg"),(F24*E27)/1000*_Bonus_Neigungswinkel_Bund,0),0) -> 0 | F45: CHF | H45: =IF(AND(E15>=_Neigungswinkel_für_NB_Bund,E15<=90),(E29*F23)/1000*_Bonus_Neigungswinkel_Bund+IF(OR(_Dach_Typ="Fd",_Dach_Typ="Fdg"),(F24*E30)/1000*_Bonus_Neigungswinkel_Bund,0),0) -> 0 | I45: CHF
B46: Parkplatzbonus pronovo | D46: B.PP | E46: =IFERROR(IF(AND(E11=Basisdaten!B154,(E26*F23+E27*F24)/1000>=_Schwelle_PPBonus),(E26*F23+E27*F24)/1000*_Bonus_Pp_pronovo,0),0) -> 0 | F46: CHF | H46: =IFERROR(IF(AND(E11=Basisdaten!B154,(E29*F23+E30*F24)/1000>=_Schwelle_PPBonus),(E29*F23+E30*F24)/1000*_Bonus_Pp_pronovo,0),0) -> 0 | I46: CHF
B47: Bonus Steile Anlagen | D47: B.Neig | E47: =IF(AND(E15>=_Neigungswinkel_für_NB_Bund,E15<=90,NOT(_Dach_Typ="Fdg")), ((E17="unk")*E26*_Modullänge_Standard*_Modulbreite_Standard +(E16="unk")*E27*_Modullänge_Standard*_Modulbreite_Standard +(E17="krit")*E26*_Modullänge_Blendarm*_Modulbreite_Blendarm +(E16="krit")*E27*_Modullänge_Blendarm*_Modulbreite_Blendarm) *_Bonus_Steil_Stadt,0) -> 0 | F47: CHF | H47: =IF(AND(E15>=_Neigungswinkel_für_NB_Bund,E15<=90,NOT(_Dach_Typ="Fdg")), ((E17="unk")*E29*_Modullänge_Standard*_Modulbreite_Standard +(E16="unk")*E30*_Modullänge_Standard*_Modulbreite_Standard +(E17="krit")*E29*_Modullänge_Blendarm*_Modulbreite_Blendarm +(E16="krit")*E30*_Modullänge_Blendarm*_Modulbreite_Blendarm) *_Bonus_Steil_Stadt,0) -> 0 | I47: CHF
B48: Bonus Dachbegrünung | D48: B.Grün | E48: =IF(_Dach_Typ="Fdg",(E26*F23+E27*F24)/1000*_Bonus_Gründach_Stadt,0) -> 0 | F48: CHF | H48: =IF(_Dach_Typ="Fdg",(E29*F23+E30*F24)/1000*_Bonus_Gründach_Stadt,0) -> 0 | I48: CHF
B49: Bonus Blendarme Module | D49: B.Blendarm | E49: =IF(E16="krit",E26*F23/1000*_Bonus_Blendarm_Stadt,0) +IF(AND(OR(_Dach_Typ="Fd",_Dach_Typ="Fdg"),E17="krit"),F24*E27/1000*_Bonus_Blendarm_Stadt,0) -> 0 | F49: CHF | H49: =IF(E16="krit",E29*F23/1000*_Bonus_Blendarm_Stadt,0) +IF(AND(OR(_Dach_Typ="Fd",_Dach_Typ="Fdg"),E17="krit"),F24*E30/1000*_Bonus_Blendarm_Stadt,0) -> 0 | I49: CHF
B50: Gestehungskosten Capex Teilfläche bei t.Vb. (exkl. MWSt.)
B51: Leistung | D51: =CONCATENATE(B1,Basisdaten!A84) -> Dachfläche (2)P_TF_t.Vb. | E51: =IF(E25<6,0, IF(AND(OR(_Dach_Typ="Fd",_Dach_Typ="Fdg"),ISNUMBER(F23),ISNUMBER(F24)),(E26*F23+E27*F24)/1000, IF(ISNUMBER(F23),(E26*F23)/1000,0))) -> 0 | F51: kWp | G51: {=_xlfn.IFS(E25<6,"Keine Nutzungspflicht",E16="offen","Reflektion ungeklärt",E17="offen","Reflektion ungeklärt",TRUE,"")} -> Keine Nutzungspflicht
B52: spez. Referenzkosten | E52: =IF(E51>0,VLOOKUP(D51,Basisdaten!C:E,3,FALSE),0) -> 0 | F52: CHF/kWp
B53: Investition | E53: =IF(E51>0,E51*VLOOKUP(D51,Basisdaten!C:E,3,FALSE),0) -> 0 | F53: CHF
B54: Mehrkosten blendarm | E54: =IF(E16="krit",E26*_Aufpreis_Blendarm,0) +IF(E17="krit",E27*_Aufpreis_Blendarm,0) -> 0 | F54: CHF
B55: Förderung | E55: =IF(E51>0,-SUM(E44:E49),0) -> 0 | F55: CHF
B56: Kosten | E56: =SUM(E53:E55) -> 0 | F56: CHF
B57: Gestehungskosten (capex) | D57: Prio_t.Vb. | E57: =IFERROR(E56/(E40*E51)*100/25,0) -> 0 | F57: Rp./kWh | G57: 25 Betriebsjahre exkl. Zins, Unterhalt & Degradation
B59: Relevanz bei g.Min. (exkl. MWSt.)
B60: Leistung | D60: =CONCATENATE(B1,Basisdaten!A99) -> Dachfläche (2)P_TF_g.Min. | E60: =IF(E28<6,0, IF(AND(OR(_Dach_Typ="Fd",_Dach_Typ="Fdg"),ISNUMBER(F23),ISNUMBER(F24)),(E29*F23+E30*F24)/1000, IF(ISNUMBER(F23),(E29*F23)/1000,0))) -> 0 | F60: kWp | G60: {=_xlfn.IFS(E28<6,"Keine Nutzungspflicht",E16="offen","Reflektion ungeklärt",E17="offen","Reflektion ungeklärt",TRUE,"")} -> Keine Nutzungspflicht
B61: spez. Referenzkosten | E61: =IF(E60>0,VLOOKUP(D60,Basisdaten!C:E,3,FALSE),0) -> 0 | F61: CHF
B62: Investition | E62: =IF(E60>0,E60*VLOOKUP(D60,Basisdaten!C:E,3,FALSE),0) -> 0 | F62: CHF
B63: Mehrkosten blendarm | E63: =IF(E16="krit",E29*_Aufpreis_Blendarm,0) +IF(E17="krit",E30*_Aufpreis_Blendarm,0) -> 0 | F63: CHF
B64: Förderung | E64: =IF(E60>0,-SUM(H44:H49),0) -> 0 | F64: CHF
B65: Kosten | E65: =SUM(E62:E64) -> 0 | F65: CHF
B66: Gestehungskosten (capex) | D66: Prio_g.Min. | E66: =IFERROR(E65/(E40*E60)*100/25,0) -> 0 | F66: Rp./kWh | G66: 25 Betriebsjahre exkl. Zins, Unterhalt & Degradation
B69: ="Dachaufbauten "&MID(CELL("dateiname",B2),SEARCH("]",CELL("dateiname",B2))+1,31) -> Dachaufbauten Dachfläche (2)
D70: in Richtung (Grad) | F70: -90 | G70: -180 | H70: 90
D71: Bogenmass | F71: =RADIANS(F70) -> -1.5707963 | G71: =RADIANS(G70) -> -3.1415927 | H71: =RADIANS(H70) -> 1.5707963
D72: Abstandsfaktor | F72: 1 | G72: 3 | H72: 1
D73: Berechneter Faktor | F73: =$F$72*SIN(ATAN(1/$F$72))/SIN(ASIN(SIN($E$19)*COS($F$71-PI()+$E$18))+ATAN(1/$F$72)) -> 1 | G73: =$G$72*SIN(ATAN(1/$G$72))/SIN(ASIN(SIN(-$E$19)*COS($G$71-PI()+$E$18))+ATAN(1/$G$72)) -> 3 | H73: =$H$72*SIN(ATAN(1/$H$72))/SIN(ASIN(SIN($E$19)*COS($H$71-PI()+$E$18))+ATAN(1/$H$72)) -> 1
D74: Dachneigung in Hauptrichtung (Bogenmass) | F74: =ASIN(SIN($E$19)*COS(F71-$E$18)) -> 0 | G74: =ASIN(SIN($E$19)*COS(G71-$E$18)) -> 0 | H74: =ASIN(SIN($E$19)*COS(H71-$E$18)) -> 0
D75: Dachneigung in Hauptrichtung (Grad) | F75: =F74*180/PI() -> 0 | G75: =G74*180/PI() -> 0 | H75: =H74*180/PI() -> 0
B76: =_xlfn._LONGTEXT("Zu Dachrändern, sowie zu Aufbauten dürfen Abstände gemäss technischem Standard berücksichtigt werden. Die Verschattungsabstände durch hohe Objekte können zudem gemäss Kalkulation nach untenstehender Tabelle berücksichtigt werden. (Abstände parallel zur Da","chfläche in die entsprechende Himmelsrichtung)") -> Zu Dachrändern, sowie zu Aufbauten dürfen Abstände gemäss technischem Standard berücksichtigt werden. Die Verschattungsabstände durch hohe Objekte können zudem gemäss Kalkulation nach untenstehender Tabelle berücksichtigt werden. (Abstände parallel zur Dachfläche in die entsprechende Himmelsrichtung)
F77: Abstände auf geneigter Dachfläche
B78: Objekt | C78: Bezeichnung | E78: Höhe | F78: Nach Osten | G78: Nach Norden | H78: Nach Westen
B79: Nr. | E79: [m] | F79: [m] | G79: [m] | H79: [m]
B80: 1 | F80: =IF(ISNUMBER($E80),$E80*IF($F$73>0,MIN($F$72:$F$73),MAX($F$72:$F$73)),"") | G80: =IF(ISNUMBER($E80),$E80*IF($G$73>0,MIN($G$72:$G$73),MAX($G$72:$G$73)),"") | H80: =IF(ISNUMBER($E80),$E80*IF($H$73>0,MIN($H$72:$H$73),MAX($H$72:$H$73)),"")
B81: 2 | F81: =IF(ISNUMBER($E81),$E81*IF($F$73>0,MIN($F$72:$F$73),MAX($F$72:$F$73)),"") | G81: =IF(ISNUMBER($E81),$E81*IF($G$73>0,MIN($G$72:$G$73),MAX($G$72:$G$73)),"") | H81: =IF(ISNUMBER($E81),$E81*IF($H$73>0,MIN($H$72:$H$73),MAX($H$72:$H$73)),"")
B82: 3 | F82: =IF(ISNUMBER($E82),$E82*IF($F$73>0,MIN($F$72:$F$73),MAX($F$72:$F$73)),"") | G82: =IF(ISNUMBER($E82),$E82*IF($G$73>0,MIN($G$72:$G$73),MAX($G$72:$G$73)),"") | H82: =IF(ISNUMBER($E82),$E82*IF($H$73>0,MIN($H$72:$H$73),MAX($H$72:$H$73)),"")
B83: 4 | F83: =IF(ISNUMBER($E83),$E83*IF($F$73>0,MIN($F$72:$F$73),MAX($F$72:$F$73)),"") | G83: =IF(ISNUMBER($E83),$E83*IF($G$73>0,MIN($G$72:$G$73),MAX($G$72:$G$73)),"") | H83: =IF(ISNUMBER($E83),$E83*IF($H$73>0,MIN($H$72:$H$73),MAX($H$72:$H$73)),"")
B84: 5 | F84: =IF(ISNUMBER($E84),$E84*IF($F$73>0,MIN($F$72:$F$73),MAX($F$72:$F$73)),"") | G84: =IF(ISNUMBER($E84),$E84*IF($G$73>0,MIN($G$72:$G$73),MAX($G$72:$G$73)),"") | H84: =IF(ISNUMBER($E84),$E84*IF($H$73>0,MIN($H$72:$H$73),MAX($H$72:$H$73)),"")

Sheet Dachfläche (3)
B1: =MID(CELL("dateiname",B2),SEARCH("]",CELL("dateiname",B2))+1,31) -> Dachfläche (3)
B2: ="Zusammenstellung Kennwerte "&B1 -> Zusammenstellung Kennwerte Dachfläche (3)
B4: Projektinformationen
B5: ='3 Bericht'!B2 -> Projektname | E5: =_Projektname -> 0 | H5: ='3 Bericht'!J2 -> Netzversorger | K5: =_Netzversorger -> 0
B6: ='3 Bericht'!B3 -> Adresse | E6: =_Adresse -> 0 | H6: ='3 Bericht'!J3 -> Fertigstellung (geplant) | K6: =_Datum_IBS -> 0
B7: ='3 Bericht'!B4 -> PLZ Ort | E7: =_PLZ -> 0 | H7: ='3 Bericht'!J5 -> MWSt. pflichtig | K7: ='3 Bericht'!M5 -> Nein
B9: Angaben Dachfläche
B10: Bezeichnung Teilfläche | D10: Bez.
B11: Dachtyp | D11: Typ-lang | G11: Flachdach / Flachdach begrünt / Schrägdach / Parkplatz
D12: Typ | E12: =IFERROR(VLOOKUP(E11,Basisdaten!B151:C154,2,FALSE),"")
B13: Nutzbare Dachfläche | D13: Fläche | F13: m2 | G13: Gemäss Vollzugshilfe EN-204
B14: =IF(OR(_Dach_Typ="Fdg",_Dach_Typ="Fd"),"Hauptausrichtung","Ausrichtung") -> Ausrichtung | D14: Az. | F14: ° | G14: Süd = 0° / Ost -90° / West 90° / Nord +/- 180°
B15: =IF(OR(_Dach_Typ="Fdg",_Dach_Typ="Fd"),"Modulneigung","Dachneigung") -> Dachneigung | D15: Neig. | F15: ° | G15: 0° = Horizontal / 90° = Vertikal (Fassade)
B16: =IF(OR(_Dach_Typ="Fdg",_Dach_Typ="Fd"),"Blendung in Hauptausrichtung","Blendung") -> Blendung | D16: Blend.HA. | G16: =IFERROR(VLOOKUP(E16,_Reflektionstyp,2,FALSE),"Abklärung erforderlich") -> Abklärung erforderlich
B17: Blendung in Zweitausrichtung | D17: Blend.ZA. | E17: offen | G17: =IFERROR(VLOOKUP(E17,_Reflektionstyp,2,FALSE),"Abklärung erforderlich") -> Reflektionen klären! (unkritisch / kritisch)
C18: Ausrichtung (Bogenmass) | E18: =RADIANS(E14) -> 0
C19: Neigung (Bogenmass) | E19: =IF(_Dach_Typ=INDEX(_Liste_Dachtypen,1),0,-RADIANS(E15)) -> 0
B21: PV-Generator
B22: Modulorientierung | D22: Orient. | G22: Hochformat | H22: Querformat
B23: =IF(OR(_Dach_Typ="Fdg",_Dach_Typ="Fd"),"Modultyp für Hauptausrichtung","Modultyp") -> Modultyp | D23: M.Typ.HA. | E23: =IF($E16="krit","Blendarm","Standard") -> Standard | F23: =IF(E16="krit",_Modulleistung_Blendarm,_Modulleistung_Standard) -> 475 | G23: Wp
B24: Modultyp für Zweitausrichtung | D24: M.Typ.ZA. | E24: =IF($E17="krit","Blendarm","Standard") -> Standard | F24: {=_xlfn.IFS(_Dach_Typ="Sd",0,_Dach_Typ="Pp",0,TRUE,IF(E17="krit",_Modulleistung_Blendarm,_Modulleistung_Standard))} -> 475 | G24: Wp
B25: Anz. Module technische Vollbelegung | F25: =IF(OR(_Dach_Typ="Sd",_Dach_Typ="Pp"),"Stk. ("&E23&")","") | G25: (Variante "t.Vb.")
B26: ="Davon in Hauptausrichtung: "&E14&"°" -> Davon in Hauptausrichtung: ° | D26: t.Vb.HA. | E26: =IF(OR(_Dach_Typ="Sd",_Dach_Typ="Pp"),E25, IF(AND(OR(_Dach_Typ="Fd",_Dach_Typ="Fdg"),OR(ISBLANK(G26),G26>E25)),ROUNDUP(E25/2,0),G26)) -> 0 | F26: ="Stk. ("&E23&")" -> Stk. (Standard) | H26: Stk. | I26: =IF(G26>E25,"ungültiger Wert","Manuelle Eingabe") -> Manuelle Eingabe
B27: ="und in Zweitausrichtung: "&E14-180*SIGN(E14)&"°" -> und in Zweitausrichtung: 0° | D27: t.Vb.ZA. | E27: =E25-E26 -> 0 | F27: ="Stk. ("&E24&")" -> Stk. (Standard)
B28: Anz. Module gesetzliches Minimum | E28: =E25 -> 0 | F28: =IF(OR(_Dach_Typ="Sd",_Dach_Typ="Pp"),"Stk. ("&E23&")","") | G28: (Variante "g.Min.")
B29: ="Davon in Hauptausrichtung: "&E14&"°" -> Davon in Hauptausrichtung: ° | D29: g.Min.HA. | E29: =IF(OR(_Dach_Typ="Sd",_Dach_Typ="Pp"),E28, IF(AND(OR(_Dach_Typ="Fd",_Dach_Typ="Fdg"),OR(ISBLANK(G29),G29>E28)),ROUNDUP(E28/2,0),G29)) -> 0 | F29: ="Stk. ("&E23&")" -> Stk. (Standard) | H29: Stk. | I29: =IF(G29>E28,"ungültiger Wert","Manuelle Eingabe") -> Manuelle Eingabe
B30: ="und in Zweitausrichtung: "&E14-180*SIGN(E14)&"°" -> und in Zweitausrichtung: 0° | D30: g.Min.ZA. | E30: =E28-E29 -> 0 | F30: ="Stk. ("&E24&")" -> Stk. (Standard)
B32: Spezifischer Jahresertrag der Teilfläche
B33: Espez | C33: Horizontal | E33: =_Spez_Ertrag_Standort -> 900 | F33: kWh/kWp/a | G33: ="Spezifischer Ertrag am Standort bei horizontaler Montage" -> Spezifischer Ertrag am Standort bei horizontaler Montage
B34: Fkorr. | C34: =IF(OR(_Dach_Typ="Fdg",_Dach_Typ="Fd"),"Hauptausrichtung","Ausrichtung") -> Ausrichtung | D34: Fkorr_HA. | E34: {=(INDEX(_Faktor_Ausrichtung,ROUND(((E15/_RasterNeigung))+1,0),ROUND((((E14)/_RasterAzimut))+180/_RasterAzimut+1,0),1))} -> 1 | G34: ="Abweichung durch "&C34 -> Abweichung durch Ausrichtung
B35: Fkorr. | C35: Zweitausrichtung | D35: Fkorr_g.Min. | E35: {=INDEX(_Faktor_Ausrichtung,ROUND(((E15/_RasterNeigung))+1,0),ROUND((((E14-180*SIGN(E14))/_RasterAzimut))+180/_RasterAzimut+1,0),1)} -> 1 | G35: ="Abweichung durch "&C35 -> Abweichung durch Zweitausrichtung
B36: Espez | C36: korr. "t.Vb." | E36: =IFERROR(E33*((E34*E26)+(E35*E27))/(E26+E27),"") | F36: kWh/kWp/a | G36: Ausrichtungskorrigierter Spezifischer Ertrag
B37: Espez | C37: korr. "g.Min." | E37: =IFERROR(E33*((E34*E29)+(E35*E30))/(E29+E30),"") | F37: kWh/kWp/a | G37: Ausrichtungskorrigierter Spezifischer Ertrag
B38: Espez | C38: =C34 -> Ausrichtung | D38: Spez.E_Eingabe | F38: kWh/kWp/a | G38: Benutzerdefinierter Wert (Durch Bauherrschaft zu belegen)
B39: Espez | C39: Zweitausrichtung | F39: kWh/kWp/a | G39: Benutzerdefinierter Wert (Durch Bauherrschaft zu belegen)
B40: Espez | C40: Rechenwert "t.Vb." | D40: Spez.E_t.Vb. | E40: =IF(AND(OR(_Dach_Typ="Fdg",_Dach_Typ="Fd"),E27>0,ISNUMBER(E38),ISNUMBER(E39)),(E38*E26+E39*E27)/(E25), IF(AND(OR(AND(OR(_Dach_Typ="Fdg",_Dach_Typ="Fd"),E27=0),_Dach_Typ="Sd",_Dach_Typ="Pp"),ISNUMBER(E38)),E38, IF(AND(OR(E27>0,E30>0),ISNUMBER(E38),NOT(ISNUMBER(E39))),0,E36))) | F40: kWh/kWp/a | G40: =IF(E40=0,"Eingabe Zweitausrichtung erforderlich","Rechenwert spez. Jahresertrag bei technischer Vollbelegung") -> Rechenwert spez. Jahresertrag bei technischer Vollbelegung
B41: Espez | C41: Rechenwert "g.Min." | D41: Spez.E_g.Min. | E41: =IF(AND(OR(_Dach_Typ="Fdg",_Dach_Typ="Fd"),E30>0,ISNUMBER(E38),ISNUMBER(E39)),(E38*E29+E39*E30)/(E28), IF(AND(OR(AND(OR(_Dach_Typ="Fdg",_Dach_Typ="Fd"),E30=0),_Dach_Typ="Sd",_Dach_Typ="Pp"),ISNUMBER(E38)),E38,E37)) | F41: kWh/kWp/a | G41: =IF(E41=0,"Eingabe Zweitausrichtung erforderlich","Rechenwert spez. Jahresertrag bei gesetzlichem Minimum") -> Rechenwert spez. Jahresertrag bei gesetzlichem Minimum
B43: Förderzuschläge | E43: technische Vollbelegung (t.Vb.) | H43: gesetzliches Minimum (g.Min.)
B44: Förderung auf Leistung | E44: =IFERROR(_EIV_t.Vb./_Anlageleistung_t.Vb.*E51,0) -> 0 | F44: CHF | H44: =IFERROR(_EIV_g.Min./_Anlageleistung_g.Min.*E60,0) -> 0 | I44: CHF
B45: Fassadenbonus pronovo | D45: B.Fassade | E45: =IF(AND(E15>=_Neigungswinkel_für_NB_Bund,E15<=90),(E26*F23)/1000*_Bonus_Neigungswinkel_Bund+IF(OR(_Dach_Typ="Fd",_Dach_Typ="Fdg"),(F24*E27)/1000*_Bonus_Neigungswinkel_Bund,0),0) -> 0 | F45: CHF | H45: =IF(AND(E15>=_Neigungswinkel_für_NB_Bund,E15<=90),(E29*F23)/1000*_Bonus_Neigungswinkel_Bund+IF(OR(_Dach_Typ="Fd",_Dach_Typ="Fdg"),(F24*E30)/1000*_Bonus_Neigungswinkel_Bund,0),0) -> 0 | I45: CHF
B46: Parkplatzbonus pronovo | D46: B.PP | E46: =IFERROR(IF(AND(E11=Basisdaten!B154,(E26*F23+E27*F24)/1000>=_Schwelle_PPBonus),(E26*F23+E27*F24)/1000*_Bonus_Pp_pronovo,0),0) -> 0 | F46: CHF | H46: =IFERROR(IF(AND(E11=Basisdaten!B154,(E29*F23+E30*F24)/1000>=_Schwelle_PPBonus),(E29*F23+E30*F24)/1000*_Bonus_Pp_pronovo,0),0) -> 0 | I46: CHF
B47: Bonus Steile Anlagen | D47: B.Neig | E47: =IF(AND(E15>=_Neigungswinkel_für_NB_Bund,E15<=90,NOT(_Dach_Typ="Fdg")), ((E17="unk")*E26*_Modullänge_Standard*_Modulbreite_Standard +(E16="unk")*E27*_Modullänge_Standard*_Modulbreite_Standard +(E17="krit")*E26*_Modullänge_Blendarm*_Modulbreite_Blendarm +(E16="krit")*E27*_Modullänge_Blendarm*_Modulbreite_Blendarm) *_Bonus_Steil_Stadt,0) -> 0 | F47: CHF | H47: =IF(AND(E15>=_Neigungswinkel_für_NB_Bund,E15<=90,NOT(_Dach_Typ="Fdg")), ((E17="unk")*E29*_Modullänge_Standard*_Modulbreite_Standard +(E16="unk")*E30*_Modullänge_Standard*_Modulbreite_Standard +(E17="krit")*E29*_Modullänge_Blendarm*_Modulbreite_Blendarm +(E16="krit")*E30*_Modullänge_Blendarm*_Modulbreite_Blendarm) *_Bonus_Steil_Stadt,0) -> 0 | I47: CHF
B48: Bonus Dachbegrünung | D48: B.Grün | E48: =IF(_Dach_Typ="Fdg",(E26*F23+E27*F24)/1000*_Bonus_Gründach_Stadt,0) -> 0 | F48: CHF | H48: =IF(_Dach_Typ="Fdg",(E29*F23+E30*F24)/1000*_Bonus_Gründach_Stadt,0) -> 0 | I48: CHF
B49: Bonus Blendarme Module | D49: B.Blendarm | E49: =IF(E16="krit",E26*F23/1000*_Bonus_Blendarm_Stadt,0) +IF(AND(OR(_Dach_Typ="Fd",_Dach_Typ="Fdg"),E17="krit"),F24*E27/1000*_Bonus_Blendarm_Stadt,0) -> 0 | F49: CHF | H49: =IF(E16="krit",E29*F23/1000*_Bonus_Blendarm_Stadt,0) +IF(AND(OR(_Dach_Typ="Fd",_Dach_Typ="Fdg"),E17="krit"),F24*E30/1000*_Bonus_Blendarm_Stadt,0) -> 0 | I49: CHF
B50: Gestehungskosten Capex Teilfläche bei t.Vb. (exkl. MWSt.)
B51: Leistung | D51: =CONCATENATE(B1,Basisdaten!A84) -> Dachfläche (3)P_TF_t.Vb. | E51: =IF(E25<6,0, IF(AND(OR(_Dach_Typ="Fd",_Dach_Typ="Fdg"),ISNUMBER(F23),ISNUMBER(F24)),(E26*F23+E27*F24)/1000, IF(ISNUMBER(F23),(E26*F23)/1000,0))) -> 0 | F51: kWp | G51: {=_xlfn.IFS(E25<6,"Keine Nutzungspflicht",E16="offen","Reflektion ungeklärt",E17="offen","Reflektion ungeklärt",TRUE,"")} -> Keine Nutzungspflicht
B52: spez. Referenzkosten | E52: =IF(E51>0,VLOOKUP(D51,Basisdaten!C:E,3,FALSE),0) -> 0 | F52: CHF/kWp
B53: Investition | E53: =IF(E51>0,E51*VLOOKUP(D51,Basisdaten!C:E,3,FALSE),0) -> 0 | F53: CHF
B54: Mehrkosten blendarm | E54: =IF(E16="krit",E26*_Aufpreis_Blendarm,0) +IF(E17="krit",E27*_Aufpreis_Blendarm,0) -> 0 | F54: CHF
B55: Förderung | E55: =IF(E51>0,-SUM(E44:E49),0) -> 0 | F55: CHF
B56: Kosten | E56: =SUM(E53:E55) -> 0 | F56: CHF
B57: Gestehungskosten (capex) | D57: Prio_t.Vb. | E57: =IFERROR(E56/(E40*E51)*100/25,0) -> 0 | F57: Rp./kWh | G57: 25 Betriebsjahre exkl. Zins, Unterhalt & Degradation
B59: Relevanz bei g.Min. (exkl. MWSt.)
B60: Leistung | D60: =CONCATENATE(B1,Basisdaten!A99) -> Dachfläche (3)P_TF_g.Min. | E60: =IF(E28<6,0, IF(AND(OR(_Dach_Typ="Fd",_Dach_Typ="Fdg"),ISNUMBER(F23),ISNUMBER(F24)),(E29*F23+E30*F24)/1000, IF(ISNUMBER(F23),(E29*F23)/1000,0))) -> 0 | F60: kWp | G60: {=_xlfn.IFS(E28<6,"Keine Nutzungspflicht",E16="offen","Reflektion ungeklärt",E17="offen","Reflektion ungeklärt",TRUE,"")} -> Keine Nutzungspflicht
B61: spez. Referenzkosten | E61: =IF(E60>0,VLOOKUP(D60,Basisdaten!C:E,3,FALSE),0) -> 0 | F61: CHF
B62: Investition | E62: =IF(E60>0,E60*VLOOKUP(D60,Basisdaten!C:E,3,FALSE),0) -> 0 | F62: CHF
B63: Mehrkosten blendarm | E63: =IF(E16="krit",E29*_Aufpreis_Blendarm,0) +IF(E17="krit",E30*_Aufpreis_Blendarm,0) -> 0 | F63: CHF
B64: Förderung | E64: =IF(E60>0,-SUM(H44:H49),0) -> 0 | F64: CHF
B65: Kosten | E65: =SUM(E62:E64) -> 0 | F65: CHF
B66: Gestehungskosten (capex) | D66: Prio_g.Min. | E66: =IFERROR(E65/(E40*E60)*100/25,0) -> 0 | F66: Rp./kWh | G66: 25 Betriebsjahre exkl. Zins, Unterhalt & Degradation
B69: ="Dachaufbauten "&MID(CELL("dateiname",B2),SEARCH("]",CELL("dateiname",B2))+1,31) -> Dachaufbauten Dachfläche (3)
D70: in Richtung (Grad) | F70: -90 | G70: -180 | H70: 90
D71: Bogenmass | F71: =RADIANS(F70) -> -1.5707963 | G71: =RADIANS(G70) -> -3.1415927 | H71: =RADIANS(H70) -> 1.5707963
D72: Abstandsfaktor | F72: 1 | G72: 3 | H72: 1
D73: Berechneter Faktor | F73: =$F$72*SIN(ATAN(1/$F$72))/SIN(ASIN(SIN($E$19)*COS($F$71-PI()+$E$18))+ATAN(1/$F$72)) -> 1 | G73: =$G$72*SIN(ATAN(1/$G$72))/SIN(ASIN(SIN(-$E$19)*COS($G$71-PI()+$E$18))+ATAN(1/$G$72)) -> 3 | H73: =$H$72*SIN(ATAN(1/$H$72))/SIN(ASIN(SIN($E$19)*COS($H$71-PI()+$E$18))+ATAN(1/$H$72)) -> 1
D74: Dachneigung in Hauptrichtung (Bogenmass) | F74: =ASIN(SIN($E$19)*COS(F71-$E$18)) -> 0 | G74: =ASIN(SIN($E$19)*COS(G71-$E$18)) -> 0 | H74: =ASIN(SIN($E$19)*COS(H71-$E$18)) -> 0
D75: Dachneigung in Hauptrichtung (Grad) | F75: =F74*180/PI() -> 0 | G75: =G74*180/PI() -> 0 | H75: =H74*180/PI() -> 0
B76: =_xlfn._LONGTEXT("Zu Dachrändern, sowie zu Aufbauten dürfen Abstände gemäss technischem Standard berücksichtigt werden. Die Verschattungsabstände durch hohe Objekte können zudem gemäss Kalkulation nach untenstehender Tabelle berücksichtigt werden. (Abstände parallel zur Da","chfläche in die entsprechende Himmelsrichtung)") -> Zu Dachrändern, sowie zu Aufbauten dürfen Abstände gemäss technischem Standard berücksichtigt werden. Die Verschattungsabstände durch hohe Objekte können zudem gemäss Kalkulation nach untenstehender Tabelle berücksichtigt werden. (Abstände parallel zur Dachfläche in die entsprechende Himmelsrichtung)
F77: Abstände auf geneigter Dachfläche
B78: Objekt | C78: Bezeichnung | E78: Höhe | F78: Nach Osten | G78: Nach Norden | H78: Nach Westen
B79: Nr. | E79: [m] | F79: [m] | G79: [m] | H79: [m]
B80: 1 | F80: =IF(ISNUMBER($E80),$E80*IF($F$73>0,MIN($F$72:$F$73),MAX($F$72:$F$73)),"") | G80: =IF(ISNUMBER($E80),$E80*IF($G$73>0,MIN($G$72:$G$73),MAX($G$72:$G$73)),"") | H80: =IF(ISNUMBER($E80),$E80*IF($H$73>0,MIN($H$72:$H$73),MAX($H$72:$H$73)),"")
B81: 2 | F81: =IF(ISNUMBER($E81),$E81*IF($F$73>0,MIN($F$72:$F$73),MAX($F$72:$F$73)),"") | G81: =IF(ISNUMBER($E81),$E81*IF($G$73>0,MIN($G$72:$G$73),MAX($G$72:$G$73)),"") | H81: =IF(ISNUMBER($E81),$E81*IF($H$73>0,MIN($H$72:$H$73),MAX($H$72:$H$73)),"")
B82: 3 | F82: =IF(ISNUMBER($E82),$E82*IF($F$73>0,MIN($F$72:$F$73),MAX($F$72:$F$73)),"") | G82: =IF(ISNUMBER($E82),$E82*IF($G$73>0,MIN($G$72:$G$73),MAX($G$72:$G$73)),"") | H82: =IF(ISNUMBER($E82),$E82*IF($H$73>0,MIN($H$72:$H$73),MAX($H$72:$H$73)),"")
B83: 4 | F83: =IF(ISNUMBER($E83),$E83*IF($F$73>0,MIN($F$72:$F$73),MAX($F$72:$F$73)),"") | G83: =IF(ISNUMBER($E83),$E83*IF($G$73>0,MIN($G$72:$G$73),MAX($G$72:$G$73)),"") | H83: =IF(ISNUMBER($E83),$E83*IF($H$73>0,MIN($H$72:$H$73),MAX($H$72:$H$73)),"")
B84: 5 | F84: =IF(ISNUMBER($E84),$E84*IF($F$73>0,MIN($F$72:$F$73),MAX($F$72:$F$73)),"") | G84: =IF(ISNUMBER($E84),$E84*IF($G$73>0,MIN($G$72:$G$73),MAX($G$72:$G$73)),"") | H84: =IF(ISNUMBER($E84),$E84*IF($H$73>0,MIN($H$72:$H$73),MAX($H$72:$H$73)),"")

Sheet Dachfläche (4)
B1: =MID(CELL("dateiname",B2),SEARCH("]",CELL("dateiname",B2))+1,31) -> Dachfläche (4)
B2: ="Zusammenstellung Kennwerte "&B1 -> Zusammenstellung Kennwerte Dachfläche (4)
B4: Projektinformationen
B5: ='3 Bericht'!B2 -> Projektname | E5: =_Projektname -> 0 | H5: ='3 Bericht'!J2 -> Netzversorger | K5: =_Netzversorger -> 0
B6: ='3 Bericht'!B3 -> Adresse | E6: =_Adresse -> 0 | H6: ='3 Bericht'!J3 -> Fertigstellung (geplant) | K6: =_Datum_IBS -> 0
B7: ='3 Bericht'!B4 -> PLZ Ort | E7: =_PLZ -> 0 | H7: ='3 Bericht'!J5 -> MWSt. pflichtig | K7: ='3 Bericht'!M5 -> Nein
B9: Angaben Dachfläche
B10: Bezeichnung Teilfläche | D10: Bez.
B11: Dachtyp | D11: Typ-lang | G11: Flachdach / Flachdach begrünt / Schrägdach / Parkplatz
D12: Typ | E12: =IFERROR(VLOOKUP(E11,Basisdaten!B151:C154,2,FALSE),"")
B13: Nutzbare Dachfläche | D13: Fläche | F13: m2 | G13: Gemäss Vollzugshilfe EN-204
B14: =IF(OR(_Dach_Typ="Fdg",_Dach_Typ="Fd"),"Hauptausrichtung","Ausrichtung") -> Ausrichtung | D14: Az. | F14: ° | G14: Süd = 0° / Ost -90° / West 90° / Nord +/- 180°
B15: =IF(OR(_Dach_Typ="Fdg",_Dach_Typ="Fd"),"Modulneigung","Dachneigung") -> Dachneigung | D15: Neig. | F15: ° | G15: 0° = Horizontal / 90° = Vertikal (Fassade)
B16: =IF(OR(_Dach_Typ="Fdg",_Dach_Typ="Fd"),"Blendung in Hauptausrichtung","Blendung") -> Blendung | D16: Blend.HA. | G16: =IFERROR(VLOOKUP(E16,_Reflektionstyp,2,FALSE),"Abklärung erforderlich") -> Abklärung erforderlich
B17: Blendung in Zweitausrichtung | D17: Blend.ZA. | E17: offen | G17: =IFERROR(VLOOKUP(E17,_Reflektionstyp,2,FALSE),"Abklärung erforderlich") -> Reflektionen klären! (unkritisch / kritisch)
C18: Ausrichtung (Bogenmass) | E18: =RADIANS(E14) -> 0
C19: Neigung (Bogenmass) | E19: =IF(_Dach_Typ=INDEX(_Liste_Dachtypen,1),0,-RADIANS(E15)) -> 0
B21: PV-Generator
B22: Modulorientierung | D22: Orient. | G22: Hochformat | H22: Querformat
B23: =IF(OR(_Dach_Typ="Fdg",_Dach_Typ="Fd"),"Modultyp für Hauptausrichtung","Modultyp") -> Modultyp | D23: M.Typ.HA. | E23: =IF($E16="krit","Blendarm","Standard") -> Standard | F23: =IF(E16="krit",_Modulleistung_Blendarm,_Modulleistung_Standard) -> 475 | G23: Wp
B24: Modultyp für Zweitausrichtung | D24: M.Typ.ZA. | E24: =IF($E17="krit","Blendarm","Standard") -> Standard | F24: {=_xlfn.IFS(_Dach_Typ="Sd",0,_Dach_Typ="Pp",0,TRUE,IF(E17="krit",_Modulleistung_Blendarm,_Modulleistung_Standard))} -> 475 | G24: Wp
B25: Anz. Module technische Vollbelegung | F25: =IF(OR(_Dach_Typ="Sd",_Dach_Typ="Pp"),"Stk. ("&E23&")","") | G25: (Variante "t.Vb.")
B26: ="Davon in Hauptausrichtung: "&E14&"°" -> Davon in Hauptausrichtung: ° | D26: t.Vb.HA. | E26: =IF(OR(_Dach_Typ="Sd",_Dach_Typ="Pp"),E25, IF(AND(OR(_Dach_Typ="Fd",_Dach_Typ="Fdg"),OR(ISBLANK(G26),G26>E25)),ROUNDUP(E25/2,0),G26)) -> 0 | F26: ="Stk. ("&E23&")" -> Stk. (Standard) | H26: Stk. | I26: =IF(G26>E25,"ungültiger Wert","Manuelle Eingabe") -> Manuelle Eingabe
B27: ="und in Zweitausrichtung: "&E14-180*SIGN(E14)&"°" -> und in Zweitausrichtung: 0° | D27: t.Vb.ZA. | E27: =E25-E26 -> 0 | F27: ="Stk. ("&E24&")" -> Stk. (Standard)
B28: Anz. Module gesetzliches Minimum | E28: =E25 -> 0 | F28: =IF(OR(_Dach_Typ="Sd",_Dach_Typ="Pp"),"Stk. ("&E23&")","") | G28: (Variante "g.Min.")
B29: ="Davon in Hauptausrichtung: "&E14&"°" -> Davon in Hauptausrichtung: ° | D29: g.Min.HA. | E29: =IF(OR(_Dach_Typ="Sd",_Dach_Typ="Pp"),E28, IF(AND(OR(_Dach_Typ="Fd",_Dach_Typ="Fdg"),OR(ISBLANK(G29),G29>E28)),ROUNDUP(E28/2,0),G29)) -> 0 | F29: ="Stk. ("&E23&")" -> Stk. (Standard) | H29: Stk. | I29: =IF(G29>E28,"ungültiger Wert","Manuelle Eingabe") -> Manuelle Eingabe
B30: ="und in Zweitausrichtung: "&E14-180*SIGN(E14)&"°" -> und in Zweitausrichtung: 0° | D30: g.Min.ZA. | E30: =E28-E29 -> 0 | F30: ="Stk. ("&E24&")" -> Stk. (Standard)
B32: Spezifischer Jahresertrag der Teilfläche
B33: Espez | C33: Horizontal | E33: =_Spez_Ertrag_Standort -> 900 | F33: kWh/kWp/a | G33: ="Spezifischer Ertrag am Standort bei horizontaler Montage" -> Spezifischer Ertrag am Standort bei horizontaler Montage
B34: Fkorr. | C34: =IF(OR(_Dach_Typ="Fdg",_Dach_Typ="Fd"),"Hauptausrichtung","Ausrichtung") -> Ausrichtung | D34: Fkorr_HA. | E34: {=(INDEX(_Faktor_Ausrichtung,ROUND(((E15/_RasterNeigung))+1,0),ROUND((((E14)/_RasterAzimut))+180/_RasterAzimut+1,0),1))} -> 1 | G34: ="Abweichung durch "&C34 -> Abweichung durch Ausrichtung
B35: Fkorr. | C35: Zweitausrichtung | D35: Fkorr_g.Min. | E35: {=INDEX(_Faktor_Ausrichtung,ROUND(((E15/_RasterNeigung))+1,0),ROUND((((E14-180*SIGN(E14))/_RasterAzimut))+180/_RasterAzimut+1,0),1)} -> 1 | G35: ="Abweichung durch "&C35 -> Abweichung durch Zweitausrichtung
B36: Espez | C36: korr. "t.Vb." | E36: =IFERROR(E33*((E34*E26)+(E35*E27))/(E26+E27),"") | F36: kWh/kWp/a | G36: Ausrichtungskorrigierter Spezifischer Ertrag
B37: Espez | C37: korr. "g.Min." | E37: =IFERROR(E33*((E34*E29)+(E35*E30))/(E29+E30),"") | F37: kWh/kWp/a | G37: Ausrichtungskorrigierter Spezifischer Ertrag
B38: Espez | C38: =C34 -> Ausrichtung | D38: Spez.E_Eingabe | F38: kWh/kWp/a | G38: Benutzerdefinierter Wert (Durch Bauherrschaft zu belegen)
B39: Espez | C39: Zweitausrichtung | F39: kWh/kWp/a | G39: Benutzerdefinierter Wert (Durch Bauherrschaft zu belegen)
B40: Espez | C40: Rechenwert "t.Vb." | D40: Spez.E_t.Vb. | E40: =IF(AND(OR(_Dach_Typ="Fdg",_Dach_Typ="Fd"),E27>0,ISNUMBER(E38),ISNUMBER(E39)),(E38*E26+E39*E27)/(E25), IF(AND(OR(AND(OR(_Dach_Typ="Fdg",_Dach_Typ="Fd"),E27=0),_Dach_Typ="Sd",_Dach_Typ="Pp"),ISNUMBER(E38)),E38, IF(AND(OR(E27>0,E30>0),ISNUMBER(E38),NOT(ISNUMBER(E39))),0,E36))) | F40: kWh/kWp/a | G40: =IF(E40=0,"Eingabe Zweitausrichtung erforderlich","Rechenwert spez. Jahresertrag bei technischer Vollbelegung") -> Rechenwert spez. Jahresertrag bei technischer Vollbelegung
B41: Espez | C41: Rechenwert "g.Min." | D41: Spez.E_g.Min. | E41: =IF(AND(OR(_Dach_Typ="Fdg",_Dach_Typ="Fd"),E30>0,ISNUMBER(E38),ISNUMBER(E39)),(E38*E29+E39*E30)/(E28), IF(AND(OR(AND(OR(_Dach_Typ="Fdg",_Dach_Typ="Fd"),E30=0),_Dach_Typ="Sd",_Dach_Typ="Pp"),ISNUMBER(E38)),E38,E37)) | F41: kWh/kWp/a | G41: =IF(E41=0,"Eingabe Zweitausrichtung erforderlich","Rechenwert spez. Jahresertrag bei gesetzlichem Minimum") -> Rechenwert spez. Jahresertrag bei gesetzlichem Minimum
B43: Förderzuschläge | E43: technische Vollbelegung (t.Vb.) | H43: gesetzliches Minimum (g.Min.)
B44: Förderung auf Leistung | E44: =IFERROR(_EIV_t.Vb./_Anlageleistung_t.Vb.*E51,0) -> 0 | F44: CHF | H44: =IFERROR(_EIV_g.Min./_Anlageleistung_g.Min.*E60,0) -> 0 | I44: CHF
B45: Fassadenbonus pronovo | D45: B.Fassade | E45: =IF(AND(E15>=_Neigungswinkel_für_NB_Bund,E15<=90),(E26*F23)/1000*_Bonus_Neigungswinkel_Bund+IF(OR(_Dach_Typ="Fd",_Dach_Typ="Fdg"),(F24*E27)/1000*_Bonus_Neigungswinkel_Bund,0),0) -> 0 | F45: CHF | H45: =IF(AND(E15>=_Neigungswinkel_für_NB_Bund,E15<=90),(E29*F23)/1000*_Bonus_Neigungswinkel_Bund+IF(OR(_Dach_Typ="Fd",_Dach_Typ="Fdg"),(F24*E30)/1000*_Bonus_Neigungswinkel_Bund,0),0) -> 0 | I45: CHF
B46: Parkplatzbonus pronovo | D46: B.PP | E46: =IFERROR(IF(AND(E11=Basisdaten!B154,(E26*F23+E27*F24)/1000>=_Schwelle_PPBonus),(E26*F23+E27*F24)/1000*_Bonus_Pp_pronovo,0),0) -> 0 | F46: CHF | H46: =IFERROR(IF(AND(E11=Basisdaten!B154,(E29*F23+E30*F24)/1000>=_Schwelle_PPBonus),(E29*F23+E30*F24)/1000*_Bonus_Pp_pronovo,0),0) -> 0 | I46: CHF
B47: Bonus Steile Anlagen | D47: B.Neig | E47: =IF(AND(E15>=_Neigungswinkel_für_NB_Bund,E15<=90,NOT(_Dach_Typ="Fdg")), ((E17="unk")*E26*_Modullänge_Standard*_Modulbreite_Standard +(E16="unk")*E27*_Modullänge_Standard*_Modulbreite_Standard +(E17="krit")*E26*_Modullänge_Blendarm*_Modulbreite_Blendarm +(E16="krit")*E27*_Modullänge_Blendarm*_Modulbreite_Blendarm) *_Bonus_Steil_Stadt,0) -> 0 | F47: CHF | H47: =IF(AND(E15>=_Neigungswinkel_für_NB_Bund,E15<=90,NOT(_Dach_Typ="Fdg")), ((E17="unk")*E29*_Modullänge_Standard*_Modulbreite_Standard +(E16="unk")*E30*_Modullänge_Standard*_Modulbreite_Standard +(E17="krit")*E29*_Modullänge_Blendarm*_Modulbreite_Blendarm +(E16="krit")*E30*_Modullänge_Blendarm*_Modulbreite_Blendarm) *_Bonus_Steil_Stadt,0) -> 0 | I47: CHF
B48: Bonus Dachbegrünung | D48: B.Grün | E48: =IF(_Dach_Typ="Fdg",(E26*F23+E27*F24)/1000*_Bonus_Gründach_Stadt,0) -> 0 | F48: CHF | H48: =IF(_Dach_Typ="Fdg",(E29*F23+E30*F24)/1000*_Bonus_Gründach_Stadt,0) -> 0 | I48: CHF
B49: Bonus Blendarme Module | D49: B.Blendarm | E49: =IF(E16="krit",E26*F23/1000*_Bonus_Blendarm_Stadt,0) +IF(AND(OR(_Dach_Typ="Fd",_Dach_Typ="Fdg"),E17="krit"),F24*E27/1000*_Bonus_Blendarm_Stadt,0) -> 0 | F49: CHF | H49: =IF(E16="krit",E29*F23/1000*_Bonus_Blendarm_Stadt,0) +IF(AND(OR(_Dach_Typ="Fd",_Dach_Typ="Fdg"),E17="krit"),F24*E30/1000*_Bonus_Blendarm_Stadt,0) -> 0 | I49: CHF
B50: Gestehungskosten Capex Teilfläche bei t.Vb. (exkl. MWSt.)
B51: Leistung | D51: =CONCATENATE(B1,Basisdaten!A84) -> Dachfläche (4)P_TF_t.Vb. | E51: =IF(E25<6,0, IF(AND(OR(_Dach_Typ="Fd",_Dach_Typ="Fdg"),ISNUMBER(F23),ISNUMBER(F24)),(E26*F23+E27*F24)/1000, IF(ISNUMBER(F23),(E26*F23)/1000,0))) -> 0 | F51: kWp | G51: {=_xlfn.IFS(E25<6,"Keine Nutzungspflicht",E16="offen","Reflektion ungeklärt",E17="offen","Reflektion ungeklärt",TRUE,"")} -> Keine Nutzungspflicht
B52: spez. Referenzkosten | E52: =IF(E51>0,VLOOKUP(D51,Basisdaten!C:E,3,FALSE),0) -> 0 | F52: CHF/kWp
B53: Investition | E53: =IF(E51>0,E51*VLOOKUP(D51,Basisdaten!C:E,3,FALSE),0) -> 0 | F53: CHF
B54: Mehrkosten blendarm | E54: =IF(E16="krit",E26*_Aufpreis_Blendarm,0) +IF(E17="krit",E27*_Aufpreis_Blendarm,0) -> 0 | F54: CHF
B55: Förderung | E55: =IF(E51>0,-SUM(E44:E49),0) -> 0 | F55: CHF
B56: Kosten | E56: =SUM(E53:E55) -> 0 | F56: CHF
B57: Gestehungskosten (capex) | D57: Prio_t.Vb. | E57: =IFERROR(E56/(E40*E51)*100/25,0) -> 0 | F57: Rp./kWh | G57: 25 Betriebsjahre exkl. Zins, Unterhalt & Degradation
B59: Relevanz bei g.Min. (exkl. MWSt.)
B60: Leistung | D60: =CONCATENATE(B1,Basisdaten!A99) -> Dachfläche (4)P_TF_g.Min. | E60: =IF(E28<6,0, IF(AND(OR(_Dach_Typ="Fd",_Dach_Typ="Fdg"),ISNUMBER(F23),ISNUMBER(F24)),(E29*F23+E30*F24)/1000, IF(ISNUMBER(F23),(E29*F23)/1000,0))) -> 0 | F60: kWp | G60: {=_xlfn.IFS(E28<6,"Keine Nutzungspflicht",E16="offen","Reflektion ungeklärt",E17="offen","Reflektion ungeklärt",TRUE,"")} -> Keine Nutzungspflicht
B61: spez. Referenzkosten | E61: =IF(E60>0,VLOOKUP(D60,Basisdaten!C:E,3,FALSE),0) -> 0 | F61: CHF
B62: Investition | E62: =IF(E60>0,E60*VLOOKUP(D60,Basisdaten!C:E,3,FALSE),0) -> 0 | F62: CHF
B63: Mehrkosten blendarm | E63: =IF(E16="krit",E29*_Aufpreis_Blendarm,0) +IF(E17="krit",E30*_Aufpreis_Blendarm,0) -> 0 | F63: CHF
B64: Förderung | E64: =IF(E60>0,-SUM(H44:H49),0) -> 0 | F64: CHF
B65: Kosten | E65: =SUM(E62:E64) -> 0 | F65: CHF
B66: Gestehungskosten (capex) | D66: Prio_g.Min. | E66: =IFERROR(E65/(E40*E60)*100/25,0) -> 0 | F66: Rp./kWh | G66: 25 Betriebsjahre exkl. Zins, Unterhalt & Degradation
B69: ="Dachaufbauten "&MID(CELL("dateiname",B2),SEARCH("]",CELL("dateiname",B2))+1,31) -> Dachaufbauten Dachfläche (4)
D70: in Richtung (Grad) | F70: -90 | G70: -180 | H70: 90
D71: Bogenmass | F71: =RADIANS(F70) -> -1.5707963 | G71: =RADIANS(G70) -> -3.1415927 | H71: =RADIANS(H70) -> 1.5707963
D72: Abstandsfaktor | F72: 1 | G72: 3 | H72: 1
D73: Berechneter Faktor | F73: =$F$72*SIN(ATAN(1/$F$72))/SIN(ASIN(SIN($E$19)*COS($F$71-PI()+$E$18))+ATAN(1/$F$72)) -> 1 | G73: =$G$72*SIN(ATAN(1/$G$72))/SIN(ASIN(SIN(-$E$19)*COS($G$71-PI()+$E$18))+ATAN(1/$G$72)) -> 3 | H73: =$H$72*SIN(ATAN(1/$H$72))/SIN(ASIN(SIN($E$19)*COS($H$71-PI()+$E$18))+ATAN(1/$H$72)) -> 1
D74: Dachneigung in Hauptrichtung (Bogenmass) | F74: =ASIN(SIN($E$19)*COS(F71-$E$18)) -> 0 | G74: =ASIN(SIN($E$19)*COS(G71-$E$18)) -> 0 | H74: =ASIN(SIN($E$19)*COS(H71-$E$18)) -> 0
D75: Dachneigung in Hauptrichtung (Grad) | F75: =F74*180/PI() -> 0 | G75: =G74*180/PI() -> 0 | H75: =H74*180/PI() -> 0
B76: =_xlfn._LONGTEXT("Zu Dachrändern, sowie zu Aufbauten dürfen Abstände gemäss technischem Standard berücksichtigt werden. Die Verschattungsabstände durch hohe Objekte können zudem gemäss Kalkulation nach untenstehender Tabelle berücksichtigt werden. (Abstände parallel zur Da","chfläche in die entsprechende Himmelsrichtung)") -> Zu Dachrändern, sowie zu Aufbauten dürfen Abstände gemäss technischem Standard berücksichtigt werden. Die Verschattungsabstände durch hohe Objekte können zudem gemäss Kalkulation nach untenstehender Tabelle berücksichtigt werden. (Abstände parallel zur Dachfläche in die entsprechende Himmelsrichtung)
F77: Abstände auf geneigter Dachfläche
B78: Objekt | C78: Bezeichnung | E78: Höhe | F78: Nach Osten | G78: Nach Norden | H78: Nach Westen
B79: Nr. | E79: [m] | F79: [m] | G79: [m] | H79: [m]
B80: 1 | F80: =IF(ISNUMBER($E80),$E80*IF($F$73>0,MIN($F$72:$F$73),MAX($F$72:$F$73)),"") | G80: =IF(ISNUMBER($E80),$E80*IF($G$73>0,MIN($G$72:$G$73),MAX($G$72:$G$73)),"") | H80: =IF(ISNUMBER($E80),$E80*IF($H$73>0,MIN($H$72:$H$73),MAX($H$72:$H$73)),"")
B81: 2 | F81: =IF(ISNUMBER($E81),$E81*IF($F$73>0,MIN($F$72:$F$73),MAX($F$72:$F$73)),"") | G81: =IF(ISNUMBER($E81),$E81*IF($G$73>0,MIN($G$72:$G$73),MAX($G$72:$G$73)),"") | H81: =IF(ISNUMBER($E81),$E81*IF($H$73>0,MIN($H$72:$H$73),MAX($H$72:$H$73)),"")
B82: 3 | F82: =IF(ISNUMBER($E82),$E82*IF($F$73>0,MIN($F$72:$F$73),MAX($F$72:$F$73)),"") | G82: =IF(ISNUMBER($E82),$E82*IF($G$73>0,MIN($G$72:$G$73),MAX($G$72:$G$73)),"") | H82: =IF(ISNUMBER($E82),$E82*IF($H$73>0,MIN($H$72:$H$73),MAX($H$72:$H$73)),"")
B83: 4 | F83: =IF(ISNUMBER($E83),$E83*IF($F$73>0,MIN($F$72:$F$73),MAX($F$72:$F$73)),"") | G83: =IF(ISNUMBER($E83),$E83*IF($G$73>0,MIN($G$72:$G$73),MAX($G$72:$G$73)),"") | H83: =IF(ISNUMBER($E83),$E83*IF($H$73>0,MIN($H$72:$H$73),MAX($H$72:$H$73)),"")
B84: 5 | F84: =IF(ISNUMBER($E84),$E84*IF($F$73>0,MIN($F$72:$F$73),MAX($F$72:$F$73)),"") | G84: =IF(ISNUMBER($E84),$E84*IF($G$73>0,MIN($G$72:$G$73),MAX($G$72:$G$73)),"") | H84: =IF(ISNUMBER($E84),$E84*IF($H$73>0,MIN($H$72:$H$73),MAX($H$72:$H$73)),"")

Sheet Dachfläche (5)
B1: =MID(CELL("dateiname",B2),SEARCH("]",CELL("dateiname",B2))+1,31) -> Dachfläche (5)
B2: ="Zusammenstellung Kennwerte "&B1 -> Zusammenstellung Kennwerte Dachfläche (5)
B4: Projektinformationen
B5: ='3 Bericht'!B2 -> Projektname | E5: =_Projektname -> 0 | H5: ='3 Bericht'!J2 -> Netzversorger | K5: =_Netzversorger -> 0
B6: ='3 Bericht'!B3 -> Adresse | E6: =_Adresse -> 0 | H6: ='3 Bericht'!J3 -> Fertigstellung (geplant) | K6: =_Datum_IBS -> 0
B7: ='3 Bericht'!B4 -> PLZ Ort | E7: =_PLZ -> 0 | H7: ='3 Bericht'!J5 -> MWSt. pflichtig | K7: ='3 Bericht'!M5 -> Nein
B9: Angaben Dachfläche
B10: Bezeichnung Teilfläche | D10: Bez.
B11: Dachtyp | D11: Typ-lang | G11: Flachdach / Flachdach begrünt / Schrägdach / Parkplatz
D12: Typ | E12: =IFERROR(VLOOKUP(E11,Basisdaten!B151:C154,2,FALSE),"")
B13: Nutzbare Dachfläche | D13: Fläche | F13: m2 | G13: Gemäss Vollzugshilfe EN-204
B14: =IF(OR(_Dach_Typ="Fdg",_Dach_Typ="Fd"),"Hauptausrichtung","Ausrichtung") -> Ausrichtung | D14: Az. | F14: ° | G14: Süd = 0° / Ost -90° / West 90° / Nord +/- 180°
B15: =IF(OR(_Dach_Typ="Fdg",_Dach_Typ="Fd"),"Modulneigung","Dachneigung") -> Dachneigung | D15: Neig. | F15: ° | G15: 0° = Horizontal / 90° = Vertikal (Fassade)
B16: =IF(OR(_Dach_Typ="Fdg",_Dach_Typ="Fd"),"Blendung in Hauptausrichtung","Blendung") -> Blendung | D16: Blend.HA. | G16: =IFERROR(VLOOKUP(E16,_Reflektionstyp,2,FALSE),"Abklärung erforderlich") -> Abklärung erforderlich
B17: Blendung in Zweitausrichtung | D17: Blend.ZA. | E17: offen | G17: =IFERROR(VLOOKUP(E17,_Reflektionstyp,2,FALSE),"Abklärung erforderlich") -> Reflektionen klären! (unkritisch / kritisch)
C18: Ausrichtung (Bogenmass) | E18: =RADIANS(E14) -> 0
C19: Neigung (Bogenmass) | E19: =IF(_Dach_Typ=INDEX(_Liste_Dachtypen,1),0,-RADIANS(E15)) -> 0
B21: PV-Generator
B22: Modulorientierung | D22: Orient. | G22: Hochformat | H22: Querformat
B23: =IF(OR(_Dach_Typ="Fdg",_Dach_Typ="Fd"),"Modultyp für Hauptausrichtung","Modultyp") -> Modultyp | D23: M.Typ.HA. | E23: =IF($E16="krit","Blendarm","Standard") -> Standard | F23: =IF(E16="krit",_Modulleistung_Blendarm,_Modulleistung_Standard) -> 475 | G23: Wp
B24: Modultyp für Zweitausrichtung | D24: M.Typ.ZA. | E24: =IF($E17="krit","Blendarm","Standard") -> Standard | F24: {=_xlfn.IFS(_Dach_Typ="Sd",0,_Dach_Typ="Pp",0,TRUE,IF(E17="krit",_Modulleistung_Blendarm,_Modulleistung_Standard))} -> 475 | G24: Wp
B25: Anz. Module technische Vollbelegung | F25: =IF(OR(_Dach_Typ="Sd",_Dach_Typ="Pp"),"Stk. ("&E23&")","") | G25: (Variante "t.Vb.")
B26: ="Davon in Hauptausrichtung: "&E14&"°" -> Davon in Hauptausrichtung: ° | D26: t.Vb.HA. | E26: =IF(OR(_Dach_Typ="Sd",_Dach_Typ="Pp"),E25, IF(AND(OR(_Dach_Typ="Fd",_Dach_Typ="Fdg"),OR(ISBLANK(G26),G26>E25)),ROUNDUP(E25/2,0),G26)) -> 0 | F26: ="Stk. ("&E23&")" -> Stk. (Standard) | H26: Stk. | I26: =IF(G26>E25,"ungültiger Wert","Manuelle Eingabe") -> Manuelle Eingabe
B27: ="und in Zweitausrichtung: "&E14-180*SIGN(E14)&"°" -> und in Zweitausrichtung: 0° | D27: t.Vb.ZA. | E27: =E25-E26 -> 0 | F27: ="Stk. ("&E24&")" -> Stk. (Standard)
B28: Anz. Module gesetzliches Minimum | E28: =E25 -> 0 | F28: =IF(OR(_Dach_Typ="Sd",_Dach_Typ="Pp"),"Stk. ("&E23&")","") | G28: (Variante "g.Min.")
B29: ="Davon in Hauptausrichtung: "&E14&"°" -> Davon in Hauptausrichtung: ° | D29: g.Min.HA. | E29: =IF(OR(_Dach_Typ="Sd",_Dach_Typ="Pp"),E28, IF(AND(OR(_Dach_Typ="Fd",_Dach_Typ="Fdg"),OR(ISBLANK(G29),G29>E28)),ROUNDUP(E28/2,0),G29)) -> 0 | F29: ="Stk. ("&E23&")" -> Stk. (Standard) | H29: Stk. | I29: =IF(G29>E28,"ungültiger Wert","Manuelle Eingabe") -> Manuelle Eingabe
B30: ="und in Zweitausrichtung: "&E14-180*SIGN(E14)&"°" -> und in Zweitausrichtung: 0° | D30: g.Min.ZA. | E30: =E28-E29 -> 0 | F30: ="Stk. ("&E24&")" -> Stk. (Standard)
B32: Spezifischer Jahresertrag der Teilfläche
B33: Espez | C33: Horizontal | E33: =_Spez_Ertrag_Standort -> 900 | F33: kWh/kWp/a | G33: ="Spezifischer Ertrag am Standort bei horizontaler Montage" -> Spezifischer Ertrag am Standort bei horizontaler Montage
B34: Fkorr. | C34: =IF(OR(_Dach_Typ="Fdg",_Dach_Typ="Fd"),"Hauptausrichtung","Ausrichtung") -> Ausrichtung | D34: Fkorr_HA. | E34: {=(INDEX(_Faktor_Ausrichtung,ROUND(((E15/_RasterNeigung))+1,0),ROUND((((E14)/_RasterAzimut))+180/_RasterAzimut+1,0),1))} -> 1 | G34: ="Abweichung durch "&C34 -> Abweichung durch Ausrichtung
B35: Fkorr. | C35: Zweitausrichtung | D35: Fkorr_g.Min. | E35: {=INDEX(_Faktor_Ausrichtung,ROUND(((E15/_RasterNeigung))+1,0),ROUND((((E14-180*SIGN(E14))/_RasterAzimut))+180/_RasterAzimut+1,0),1)} -> 1 | G35: ="Abweichung durch "&C35 -> Abweichung durch Zweitausrichtung
B36: Espez | C36: korr. "t.Vb." | E36: =IFERROR(E33*((E34*E26)+(E35*E27))/(E26+E27),"") | F36: kWh/kWp/a | G36: Ausrichtungskorrigierter Spezifischer Ertrag
B37: Espez | C37: korr. "g.Min." | E37: =IFERROR(E33*((E34*E29)+(E35*E30))/(E29+E30),"") | F37: kWh/kWp/a | G37: Ausrichtungskorrigierter Spezifischer Ertrag
B38: Espez | C38: =C34 -> Ausrichtung | D38: Spez.E_Eingabe | F38: kWh/kWp/a | G38: Benutzerdefinierter Wert (Durch Bauherrschaft zu belegen)
B39: Espez | C39: Zweitausrichtung | F39: kWh/kWp/a | G39: Benutzerdefinierter Wert (Durch Bauherrschaft zu belegen)
B40: Espez | C40: Rechenwert "t.Vb." | D40: Spez.E_t.Vb. | E40: =IF(AND(OR(_Dach_Typ="Fdg",_Dach_Typ="Fd"),E27>0,ISNUMBER(E38),ISNUMBER(E39)),(E38*E26+E39*E27)/(E25), IF(AND(OR(AND(OR(_Dach_Typ="Fdg",_Dach_Typ="Fd"),E27=0),_Dach_Typ="Sd",_Dach_Typ="Pp"),ISNUMBER(E38)),E38, IF(AND(OR(E27>0,E30>0),ISNUMBER(E38),NOT(ISNUMBER(E39))),0,E36))) | F40: kWh/kWp/a | G40: =IF(E40=0,"Eingabe Zweitausrichtung erforderlich","Rechenwert spez. Jahresertrag bei technischer Vollbelegung") -> Rechenwert spez. Jahresertrag bei technischer Vollbelegung
B41: Espez | C41: Rechenwert "g.Min." | D41: Spez.E_g.Min. | E41: =IF(AND(OR(_Dach_Typ="Fdg",_Dach_Typ="Fd"),E30>0,ISNUMBER(E38),ISNUMBER(E39)),(E38*E29+E39*E30)/(E28), IF(AND(OR(AND(OR(_Dach_Typ="Fdg",_Dach_Typ="Fd"),E30=0),_Dach_Typ="Sd",_Dach_Typ="Pp"),ISNUMBER(E38)),E38,E37)) | F41: kWh/kWp/a | G41: =IF(E41=0,"Eingabe Zweitausrichtung erforderlich","Rechenwert spez. Jahresertrag bei gesetzlichem Minimum") -> Rechenwert spez. Jahresertrag bei gesetzlichem Minimum
B43: Förderzuschläge | E43: technische Vollbelegung (t.Vb.) | H43: gesetzliches Minimum (g.Min.)
B44: Förderung auf Leistung | E44: =IFERROR(_EIV_t.Vb./_Anlageleistung_t.Vb.*E51,0) -> 0 | F44: CHF | H44: =IFERROR(_EIV_g.Min./_Anlageleistung_g.Min.*E60,0) -> 0 | I44: CHF
B45: Fassadenbonus pronovo | D45: B.Fassade | E45: =IF(AND(E15>=_Neigungswinkel_für_NB_Bund,E15<=90),(E26*F23)/1000*_Bonus_Neigungswinkel_Bund+IF(OR(_Dach_Typ="Fd",_Dach_Typ="Fdg"),(F24*E27)/1000*_Bonus_Neigungswinkel_Bund,0),0) -> 0 | F45: CHF | H45: =IF(AND(E15>=_Neigungswinkel_für_NB_Bund,E15<=90),(E29*F23)/1000*_Bonus_Neigungswinkel_Bund+IF(OR(_Dach_Typ="Fd",_Dach_Typ="Fdg"),(F24*E30)/1000*_Bonus_Neigungswinkel_Bund,0),0) -> 0 | I45: CHF
B46: Parkplatzbonus pronovo | D46: B.PP | E46: =IFERROR(IF(AND(E11=Basisdaten!B154,(E26*F23+E27*F24)/1000>=_Schwelle_PPBonus),(E26*F23+E27*F24)/1000*_Bonus_Pp_pronovo,0),0) -> 0 | F46: CHF | H46: =IFERROR(IF(AND(E11=Basisdaten!B154,(E29*F23+E30*F24)/1000>=_Schwelle_PPBonus),(E29*F23+E30*F24)/1000*_Bonus_Pp_pronovo,0),0) -> 0 | I46: CHF
B47: Bonus Steile Anlagen | D47: B.Neig | E47: =IF(AND(E15>=_Neigungswinkel_für_NB_Bund,E15<=90,NOT(_Dach_Typ="Fdg")), ((E17="unk")*E26*_Modullänge_Standard*_Modulbreite_Standard +(E16="unk")*E27*_Modullänge_Standard*_Modulbreite_Standard +(E17="krit")*E26*_Modullänge_Blendarm*_Modulbreite_Blendarm +(E16="krit")*E27*_Modullänge_Blendarm*_Modulbreite_Blendarm) *_Bonus_Steil_Stadt,0) -> 0 | F47: CHF | H47: =IF(AND(E15>=_Neigungswinkel_für_NB_Bund,E15<=90,NOT(_Dach_Typ="Fdg")), ((E17="unk")*E29*_Modullänge_Standard*_Modulbreite_Standard +(E16="unk")*E30*_Modullänge_Standard*_Modulbreite_Standard +(E17="krit")*E29*_Modullänge_Blendarm*_Modulbreite_Blendarm +(E16="krit")*E30*_Modullänge_Blendarm*_Modulbreite_Blendarm) *_Bonus_Steil_Stadt,0) -> 0 | I47: CHF
B48: Bonus Dachbegrünung | D48: B.Grün | E48: =IF(_Dach_Typ="Fdg",(E26*F23+E27*F24)/1000*_Bonus_Gründach_Stadt,0) -> 0 | F48: CHF | H48: =IF(_Dach_Typ="Fdg",(E29*F23+E30*F24)/1000*_Bonus_Gründach_Stadt,0) -> 0 | I48: CHF
B49: Bonus Blendarme Module | D49: B.Blendarm | E49: =IF(E16="krit",E26*F23/1000*_Bonus_Blendarm_Stadt,0) +IF(AND(OR(_Dach_Typ="Fd",_Dach_Typ="Fdg"),E17="krit"),F24*E27/1000*_Bonus_Blendarm_Stadt,0) -> 0 | F49: CHF | H49: =IF(E16="krit",E29*F23/1000*_Bonus_Blendarm_Stadt,0) +IF(AND(OR(_Dach_Typ="Fd",_Dach_Typ="Fdg"),E17="krit"),F24*E30/1000*_Bonus_Blendarm_Stadt,0) -> 0 | I49: CHF
B50: Gestehungskosten Capex Teilfläche bei t.Vb. (exkl. MWSt.)
B51: Leistung | D51: =CONCATENATE(B1,Basisdaten!A84) -> Dachfläche (5)P_TF_t.Vb. | E51: =IF(E25<6,0, IF(AND(OR(_Dach_Typ="Fd",_Dach_Typ="Fdg"),ISNUMBER(F23),ISNUMBER(F24)),(E26*F23+E27*F24)/1000, IF(ISNUMBER(F23),(E26*F23)/1000,0))) -> 0 | F51: kWp | G51: {=_xlfn.IFS(E25<6,"Keine Nutzungspflicht",E16="offen","Reflektion ungeklärt",E17="offen","Reflektion ungeklärt",TRUE,"")} -> Keine Nutzungspflicht
B52: spez. Referenzkosten | E52: =IF(E51>0,VLOOKUP(D51,Basisdaten!C:E,3,FALSE),0) -> 0 | F52: CHF/kWp
B53: Investition | E53: =IF(E51>0,E51*VLOOKUP(D51,Basisdaten!C:E,3,FALSE),0) -> 0 | F53: CHF
B54: Mehrkosten blendarm | E54: =IF(E16="krit",E26*_Aufpreis_Blendarm,0) +IF(E17="krit",E27*_Aufpreis_Blendarm,0) -> 0 | F54: CHF
B55: Förderung | E55: =IF(E51>0,-SUM(E44:E49),0) -> 0 | F55: CHF
B56: Kosten | E56: =SUM(E53:E55) -> 0 | F56: CHF
B57: Gestehungskosten (capex) | D57: Prio_t.Vb. | E57: =IFERROR(E56/(E40*E51)*100/25,0) -> 0 | F57: Rp./kWh | G57: 25 Betriebsjahre exkl. Zins, Unterhalt & Degradation
B59: Relevanz bei g.Min. (exkl. MWSt.)
B60: Leistung | D60: =CONCATENATE(B1,Basisdaten!A99) -> Dachfläche (5)P_TF_g.Min. | E60: =IF(E28<6,0, IF(AND(OR(_Dach_Typ="Fd",_Dach_Typ="Fdg"),ISNUMBER(F23),ISNUMBER(F24)),(E29*F23+E30*F24)/1000, IF(ISNUMBER(F23),(E29*F23)/1000,0))) -> 0 | F60: kWp | G60: {=_xlfn.IFS(E28<6,"Keine Nutzungspflicht",E16="offen","Reflektion ungeklärt",E17="offen","Reflektion ungeklärt",TRUE,"")} -> Keine Nutzungspflicht
B61: spez. Referenzkosten | E61: =IF(E60>0,VLOOKUP(D60,Basisdaten!C:E,3,FALSE),0) -> 0 | F61: CHF
B62: Investition | E62: =IF(E60>0,E60*VLOOKUP(D60,Basisdaten!C:E,3,FALSE),0) -> 0 | F62: CHF
B63: Mehrkosten blendarm | E63: =IF(E16="krit",E29*_Aufpreis_Blendarm,0) +IF(E17="krit",E30*_Aufpreis_Blendarm,0) -> 0 | F63: CHF
B64: Förderung | E64: =IF(E60>0,-SUM(H44:H49),0) -> 0 | F64: CHF
B65: Kosten | E65: =SUM(E62:E64) -> 0 | F65: CHF
B66: Gestehungskosten (capex) | D66: Prio_g.Min. | E66: =IFERROR(E65/(E40*E60)*100/25,0) -> 0 | F66: Rp./kWh | G66: 25 Betriebsjahre exkl. Zins, Unterhalt & Degradation
B69: ="Dachaufbauten "&MID(CELL("dateiname",B2),SEARCH("]",CELL("dateiname",B2))+1,31) -> Dachaufbauten Dachfläche (5)
D70: in Richtung (Grad) | F70: -90 | G70: -180 | H70: 90
D71: Bogenmass | F71: =RADIANS(F70) -> -1.5707963 | G71: =RADIANS(G70) -> -3.1415927 | H71: =RADIANS(H70) -> 1.5707963
D72: Abstandsfaktor | F72: 1 | G72: 3 | H72: 1
D73: Berechneter Faktor | F73: =$F$72*SIN(ATAN(1/$F$72))/SIN(ASIN(SIN($E$19)*COS($F$71-PI()+$E$18))+ATAN(1/$F$72)) -> 1 | G73: =$G$72*SIN(ATAN(1/$G$72))/SIN(ASIN(SIN(-$E$19)*COS($G$71-PI()+$E$18))+ATAN(1/$G$72)) -> 3 | H73: =$H$72*SIN(ATAN(1/$H$72))/SIN(ASIN(SIN($E$19)*COS($H$71-PI()+$E$18))+ATAN(1/$H$72)) -> 1
D74: Dachneigung in Hauptrichtung (Bogenmass) | F74: =ASIN(SIN($E$19)*COS(F71-$E$18)) -> 0 | G74: =ASIN(SIN($E$19)*COS(G71-$E$18)) -> 0 | H74: =ASIN(SIN($E$19)*COS(H71-$E$18)) -> 0
D75: Dachneigung in Hauptrichtung (Grad) | F75: =F74*180/PI() -> 0 | G75: =G74*180/PI() -> 0 | H75: =H74*180/PI() -> 0
B76: =_xlfn._LONGTEXT("Zu Dachrändern, sowie zu Aufbauten dürfen Abstände gemäss technischem Standard berücksichtigt werden. Die Verschattungsabstände durch hohe Objekte können zudem gemäss Kalkulation nach untenstehender Tabelle berücksichtigt werden. (Abstände parallel zur Da","chfläche in die entsprechende Himmelsrichtung)") -> Zu Dachrändern, sowie zu Aufbauten dürfen Abstände gemäss technischem Standard berücksichtigt werden. Die Verschattungsabstände durch hohe Objekte können zudem gemäss Kalkulation nach untenstehender Tabelle berücksichtigt werden. (Abstände parallel zur Dachfläche in die entsprechende Himmelsrichtung)
F77: Abstände auf geneigter Dachfläche
B78: Objekt | C78: Bezeichnung | E78: Höhe | F78: Nach Osten | G78: Nach Norden | H78: Nach Westen
B79: Nr. | E79: [m] | F79: [m] | G79: [m] | H79: [m]
B80: 1 | F80: =IF(ISNUMBER($E80),$E80*IF($F$73>0,MIN($F$72:$F$73),MAX($F$72:$F$73)),"") | G80: =IF(ISNUMBER($E80),$E80*IF($G$73>0,MIN($G$72:$G$73),MAX($G$72:$G$73)),"") | H80: =IF(ISNUMBER($E80),$E80*IF($H$73>0,MIN($H$72:$H$73),MAX($H$72:$H$73)),"")
B81: 2 | F81: =IF(ISNUMBER($E81),$E81*IF($F$73>0,MIN($F$72:$F$73),MAX($F$72:$F$73)),"") | G81: =IF(ISNUMBER($E81),$E81*IF($G$73>0,MIN($G$72:$G$73),MAX($G$72:$G$73)),"") | H81: =IF(ISNUMBER($E81),$E81*IF($H$73>0,MIN($H$72:$H$73),MAX($H$72:$H$73)),"")
B82: 3 | F82: =IF(ISNUMBER($E82),$E82*IF($F$73>0,MIN($F$72:$F$73),MAX($F$72:$F$73)),"") | G82: =IF(ISNUMBER($E82),$E82*IF($G$73>0,MIN($G$72:$G$73),MAX($G$72:$G$73)),"") | H82: =IF(ISNUMBER($E82),$E82*IF($H$73>0,MIN($H$72:$H$73),MAX($H$72:$H$73)),"")
B83: 4 | F83: =IF(ISNUMBER($E83),$E83*IF($F$73>0,MIN($F$72:$F$73),MAX($F$72:$F$73)),"") | G83: =IF(ISNUMBER($E83),$E83*IF($G$73>0,MIN($G$72:$G$73),MAX($G$72:$G$73)),"") | H83: =IF(ISNUMBER($E83),$E83*IF($H$73>0,MIN($H$72:$H$73),MAX($H$72:$H$73)),"")
B84: 5 | F84: =IF(ISNUMBER($E84),$E84*IF($F$73>0,MIN($F$72:$F$73),MAX($F$72:$F$73)),"") | G84: =IF(ISNUMBER($E84),$E84*IF($G$73>0,MIN($G$72:$G$73),MAX($G$72:$G$73)),"") | H84: =IF(ISNUMBER($E84),$E84*IF($H$73>0,MIN($H$72:$H$73),MAX($H$72:$H$73)),"")

Sheet Dachfläche (6)
B1: =MID(CELL("dateiname",B2),SEARCH("]",CELL("dateiname",B2))+1,31) -> Dachfläche (6)
B2: ="Zusammenstellung Kennwerte "&B1 -> Zusammenstellung Kennwerte Dachfläche (6)
B4: Projektinformationen
B5: ='3 Bericht'!B2 -> Projektname | E5: =_Projektname -> 0 | H5: ='3 Bericht'!J2 -> Netzversorger | K5: =_Netzversorger -> 0
B6: ='3 Bericht'!B3 -> Adresse | E6: =_Adresse -> 0 | H6: ='3 Bericht'!J3 -> Fertigstellung (geplant) | K6: =_Datum_IBS -> 0
B7: ='3 Bericht'!B4 -> PLZ Ort | E7: =_PLZ -> 0 | H7: ='3 Bericht'!J5 -> MWSt. pflichtig | K7: ='3 Bericht'!M5 -> Nein
B9: Angaben Dachfläche
B10: Bezeichnung Teilfläche | D10: Bez.
B11: Dachtyp | D11: Typ-lang | G11: Flachdach / Flachdach begrünt / Schrägdach / Parkplatz
D12: Typ | E12: =IFERROR(VLOOKUP(E11,Basisdaten!B151:C154,2,FALSE),"")
B13: Nutzbare Dachfläche | D13: Fläche | F13: m2 | G13: Gemäss Vollzugshilfe EN-204
B14: =IF(OR(_Dach_Typ="Fdg",_Dach_Typ="Fd"),"Hauptausrichtung","Ausrichtung") -> Ausrichtung | D14: Az. | F14: ° | G14: Süd = 0° / Ost -90° / West 90° / Nord +/- 180°
B15: =IF(OR(_Dach_Typ="Fdg",_Dach_Typ="Fd"),"Modulneigung","Dachneigung") -> Dachneigung | D15: Neig. | F15: ° | G15: 0° = Horizontal / 90° = Vertikal (Fassade)
B16: =IF(OR(_Dach_Typ="Fdg",_Dach_Typ="Fd"),"Blendung in Hauptausrichtung","Blendung") -> Blendung | D16: Blend.HA. | G16: =IFERROR(VLOOKUP(E16,_Reflektionstyp,2,FALSE),"Abklärung erforderlich") -> Abklärung erforderlich
B17: Blendung in Zweitausrichtung | D17: Blend.ZA. | E17: offen | G17: =IFERROR(VLOOKUP(E17,_Reflektionstyp,2,FALSE),"Abklärung erforderlich") -> Reflektionen klären! (unkritisch / kritisch)
C18: Ausrichtung (Bogenmass) | E18: =RADIANS(E14) -> 0
C19: Neigung (Bogenmass) | E19: =IF(_Dach_Typ=INDEX(_Liste_Dachtypen,1),0,-RADIANS(E15)) -> 0
B21: PV-Generator
B22: Modulorientierung | D22: Orient. | G22: Hochformat | H22: Querformat
B23: =IF(OR(_Dach_Typ="Fdg",_Dach_Typ="Fd"),"Modultyp für Hauptausrichtung","Modultyp") -> Modultyp | D23: M.Typ.HA. | E23: =IF($E16="krit","Blendarm","Standard") -> Standard | F23: =IF(E16="krit",_Modulleistung_Blendarm,_Modulleistung_Standard) -> 475 | G23: Wp
B24: Modultyp für Zweitausrichtung | D24: M.Typ.ZA. | E24: =IF($E17="krit","Blendarm","Standard") -> Standard | F24: {=_xlfn.IFS(_Dach_Typ="Sd",0,_Dach_Typ="Pp",0,TRUE,IF(E17="krit",_Modulleistung_Blendarm,_Modulleistung_Standard))} -> 475 | G24: Wp
B25: Anz. Module technische Vollbelegung | F25: =IF(OR(_Dach_Typ="Sd",_Dach_Typ="Pp"),"Stk. ("&E23&")","") | G25: (Variante "t.Vb.")
B26: ="Davon in Hauptausrichtung: "&E14&"°" -> Davon in Hauptausrichtung: ° | D26: t.Vb.HA. | E26: =IF(OR(_Dach_Typ="Sd",_Dach_Typ="Pp"),E25, IF(AND(OR(_Dach_Typ="Fd",_Dach_Typ="Fdg"),OR(ISBLANK(G26),G26>E25)),ROUNDUP(E25/2,0),G26)) -> 0 | F26: ="Stk. ("&E23&")" -> Stk. (Standard) | H26: Stk. | I26: =IF(G26>E25,"ungültiger Wert","Manuelle Eingabe") -> Manuelle Eingabe
B27: ="und in Zweitausrichtung: "&E14-180*SIGN(E14)&"°" -> und in Zweitausrichtung: 0° | D27: t.Vb.ZA. | E27: =E25-E26 -> 0 | F27: ="Stk. ("&E24&")" -> Stk. (Standard)
B28: Anz. Module gesetzliches Minimum | E28: =E25 -> 0 | F28: =IF(OR(_Dach_Typ="Sd",_Dach_Typ="Pp"),"Stk. ("&E23&")","") | G28: (Variante "g.Min.")
B29: ="Davon in Hauptausrichtung: "&E14&"°" -> Davon in Hauptausrichtung: ° | D29: g.Min.HA. | E29: =IF(OR(_Dach_Typ="Sd",_Dach_Typ="Pp"),E28, IF(AND(OR(_Dach_Typ="Fd",_Dach_Typ="Fdg"),OR(ISBLANK(G29),G29>E28)),ROUNDUP(E28/2,0),G29)) -> 0 | F29: ="Stk. ("&E23&")" -> Stk. (Standard) | H29: Stk. | I29: =IF(G29>E28,"ungültiger Wert","Manuelle Eingabe") -> Manuelle Eingabe
B30: ="und in Zweitausrichtung: "&E14-180*SIGN(E14)&"°" -> und in Zweitausrichtung: 0° | D30: g.Min.ZA. | E30: =E28-E29 -> 0 | F30: ="Stk. ("&E24&")" -> Stk. (Standard)
B32: Spezifischer Jahresertrag der Teilfläche
B33: Espez | C33: Horizontal | E33: =_Spez_Ertrag_Standort -> 900 | F33: kWh/kWp/a | G33: ="Spezifischer Ertrag am Standort bei horizontaler Montage" -> Spezifischer Ertrag am Standort bei horizontaler Montage
B34: Fkorr. | C34: =IF(OR(_Dach_Typ="Fdg",_Dach_Typ="Fd"),"Hauptausrichtung","Ausrichtung") -> Ausrichtung | D34: Fkorr_HA. | E34: {=(INDEX(_Faktor_Ausrichtung,ROUND(((E15/_RasterNeigung))+1,0),ROUND((((E14)/_RasterAzimut))+180/_RasterAzimut+1,0),1))} -> 1 | G34: ="Abweichung durch "&C34 -> Abweichung durch Ausrichtung
B35: Fkorr. | C35: Zweitausrichtung | D35: Fkorr_g.Min. | E35: {=INDEX(_Faktor_Ausrichtung,ROUND(((E15/_RasterNeigung))+1,0),ROUND((((E14-180*SIGN(E14))/_RasterAzimut))+180/_RasterAzimut+1,0),1)} -> 1 | G35: ="Abweichung durch "&C35 -> Abweichung durch Zweitausrichtung
B36: Espez | C36: korr. "t.Vb." | E36: =IFERROR(E33*((E34*E26)+(E35*E27))/(E26+E27),"") | F36: kWh/kWp/a | G36: Ausrichtungskorrigierter Spezifischer Ertrag
B37: Espez | C37: korr. "g.Min." | E37: =IFERROR(E33*((E34*E29)+(E35*E30))/(E29+E30),"") | F37: kWh/kWp/a | G37: Ausrichtungskorrigierter Spezifischer Ertrag
B38: Espez | C38: =C34 -> Ausrichtung | D38: Spez.E_Eingabe | F38: kWh/kWp/a | G38: Benutzerdefinierter Wert (Durch Bauherrschaft zu belegen)
B39: Espez | C39: Zweitausrichtung | F39: kWh/kWp/a | G39: Benutzerdefinierter Wert (Durch Bauherrschaft zu belegen)
B40: Espez | C40: Rechenwert "t.Vb." | D40: Spez.E_t.Vb. | E40: =IF(AND(OR(_Dach_Typ="Fdg",_Dach_Typ="Fd"),E27>0,ISNUMBER(E38),ISNUMBER(E39)),(E38*E26+E39*E27)/(E25), IF(AND(OR(AND(OR(_Dach_Typ="Fdg",_Dach_Typ="Fd"),E27=0),_Dach_Typ="Sd",_Dach_Typ="Pp"),ISNUMBER(E38)),E38, IF(AND(OR(E27>0,E30>0),ISNUMBER(E38),NOT(ISNUMBER(E39))),0,E36))) | F40: kWh/kWp/a | G40: =IF(E40=0,"Eingabe Zweitausrichtung erforderlich","Rechenwert spez. Jahresertrag bei technischer Vollbelegung") -> Rechenwert spez. Jahresertrag bei technischer Vollbelegung
B41: Espez | C41: Rechenwert "g.Min." | D41: Spez.E_g.Min. | E41: =IF(AND(OR(_Dach_Typ="Fdg",_Dach_Typ="Fd"),E30>0,ISNUMBER(E38),ISNUMBER(E39)),(E38*E29+E39*E30)/(E28), IF(AND(OR(AND(OR(_Dach_Typ="Fdg",_Dach_Typ="Fd"),E30=0),_Dach_Typ="Sd",_Dach_Typ="Pp"),ISNUMBER(E38)),E38,E37)) | F41: kWh/kWp/a | G41: =IF(E41=0,"Eingabe Zweitausrichtung erforderlich","Rechenwert spez. Jahresertrag bei gesetzlichem Minimum") -> Rechenwert spez. Jahresertrag bei gesetzlichem Minimum
B43: Förderzuschläge | E43: technische Vollbelegung (t.Vb.) | H43: gesetzliches Minimum (g.Min.)
B44: Förderung auf Leistung | E44: =IFERROR(_EIV_t.Vb./_Anlageleistung_t.Vb.*E51,0) -> 0 | F44: CHF | H44: =IFERROR(_EIV_g.Min./_Anlageleistung_g.Min.*E60,0) -> 0 | I44: CHF
B45: Fassadenbonus pronovo | D45: B.Fassade | E45: =IF(AND(E15>=_Neigungswinkel_für_NB_Bund,E15<=90),(E26*F23)/1000*_Bonus_Neigungswinkel_Bund+IF(OR(_Dach_Typ="Fd",_Dach_Typ="Fdg"),(F24*E27)/1000*_Bonus_Neigungswinkel_Bund,0),0) -> 0 | F45: CHF | H45: =IF(AND(E15>=_Neigungswinkel_für_NB_Bund,E15<=90),(E29*F23)/1000*_Bonus_Neigungswinkel_Bund+IF(OR(_Dach_Typ="Fd",_Dach_Typ="Fdg"),(F24*E30)/1000*_Bonus_Neigungswinkel_Bund,0),0) -> 0 | I45: CHF
B46: Parkplatzbonus pronovo | D46: B.PP | E46: =IFERROR(IF(AND(E11=Basisdaten!B154,(E26*F23+E27*F24)/1000>=_Schwelle_PPBonus),(E26*F23+E27*F24)/1000*_Bonus_Pp_pronovo,0),0) -> 0 | F46: CHF | H46: =IFERROR(IF(AND(E11=Basisdaten!B154,(E29*F23+E30*F24)/1000>=_Schwelle_PPBonus),(E29*F23+E30*F24)/1000*_Bonus_Pp_pronovo,0),0) -> 0 | I46: CHF
B47: Bonus Steile Anlagen | D47: B.Neig | E47: =IF(AND(E15>=_Neigungswinkel_für_NB_Bund,E15<=90,NOT(_Dach_Typ="Fdg")), ((E17="unk")*E26*_Modullänge_Standard*_Modulbreite_Standard +(E16="unk")*E27*_Modullänge_Standard*_Modulbreite_Standard +(E17="krit")*E26*_Modullänge_Blendarm*_Modulbreite_Blendarm +(E16="krit")*E27*_Modullänge_Blendarm*_Modulbreite_Blendarm) *_Bonus_Steil_Stadt,0) -> 0 | F47: CHF | H47: =IF(AND(E15>=_Neigungswinkel_für_NB_Bund,E15<=90,NOT(_Dach_Typ="Fdg")), ((E17="unk")*E29*_Modullänge_Standard*_Modulbreite_Standard +(E16="unk")*E30*_Modullänge_Standard*_Modulbreite_Standard +(E17="krit")*E29*_Modullänge_Blendarm*_Modulbreite_Blendarm +(E16="krit")*E30*_Modullänge_Blendarm*_Modulbreite_Blendarm) *_Bonus_Steil_Stadt,0) -> 0 | I47: CHF
B48: Bonus Dachbegrünung | D48: B.Grün | E48: =IF(_Dach_Typ="Fdg",(E26*F23+E27*F24)/1000*_Bonus_Gründach_Stadt,0) -> 0 | F48: CHF | H48: =IF(_Dach_Typ="Fdg",(E29*F23+E30*F24)/1000*_Bonus_Gründach_Stadt,0) -> 0 | I48: CHF
B49: Bonus Blendarme Module | D49: B.Blendarm | E49: =IF(E16="krit",E26*F23/1000*_Bonus_Blendarm_Stadt,0) +IF(AND(OR(_Dach_Typ="Fd",_Dach_Typ="Fdg"),E17="krit"),F24*E27/1000*_Bonus_Blendarm_Stadt,0) -> 0 | F49: CHF | H49: =IF(E16="krit",E29*F23/1000*_Bonus_Blendarm_Stadt,0) +IF(AND(OR(_Dach_Typ="Fd",_Dach_Typ="Fdg"),E17="krit"),F24*E30/1000*_Bonus_Blendarm_Stadt,0) -> 0 | I49: CHF
B50: Gestehungskosten Capex Teilfläche bei t.Vb. (exkl. MWSt.)
B51: Leistung | D51: =CONCATENATE(B1,Basisdaten!A84) -> Dachfläche (6)P_TF_t.Vb. | E51: =IF(E25<6,0, IF(AND(OR(_Dach_Typ="Fd",_Dach_Typ="Fdg"),ISNUMBER(F23),ISNUMBER(F24)),(E26*F23+E27*F24)/1000, IF(ISNUMBER(F23),(E26*F23)/1000,0))) -> 0 | F51: kWp | G51: {=_xlfn.IFS(E25<6,"Keine Nutzungspflicht",E16="offen","Reflektion ungeklärt",E17="offen","Reflektion ungeklärt",TRUE,"")} -> Keine Nutzungspflicht
B52: spez. Referenzkosten | E52: =IF(E51>0,VLOOKUP(D51,Basisdaten!C:E,3,FALSE),0) -> 0 | F52: CHF/kWp
B53: Investition | E53: =IF(E51>0,E51*VLOOKUP(D51,Basisdaten!C:E,3,FALSE),0) -> 0 | F53: CHF
B54: Mehrkosten blendarm | E54: =IF(E16="krit",E26*_Aufpreis_Blendarm,0) +IF(E17="krit",E27*_Aufpreis_Blendarm,0) -> 0 | F54: CHF
B55: Förderung | E55: =IF(E51>0,-SUM(E44:E49),0) -> 0 | F55: CHF
B56: Kosten | E56: =SUM(E53:E55) -> 0 | F56: CHF
B57: Gestehungskosten (capex) | D57: Prio_t.Vb. | E57: =IFERROR(E56/(E40*E51)*100/25,0) -> 0 | F57: Rp./kWh | G57: 25 Betriebsjahre exkl. Zins, Unterhalt & Degradation
B59: Relevanz bei g.Min. (exkl. MWSt.)
B60: Leistung | D60: =CONCATENATE(B1,Basisdaten!A99) -> Dachfläche (6)P_TF_g.Min. | E60: =IF(E28<6,0, IF(AND(OR(_Dach_Typ="Fd",_Dach_Typ="Fdg"),ISNUMBER(F23),ISNUMBER(F24)),(E29*F23+E30*F24)/1000, IF(ISNUMBER(F23),(E29*F23)/1000,0))) -> 0 | F60: kWp | G60: {=_xlfn.IFS(E28<6,"Keine Nutzungspflicht",E16="offen","Reflektion ungeklärt",E17="offen","Reflektion ungeklärt",TRUE,"")} -> Keine Nutzungspflicht
B61: spez. Referenzkosten | E61: =IF(E60>0,VLOOKUP(D60,Basisdaten!C:E,3,FALSE),0) -> 0 | F61: CHF
B62: Investition | E62: =IF(E60>0,E60*VLOOKUP(D60,Basisdaten!C:E,3,FALSE),0) -> 0 | F62: CHF
B63: Mehrkosten blendarm | E63: =IF(E16="krit",E29*_Aufpreis_Blendarm,0) +IF(E17="krit",E30*_Aufpreis_Blendarm,0) -> 0 | F63: CHF
B64: Förderung | E64: =IF(E60>0,-SUM(H44:H49),0) -> 0 | F64: CHF
B65: Kosten | E65: =SUM(E62:E64) -> 0 | F65: CHF
B66: Gestehungskosten (capex) | D66: Prio_g.Min. | E66: =IFERROR(E65/(E40*E60)*100/25,0) -> 0 | F66: Rp./kWh | G66: 25 Betriebsjahre exkl. Zins, Unterhalt & Degradation
B69: ="Dachaufbauten "&MID(CELL("dateiname",B2),SEARCH("]",CELL("dateiname",B2))+1,31) -> Dachaufbauten Dachfläche (6)
D70: in Richtung (Grad) | F70: -90 | G70: -180 | H70: 90
D71: Bogenmass | F71: =RADIANS(F70) -> -1.5707963 | G71: =RADIANS(G70) -> -3.1415927 | H71: =RADIANS(H70) -> 1.5707963
D72: Abstandsfaktor | F72: 1 | G72: 3 | H72: 1
D73: Berechneter Faktor | F73: =$F$72*SIN(ATAN(1/$F$72))/SIN(ASIN(SIN($E$19)*COS($F$71-PI()+$E$18))+ATAN(1/$F$72)) -> 1 | G73: =$G$72*SIN(ATAN(1/$G$72))/SIN(ASIN(SIN(-$E$19)*COS($G$71-PI()+$E$18))+ATAN(1/$G$72)) -> 3 | H73: =$H$72*SIN(ATAN(1/$H$72))/SIN(ASIN(SIN($E$19)*COS($H$71-PI()+$E$18))+ATAN(1/$H$72)) -> 1
D74: Dachneigung in Hauptrichtung (Bogenmass) | F74: =ASIN(SIN($E$19)*COS(F71-$E$18)) -> 0 | G74: =ASIN(SIN($E$19)*COS(G71-$E$18)) -> 0 | H74: =ASIN(SIN($E$19)*COS(H71-$E$18)) -> 0
D75: Dachneigung in Hauptrichtung (Grad) | F75: =F74*180/PI() -> 0 | G75: =G74*180/PI() -> 0 | H75: =H74*180/PI() -> 0
B76: =_xlfn._LONGTEXT("Zu Dachrändern, sowie zu Aufbauten dürfen Abstände gemäss technischem Standard berücksichtigt werden. Die Verschattungsabstände durch hohe Objekte können zudem gemäss Kalkulation nach untenstehender Tabelle berücksichtigt werden. (Abstände parallel zur Da","chfläche in die entsprechende Himmelsrichtung)") -> Zu Dachrändern, sowie zu Aufbauten dürfen Abstände gemäss technischem Standard berücksichtigt werden. Die Verschattungsabstände durch hohe Objekte können zudem gemäss Kalkulation nach untenstehender Tabelle berücksichtigt werden. (Abstände parallel zur Dachfläche in die entsprechende Himmelsrichtung)
F77: Abstände auf geneigter Dachfläche
B78: Objekt | C78: Bezeichnung | E78: Höhe | F78: Nach Osten | G78: Nach Norden | H78: Nach Westen
B79: Nr. | E79: [m] | F79: [m] | G79: [m] | H79: [m]
B80: 1 | F80: =IF(ISNUMBER($E80),$E80*IF($F$73>0,MIN($F$72:$F$73),MAX($F$72:$F$73)),"") | G80: =IF(ISNUMBER($E80),$E80*IF($G$73>0,MIN($G$72:$G$73),MAX($G$72:$G$73)),"") | H80: =IF(ISNUMBER($E80),$E80*IF($H$73>0,MIN($H$72:$H$73),MAX($H$72:$H$73)),"")
B81: 2 | F81: =IF(ISNUMBER($E81),$E81*IF($F$73>0,MIN($F$72:$F$73),MAX($F$72:$F$73)),"") | G81: =IF(ISNUMBER($E81),$E81*IF($G$73>0,MIN($G$72:$G$73),MAX($G$72:$G$73)),"") | H81: =IF(ISNUMBER($E81),$E81*IF($H$73>0,MIN($H$72:$H$73),MAX($H$72:$H$73)),"")
B82: 3 | F82: =IF(ISNUMBER($E82),$E82*IF($F$73>0,MIN($F$72:$F$73),MAX($F$72:$F$73)),"") | G82: =IF(ISNUMBER($E82),$E82*IF($G$73>0,MIN($G$72:$G$73),MAX($G$72:$G$73)),"") | H82: =IF(ISNUMBER($E82),$E82*IF($H$73>0,MIN($H$72:$H$73),MAX($H$72:$H$73)),"")
B83: 4 | F83: =IF(ISNUMBER($E83),$E83*IF($F$73>0,MIN($F$72:$F$73),MAX($F$72:$F$73)),"") | G83: =IF(ISNUMBER($E83),$E83*IF($G$73>0,MIN($G$72:$G$73),MAX($G$72:$G$73)),"") | H83: =IF(ISNUMBER($E83),$E83*IF($H$73>0,MIN($H$72:$H$73),MAX($H$72:$H$73)),"")
B84: 5 | F84: =IF(ISNUMBER($E84),$E84*IF($F$73>0,MIN($F$72:$F$73),MAX($F$72:$F$73)),"") | G84: =IF(ISNUMBER($E84),$E84*IF($G$73>0,MIN($G$72:$G$73),MAX($G$72:$G$73)),"") | H84: =IF(ISNUMBER($E84),$E84*IF($H$73>0,MIN($H$72:$H$73),MAX($H$72:$H$73)),"")

Sheet Anhang
B1: Anhang
B3: Referenzkosten PV-Anlagen
B5: https://pubdb.bfe.admin.ch/de/publication/download/11768
B6: Suchbegriff: | C6: Abschlussbericht, Photovoltaikmarkt: Preisbeobachtungsstudie
B8: unten: Beispiel aus Studie 2024: Trendkurve spezifische Kosten in Abhängigkeit der Anlageleistung: (Material- & Installationskosten enthalten / keine Planungshonorare enthalten)
B32: unten: Statistische Verteilung der spezifischen Kosten
B58: unten: Spezifische Kosten in Abhängigkeit der Anlageleistung
B80: Förderbeitrag PV-Anlage Pronovo
B81: (Energieförderungsverordnung, EnFV)
B82: vom 1. November 2017 (Stand am 1. Juli 2026)
B84: https://www.bfe.admin.ch/bfe/de/home/foerderung/erneuerbare-energien/foerderung-photovoltaikanlagen.html
B85: Suchbegriff: | C85: Verordnung 730.03 über die Förderung der Produktion von Elektrizität aus erneuerbaren Energien (Energieförderungsverordnung, EnFV)
B86: https://www.fedlex.admin.ch/eli/cc/2017/766/de#annex_2_1/lvl_u1/lvl_2
B88: Anhang 2.1, Absatz 2.9
B90: Globalstrahlung in Abhängigkeit der geografischen Ausrichtung
B92: Aus: | C92: "Photovoltaikanlagen Planung | Installation | Betrieb", Seite 89, Christoph Bucher, ISBN: 978-3-905711-62-2

Sheet Basisdaten
A1: Basiswerte und Berechnungsgrundlagen
A3: Formularversion | D3: 4.2a
A5: Dokumenttitel | D5: ="PV-Anlagen / Nachweis wirtschaftliche Unverhältnismässigkeit (Art. 77 Abs. 3 und 4 BZR) Formular-Release "&_Formularversion -> PV-Anlagen / Nachweis wirtschaftliche Unverhältnismässigkeit (Art. 77 Abs. 3 und 4 BZR) Formular-Release 4.2a
A7: Letzte Revision | D7: 46328 | E7: durch Plan-E (Anpassung an KEnG) / Formatierungen und Struktur
A8: Nächste Revision | D8: 46357 | E8: Revision jährlich per Anfang Dezember
A10: Bedienung
B11: Sämtliche grün eingefärbte Zellen sind Basisdaten, die regelmässig angepasst werden sollen / dürfen.
B12: Weisse Zellen und die Struktur des Tabellenblattes dürfen nicht bearbeitet werden.
B13: Violette Zellen sollen nur bei strukturellem Bedarf bearbeitet werden.
B15: Referenz | C15: Hilfszeile | D15: Wert | E15: Einheit | F15: Quelle | T15: Letzte Aktualisierung | U15: Überarbeitung | V15: Aktualisierungs Intervall
A16: Standardeinstrahlung
B17: Einstrahlung horizontale Fläche | D17: 1100 | E17: kWh/m2 | F17: Wetterstation Luzern | T17: 45233 | U17: Prüfen | V17: Nach Bedarf
B18: Ausrichtung Blendgefahr | D18: 45 | E18: ° | F18: (+/- Abweichung von Norden 180°/-180°) | T18: 45233 | U18: Prüfen | V18: Bei Neudefinition bzw. gültigem Stand der Technikpapier Blendung von Energie Schweiz
A20: Eigenschaften Standardmodul
B21: Modulbezeichnung | D21: DB_DE_Jinko_JKM475N-48QL6-DV | F21: Solarmarkt (Kosten +20% Marge) | T21: 46240 | U21: Aktualisieren | V21: 1 Jahr
B22: Modulleistung | D22: 475 | E22: Wp
B23: Leistungsgarantie Lieferant | D23: 88.85 | E23: % | F23: pro | G23: 30 | H23: Jahre
B24: Leistungsgarantie % nach 25 J. | D24: =100-((100-D23)/G23*25) -> 90.708333 | E24: %/25J
B25: Länge | D25: 1.762 | E25: m
B26: Breite | D26: 1.134 | E26: m
B27: Einkaufspreis | D27: 75.05 | E27: CHF/Stk.
B28: Modulpreis | D28: =D27*1.2 -> 90.06 | E28: CHF/Stk.
A29: Eigenschaften blendarmes Modul
B30: Modulbezeichnung (blendarm) | D30: DB_EN_SoliTek_BLACKSTAR_Satin_445W | F30: Solarmarkt (Kosten +20% Marge) | T30: 46240 | U30: Aktualisieren | V30: 1 Jahr
B31: Modulleistung (blendarm) | D31: 455 | E31: Wp
B32: Leistungsgarantie Lieferant (blendarm) | D32: 90 | E32: % | F32: pro | G32: 30 | H32: Jahre
B33: Leistungsgarantie % nach 25 J. (blendarm) | D33: =100-((100-D32)/G32*25) -> 91.666667 | E33: %/25J
B34: Länge (blendarm) | D34: 1.762 | E34: m
B35: Breite (blendarm) | D35: 1.134 | E35: m
B36: Einkaufspreis | D36: 155.9 | E36: CHF/Stk.
B37: Modulpreis (blendarm) | D37: =D36*1.2 -> 187.08 | E37: CHF/Stk.
B38: Aufpreis blendarm | D38: =D37-D28 -> 97.02 | E38: CHF/Modul
A39: Eigenschaften UK Schrägdach | T39: 45233 | U39: Prüfen | V39: Nach Bedarf
B40: Randabstand | D40: 0.2 | E40: m
B41: Zeilenabstand | D41: 0.02 | E41: m
B42: Spaltenabstand | D42: 0.02 | E42: m
A43: Eigenschaften UK Flachdach | T43: 45233 | U43: Prüfen | V43: Noch nicht implementiert
B44: Randabstand | D44: 0.6 | E44: m
B45: Zeilenabstand | D45: 0.02 | E45: m
B46: Spaltenabstand | D46: 0.2 | E46: m
A48: Tarife Energieversorger exkl. MWSt. | G48: Berechnung | H48: Basisdaten | K48: Berechnung 3 jahresdurchschnitt (Exkl. MWSt.) (Einträge ältestes Jahr ersetzen) | T48: 45931 | U48: Aktualisieren | V48: 1 Jahr
B49: Netzversorger | D49: =G49 -> #N/A | G49: =INDEX($H$49:$I$60,MATCH(B49,$B$49:$B$60,0),MATCH(_Netzversorger,$H$49:$I$49,0)) -> #N/A | H49: ewl | I49: CKW
B50: Rückliefertarif Referenz | G50: =INDEX($H$49:$I$60,MATCH(B50,$B$49:$B$60,0),MATCH(_Netzversorger,$H$49:$I$49,0)) -> #N/A | H50: Tarifblatt Rückspeisevergütung Ø 3 Jahre | I50: Referenz Marktpreis EnFV Ø 4 Jahre | K50: ewl 2025 | L50: ewl 2026 | M50: ewl 2024 | O50: ckw 2025 | P50: ckw 2022 | Q50: ckw 2023 | R50: ckw 2024 | S50: bei ckw Rückwirkend!
B51: Rückliefertarif | D51: =G51 -> #N/A | E51: Rp./kWh | F51: =G50 -> #N/A | G51: =INDEX($H$49:$I$60,MATCH(B51,$B$49:$B$60,0),MATCH(_Netzversorger,$H$49:$I$49,0)) -> #N/A | H51: =AVERAGE(K51:M51) -> 13 | I51: =AVERAGE(O51:R51) -> 12.4495 | K51: 13 | L51: 13 | M51: 13 | O51: =(10.38+2.759+5.731+9.377)/4 -> 7.06175 | P51: 28.971 | Q51: 8.316 | R51: =(8.751+3.342+3.507+6.197)/4 -> 5.44925 | S51: https://www.ckw.ch/energie/strom/ruecklieferverguetung#die-ruecklieferverguetung
B52: HKN | D52: =G52 -> #N/A | E52: Rp./kWh | F52: ="Bei Anlageleistung <= "&G53&"kVA" -> #N/A | G52: =INDEX($H$49:$I$60,MATCH(B52,$B$49:$B$60,0),MATCH(_Netzversorger,$H$49:$I$49,0)) -> #N/A | H52: =AVERAGE(K52:M52) -> 4 | I52: =AVERAGE(O52:R52) -> 2 | K52: 4 | L52: 4 | M52: 4 | O52: 2 | P52: 2 | Q52: 2 | R52: 2 | S52: https://www.bfe.admin.ch/bfe/de/home/foerderung/erneuerbare-energien/einspeiseverguetung.html/
B53: HKN Tarif Schwellwert | D53: =G53 -> #N/A | E53: kVA | F53: =B52&" bis und mit "&D53&" kVA "&B54&" ab "&D53&" kVA" -> #N/A | G53: =INDEX($H$49:$I$60,MATCH(B53,$B$49:$B$60,0),MATCH(_Netzversorger,$H$49:$I$49,0)) -> #N/A | H53: 10000 | I53: 100 | S53: Limit für höhere oder tiefere HKN Vergütung
B54: HKN | D54: =G54 -> #N/A | E54: Rp./kWh | F54: ="Bei Anlageleistung > "&G53&"kVA" -> #N/A | G54: =INDEX($H$49:$I$60,MATCH(B54,$B$49:$B$60,0),MATCH(_Netzversorger,$H$49:$I$49,0)) -> #N/A | H54: =AVERAGE(K54:M54) -> 4 | I54: =AVERAGE(O54:R54) -> 1 | K54: 4 | L54: 4 | M54: 4 | O54: 1 | P54: 1 | Q54: 1 | R54: 1
B55: Produkt Energiebezug | G55: =INDEX($H$49:$I$60,MATCH(B55,$B$49:$B$60,0),MATCH(_Netzversorger,$H$49:$I$49,0)) -> #N/A | H55: ewl Naturstrom Ø 3 Jahre | I55: MeinRegioStrom Ø 3 Jahre
B56: Energiebezug EVU | D56: =G56 -> #N/A | E56: Rp./kWh | F56: =G55 -> #N/A | G56: =INDEX($H$49:$I$60,MATCH(B56,$B$49:$B$60,0),MATCH(_Netzversorger,$H$49:$I$49,0)) -> #N/A | H56: =AVERAGE(K56:M56) -> 10.933333 | I56: =AVERAGE(O56:R56) -> 16.575 | K56: 10.45 | L56: 9.45 | M56: 12.9 | N56: https://www.ewl-luzern.ch/privatkunden/energie/strom/selber-produzieren/stromruecklieferung/ | O56: 11.5 | P56: 15 | Q56: 20.4 | R56: 19.4 | S56: https://www.ckw.ch/energie/strom/stromprodukte/privat
B57: Netznutzung EVU | D57: =G57 -> #N/A | E57: Rp./kWh | G57: =INDEX($H$49:$I$60,MATCH(B57,$B$49:$B$60,0),MATCH(_Netzversorger,$H$49:$I$49,0)) -> #N/A | H57: =AVERAGE(K57:M57) -> 12.383333 | I57: =AVERAGE(O57:R57) -> 7.6825 | K57: 13 | L57: 11.95 | M57: 12.2 | O57: 6 | P57: 6.49 | Q57: 8.74 | R57: 9.5
B58: Systemdienstleistung | D58: =G58 -> #N/A | E58: Rp./kWh | G58: =INDEX($H$49:$I$60,MATCH(B58,$B$49:$B$60,0),MATCH(_Netzversorger,$H$49:$I$49,0)) -> #N/A | H58: =AVERAGE(K58:M58) -> 0.52333333 | I58: =AVERAGE(O58:R58) -> 0.5075 | K58: 0.55 | L58: 0.27 | M58: 0.75 | O58: 0.55 | P58: =0.27 -> 0.27 | Q58: 0.46 | R58: 0.75
B59: Gemeindeabgaben + Stromreserve | D59: =G59 -> #N/A | E59: Rp./kWh | G59: =INDEX($H$49:$I$60,MATCH(B59,$B$49:$B$60,0),MATCH(_Netzversorger,$H$49:$I$49,0)) -> #N/A | H59: =AVERAGE(K59:M59) -> 2.4633333 | I59: =AVERAGE(O59:R59) -> 1.895 | K59: =1.6+0.23 -> 1.83 | L59: =1.6+0.5+0.41+0.05 -> 2.56 | M59: =1.2+1.8 -> 3 | O59: =1.8+0.25 -> 2.05 | P59: =1.8+0.41+0.05 -> 2.26 | Q59: 0.92 | R59: =1.2+1.15 -> 2.35 | S59: Konzessionsabgabe Luzern + Winterreserve
B60: KEV Abgabe | D60: =G60 -> #N/A | E60: Rp./kWh | G60: =INDEX($H$49:$I$60,MATCH(B60,$B$49:$B$60,0),MATCH(_Netzversorger,$H$49:$I$49,0)) -> #N/A | H60: =AVERAGE(K60:M60) -> 2.3 | I60: =AVERAGE(O60:R60) -> 2.3 | K60: 2.3 | L60: 2.3 | M60: 2.3 | O60: 2.3 | P60: 2.3 | Q60: 2.3 | R60: 2.3
P61: ckw 2026
A67: Rahmenbedingungen Wirtschaftlichkeit
B68: Anlagelebensdauer (für Grafik) | D68: 30 | E68: Jahre | F68: Gesetzgeber | T68: 44853 | U68: Prüfen | V68: Nach Bedarf
B69: Zulässige Amortisationszeit | D69: 20 | E69: Jahre | F69: Gesetzgeber | T69: 44853 | U69: Prüfen | V69: Nach Bedarf
B70: Kapitalverzinsung | D70: 1.25 | E70: % | F70: Referenzzinssatz Stand 1.7.2026 | T70: 45931 | U70: Aktualisieren | V70: 1 Jahr | W70: https://www.bwo.admin.ch/bwo/de/home/mietrecht/referenzzinssatz.html
B71: Eigennutzungsgrad | D71: 30 | E71: % | F71: Gesetzgeber
B72: Unterhaltskosten | D72: 3 | E72: Rp./kWh | F72: Gesetzgeber | T72: 44853 | U72: Prüfen | V72: Nach Bedarf
B73: MWSt. Satz | D73: 8.1 | E73: % | F73: Gesetzgeber | T73: 45931 | U73: Aktualisieren | V73: jährlich
A75: Referenzkosten PV (exkl. MWSt.) | D75: Photovoltaikmarkt Beobachtungsstudie (Anhang) | G75: Änderungen der Referenzkostenberechnung sind an b.bossart@iwf.ch zu kommunizieren (für Webauftritt Stadt Luzern) | T75: 45622 | U75: Aktualisieren | V75: jährlich | W75: https://pubdb.bfe.admin.ch/de/suche?keywords=&q=Photovoltaikmarkt&from=&to=&nr=
B77: Anlageleistung ab | C77: bis | D77: Var Kosten | E77: Fest Kosten | F77: Aufpreis Gründach
B78: 2 | C78: 10 | D78: 2034 | E78: 6191 | F78: 1.2 | T78: Bild: Seite 17 Photovoltaikmarkt Preisbeobachtungsstudie (ohne MWSt.)
B79: =C78 -> 10 | C79: 30 | D79: 1177 | E79: 14762
B80: =C79 -> 30 | C80: 100 | D80: 1464 | E80: 6148 | T80: Mehrkosten bei Gründach ca. 20% gemäss Preisbeobachtungsstudie 2024 S. 22
B81: =C80 -> 100 | C81: 300 | D81: 758 | E81: 76754
B82: =C81 -> 300 | C82: 10000 | D82: 758 | E82: 76754 | T82: 45931 | U82: Aktualisieren | V82: jährlich
A84: P_TF_t.Vb. | C84: Verweis | D84: Leistung | E84: Referenzkosten exkl. MWSt. | G84: Dachtyp | H84: Referenzkosten exkl. MWSt. | J84: f
B85: Total | D85: =_Anlageleistung_t.Vb. -> 0 | E85: =IF(D85>0,H85*J85,0) -> 0 | F85: CHF/kWp | H85: {=IF(AND(D85>=$B$78), _xlfn.IFS(D85<$C$78,D85*$D$78+$E$78, D85<$C$79,D85*$D$79+$E$79, D85<$C$80,D85*$D$80+$E$80, D85<$C$81,D85*$D$81+$E$81, D85<$C$82,D85*$D$82+$E$82)/D85,0)} -> 0 | I85: CHF/kWp | J85: =SUMPRODUCT(D$86:D$97,J$86:J$97)/(SUM(D$86:D$97)) -> #DIV/0!
A86: 1 | B86: ="Dachfläche ("&A86&")" -> Dachfläche (1) | C86: =CONCATENATE(B86,A$84) -> Dachfläche (1)P_TF_t.Vb. | D86: =IFERROR(VLOOKUP(C86,INDIRECT(CONCATENATE("'",B86,"'!D:E")),2,FALSE),"") -> 0 | E86: =IFERROR(H86*J86,0) -> 0 | F86: CHF/kWp | G86: =IFERROR(VLOOKUP("Typ",INDIRECT(CONCATENATE("'",B86,"'!D:E")),2,FALSE),"") | H86: {=IF(AND(D86>=$B$78), _xlfn.IFS(D86<$C$78,D86*$D$78+$E$78, D86<$C$79,D86*$D$79+$E$79, D86<$C$80,D86*$D$80+$E$80, D86<$C$81,D86*$D$81+$E$81)/D86,0)} -> 0 | I86: CHF/kWp | J86: {=_xlfn.IFS(D86=0,0,G86="Fdg",$F$78,TRUE,1)} -> 0
A87: 2 | B87: ="Dachfläche ("&A87&")" -> Dachfläche (2) | C87: =CONCATENATE(B87,A$84) -> Dachfläche (2)P_TF_t.Vb. | D87: =IFERROR(VLOOKUP(C87,INDIRECT(CONCATENATE("'",B87,"'!D:E")),2,FALSE),"") -> 0 | E87: =IFERROR(H87*J87,0) -> 0 | F87: CHF/kWp | G87: =IFERROR(VLOOKUP("Typ",INDIRECT(CONCATENATE("'",B87,"'!D:E")),2,FALSE),"") | H87: {=IF(AND(D87>=$B$78), _xlfn.IFS(D87<$C$78,D87*$D$78+$E$78, D87<$C$79,D87*$D$79+$E$79, D87<$C$80,D87*$D$80+$E$80, D87<$C$81,D87*$D$81+$E$81)/D87,0)} -> 0 | I87: CHF/kWp | J87: {=_xlfn.IFS(D87=0,0,G87="Fdg",$F$78,TRUE,1)} -> 0
A88: 3 | B88: ="Dachfläche ("&A88&")" -> Dachfläche (3) | C88: =CONCATENATE(B88,A$84) -> Dachfläche (3)P_TF_t.Vb. | D88: =IFERROR(VLOOKUP(C88,INDIRECT(CONCATENATE("'",B88,"'!D:E")),2,FALSE),"") -> 0 | E88: =IFERROR(H88*J88,0) -> 0 | F88: CHF/kWp | G88: =IFERROR(VLOOKUP("Typ",INDIRECT(CONCATENATE("'",B88,"'!D:E")),2,FALSE),"") | H88: {=IF(AND(D88>=$B$78), _xlfn.IFS(D88<$C$78,D88*$D$78+$E$78, D88<$C$79,D88*$D$79+$E$79, D88<$C$80,D88*$D$80+$E$80, D88<$C$81,D88*$D$81+$E$81)/D88,0)} -> 0 | I88: CHF/kWp | J88: {=_xlfn.IFS(D88=0,0,G88="Fdg",$F$78,TRUE,1)} -> 0
A89: 4 | B89: ="Dachfläche ("&A89&")" -> Dachfläche (4) | C89: =CONCATENATE(B89,A$84) -> Dachfläche (4)P_TF_t.Vb. | D89: =IFERROR(VLOOKUP(C89,INDIRECT(CONCATENATE("'",B89,"'!D:E")),2,FALSE),"") -> 0 | E89: =IFERROR(H89*J89,0) -> 0 | F89: CHF/kWp | G89: =IFERROR(VLOOKUP("Typ",INDIRECT(CONCATENATE("'",B89,"'!D:E")),2,FALSE),"") | H89: {=IF(AND(D89>=$B$78), _xlfn.IFS(D89<$C$78,D89*$D$78+$E$78, D89<$C$79,D89*$D$79+$E$79, D89<$C$80,D89*$D$80+$E$80, D89<$C$81,D89*$D$81+$E$81)/D89,0)} -> 0 | I89: CHF/kWp | J89: {=_xlfn.IFS(D89=0,0,G89="Fdg",$F$78,TRUE,1)} -> 0
A90: 5 | B90: ="Dachfläche ("&A90&")" -> Dachfläche (5) | C90: =CONCATENATE(B90,A$84) -> Dachfläche (5)P_TF_t.Vb. | D90: =IFERROR(VLOOKUP(C90,INDIRECT(CONCATENATE("'",B90,"'!D:E")),2,FALSE),"") -> 0 | E90: =IFERROR(H90*J90,0) -> 0 | F90: CHF/kWp | G90: =IFERROR(VLOOKUP("Typ",INDIRECT(CONCATENATE("'",B90,"'!D:E")),2,FALSE),"") | H90: {=IF(AND(D90>=$B$78), _xlfn.IFS(D90<$C$78,D90*$D$78+$E$78, D90<$C$79,D90*$D$79+$E$79, D90<$C$80,D90*$D$80+$E$80, D90<$C$81,D90*$D$81+$E$81)/D90,0)} -> 0 | I90: CHF/kWp | J90: {=_xlfn.IFS(D90=0,0,G90="Fdg",$F$78,TRUE,1)} -> 0
A91: 6 | B91: ="Dachfläche ("&A91&")" -> Dachfläche (6) | C91: =CONCATENATE(B91,A$84) -> Dachfläche (6)P_TF_t.Vb. | D91: =IFERROR(VLOOKUP(C91,INDIRECT(CONCATENATE("'",B91,"'!D:E")),2,FALSE),"") -> 0 | E91: =IFERROR(H91*J91,0) -> 0 | F91: CHF/kWp | G91: =IFERROR(VLOOKUP("Typ",INDIRECT(CONCATENATE("'",B91,"'!D:E")),2,FALSE),"") | H91: {=IF(AND(D91>=$B$78), _xlfn.IFS(D91<$C$78,D91*$D$78+$E$78, D91<$C$79,D91*$D$79+$E$79, D91<$C$80,D91*$D$80+$E$80, D91<$C$81,D91*$D$81+$E$81)/D91,0)} -> 0 | I91: CHF/kWp | J91: {=_xlfn.IFS(D91=0,0,G91="Fdg",$F$78,TRUE,1)} -> 0
A92: 7 | B92: ="Dachfläche ("&A92&")" -> Dachfläche (7) | C92: =CONCATENATE(B92,A$84) -> Dachfläche (7)P_TF_t.Vb.
A93: 8 | B93: ="Dachfläche ("&A93&")" -> Dachfläche (8) | C93: =CONCATENATE(B93,A$84) -> Dachfläche (8)P_TF_t.Vb.
A94: 9 | B94: ="Dachfläche ("&A94&")" -> Dachfläche (9) | C94: =CONCATENATE(B94,A$84) -> Dachfläche (9)P_TF_t.Vb.
A95: 10 | B95: ="Dachfläche ("&A95&")" -> Dachfläche (10) | C95: =CONCATENATE(B95,A$84) -> Dachfläche (10)P_TF_t.Vb.
A96: 11 | B96: ="Dachfläche ("&A96&")" -> Dachfläche (11) | C96: =CONCATENATE(B96,A$84) -> Dachfläche (11)P_TF_t.Vb.
A97: 12 | B97: ="Dachfläche ("&A97&")" -> Dachfläche (12) | C97: =CONCATENATE(B97,A$84) -> Dachfläche (12)P_TF_t.Vb.
A99: P_TF_g.Min. | C99: Verweis | D99: Leistung | E99: Referenzkosten exkl. MWSt. | G99: Dachtyp | H99: Referenzkosten exkl. MWSt. | J99: f
B100: Total | D100: =_Anlageleistung_g.Min. -> 0 | E100: =IF(D100>0,H100*J100,0) -> 0 | F100: CHF/kWp | H100: {=IF(AND(D100>=$B$78), _xlfn.IFS(D100<$C$78,D100*$D$78+$E$78, D100<$C$79,D100*$D$79+$E$79, D100<$C$80,D100*$D$80+$E$80, D100<$C$81,D100*$D$81+$E$81, D100<$C$82,D100*$D$82+$E$82)/D100,0)} -> 0 | I100: CHF/kWp | J100: =SUMPRODUCT(D$101:D$112,J$101:J$112)/(SUM(D$101:D$112)) -> #DIV/0!
A101: 1 | B101: ="Dachfläche ("&A101&")" -> Dachfläche (1) | C101: =CONCATENATE(B101,A$99) -> Dachfläche (1)P_TF_g.Min. | D101: =IFERROR(VLOOKUP(C101,INDIRECT(CONCATENATE("'",B101,"'!D:E")),2,FALSE),"") -> 0 | E101: =IFERROR(H101*J101,0) -> 0 | F101: CHF/kWp | G101: =IFERROR(VLOOKUP("Typ",INDIRECT(CONCATENATE("'",B101,"'!D:E")),2,FALSE),"") | H101: {=IF(AND(D101>=$B$78), _xlfn.IFS(D101<$C$78,D101*$D$78+$E$78, D101<$C$79,D101*$D$79+$E$79, D101<$C$80,D101*$D$80+$E$80, D101<$C$81,D101*$D$81+$E$81, D101<$C$82,D101*$D$82+$E$82)/D101,0)} -> 0 | I101: CHF/kWp | J101: {=_xlfn.IFS(D101=0,0,G101="Fdg",$F$78,TRUE,1)} -> 0
A102: 2 | B102: ="Dachfläche ("&A102&")" -> Dachfläche (2) | C102: =CONCATENATE(B102,A$99) -> Dachfläche (2)P_TF_g.Min. | D102: =IFERROR(VLOOKUP(C102,INDIRECT(CONCATENATE("'",B102,"'!D:E")),2,FALSE),"") -> 0 | E102: =IFERROR(H102*J102,0) -> 0 | F102: CHF/kWp | G102: =IFERROR(VLOOKUP("Typ",INDIRECT(CONCATENATE("'",B102,"'!D:E")),2,FALSE),"") | H102: {=IF(AND(D102>=$B$78), _xlfn.IFS(D102<$C$78,D102*$D$78+$E$78, D102<$C$79,D102*$D$79+$E$79, D102<$C$80,D102*$D$80+$E$80, D102<$C$81,D102*$D$81+$E$81, D102<$C$82,D102*$D$82+$E$82)/D102,0)} -> 0 | I102: CHF/kWp | J102: {=_xlfn.IFS(D102=0,0,G102="Fdg",$F$78,TRUE,1)} -> 0
A103: 3 | B103: ="Dachfläche ("&A103&")" -> Dachfläche (3) | C103: =CONCATENATE(B103,A$99) -> Dachfläche (3)P_TF_g.Min. | D103: =IFERROR(VLOOKUP(C103,INDIRECT(CONCATENATE("'",B103,"'!D:E")),2,FALSE),"") -> 0 | E103: =IFERROR(H103*J103,0) -> 0 | F103: CHF/kWp | G103: =IFERROR(VLOOKUP("Typ",INDIRECT(CONCATENATE("'",B103,"'!D:E")),2,FALSE),"") | H103: {=IF(AND(D103>=$B$78), _xlfn.IFS(D103<$C$78,D103*$D$78+$E$78, D103<$C$79,D103*$D$79+$E$79, D103<$C$80,D103*$D$80+$E$80, D103<$C$81,D103*$D$81+$E$81, D103<$C$82,D103*$D$82+$E$82)/D103,0)} -> 0 | I103: CHF/kWp | J103: {=_xlfn.IFS(D103=0,0,G103="Fdg",$F$78,TRUE,1)} -> 0
A104: 4 | B104: ="Dachfläche ("&A104&")" -> Dachfläche (4) | C104: =CONCATENATE(B104,A$99) -> Dachfläche (4)P_TF_g.Min. | D104: =IFERROR(VLOOKUP(C104,INDIRECT(CONCATENATE("'",B104,"'!D:E")),2,FALSE),"") -> 0 | E104: =IFERROR(H104*J104,0) -> 0 | F104: CHF/kWp | G104: =IFERROR(VLOOKUP("Typ",INDIRECT(CONCATENATE("'",B104,"'!D:E")),2,FALSE),"") | H104: {=IF(AND(D104>=$B$78), _xlfn.IFS(D104<$C$78,D104*$D$78+$E$78, D104<$C$79,D104*$D$79+$E$79, D104<$C$80,D104*$D$80+$E$80, D104<$C$81,D104*$D$81+$E$81, D104<$C$82,D104*$D$82+$E$82)/D104,0)} -> 0 | I104: CHF/kWp | J104: {=_xlfn.IFS(D104=0,0,G104="Fdg",$F$78,TRUE,1)} -> 0
A105: 5 | B105: ="Dachfläche ("&A105&")" -> Dachfläche (5) | C105: =CONCATENATE(B105,A$99) -> Dachfläche (5)P_TF_g.Min. | D105: =IFERROR(VLOOKUP(C105,INDIRECT(CONCATENATE("'",B105,"'!D:E")),2,FALSE),"") -> 0 | E105: =IFERROR(H105*J105,0) -> 0 | F105: CHF/kWp | G105: =IFERROR(VLOOKUP("Typ",INDIRECT(CONCATENATE("'",B105,"'!D:E")),2,FALSE),"") | H105: {=IF(AND(D105>=$B$78), _xlfn.IFS(D105<$C$78,D105*$D$78+$E$78, D105<$C$79,D105*$D$79+$E$79, D105<$C$80,D105*$D$80+$E$80, D105<$C$81,D105*$D$81+$E$81, D105<$C$82,D105*$D$82+$E$82)/D105,0)} -> 0 | I105: CHF/kWp | J105: {=_xlfn.IFS(D105=0,0,G105="Fdg",$F$78,TRUE,1)} -> 0
A106: 6 | B106: ="Dachfläche ("&A106&")" -> Dachfläche (6) | C106: =CONCATENATE(B106,A$99) -> Dachfläche (6)P_TF_g.Min. | D106: =IFERROR(VLOOKUP(C106,INDIRECT(CONCATENATE("'",B106,"'!D:E")),2,FALSE),"") -> 0 | E106: =IFERROR(H106*J106,0) -> 0 | F106: CHF/kWp | G106: =IFERROR(VLOOKUP("Typ",INDIRECT(CONCATENATE("'",B106,"'!D:E")),2,FALSE),"") | H106: {=IF(AND(D106>=$B$78), _xlfn.IFS(D106<$C$78,D106*$D$78+$E$78, D106<$C$79,D106*$D$79+$E$79, D106<$C$80,D106*$D$80+$E$80, D106<$C$81,D106*$D$81+$E$81, D106<$C$82,D106*$D$82+$E$82)/D106,0)} -> 0 | I106: CHF/kWp | J106: {=_xlfn.IFS(D106=0,0,G106="Fdg",$F$78,TRUE,1)} -> 0
A107: 7 | B107: ="Dachfläche ("&A107&")" -> Dachfläche (7) | C107: =CONCATENATE(B107,A$99) -> Dachfläche (7)P_TF_g.Min.
A108: 8 | B108: ="Dachfläche ("&A108&")" -> Dachfläche (8) | C108: =CONCATENATE(B108,A$99) -> Dachfläche (8)P_TF_g.Min.
A109: 9 | B109: ="Dachfläche ("&A109&")" -> Dachfläche (9) | C109: =CONCATENATE(B109,A$99) -> Dachfläche (9)P_TF_g.Min.
A110: 10 | B110: ="Dachfläche ("&A110&")" -> Dachfläche (10) | C110: =CONCATENATE(B110,A$99) -> Dachfläche (10)P_TF_g.Min.
A111: 11 | B111: ="Dachfläche ("&A111&")" -> Dachfläche (11) | C111: =CONCATENATE(B111,A$99) -> Dachfläche (11)P_TF_g.Min.
A112: 12 | B112: ="Dachfläche ("&A112&")" -> Dachfläche (12) | C112: =CONCATENATE(B112,A$99) -> Dachfläche (12)P_TF_g.Min.
A114: Förderung pronovo | T114: 45931 | U114: Aktualisieren | V114: halbjährlich
B115: gültig bei IBS ab | D115: 45748
B116: Auszahlungszeitraum | D116: 1 | E116: Jahre | T116: https://www.fedlex.admin.ch/eli/cc/2017/766/de
B117: EIV Pauschalbeitrag 2-5 kWp | D117: 0 | E117: 5
...

Sheet Wirtschaftlichkeit_t.Vb.
A1: Wirtschaftlichkeit bei Ausführung Maximalbelegung
A3: Jahr | B3: Betriebsjahr | C3: Degradation [%] | D3: Jahres Energieertrag [kWh] | E3: Eigenverbrauch [kWh] | F3: Rückzahlung Einspeisung [CHF] | G3: MWSt.- Einspeisung [CHF] | H3: Eingesparter Bezug [CHF] | I3: Auszahlung Förderbeitrag [CHF] | J3: Unterhalts-kosten [CHF] | K3: MWSt.- Vorsteuerabzug Unterhalts-kosten [CHF] | L3: Eigenkapitalkosten Annuität (Verzinsung Jährlich) [CHF] | M3: Cash Flow netto [CHF] | N3: Kapital Entwicklung [CHF] | O3: Payback [nach Jahren] | P3: Kapital neg Entwicklung [CHF] | Q3: Kapital pos Entwicklung [CHF]
A4: Summe | D4: =SUM(D6:D105) -> 0 | E4: =SUM(E6:E105) -> 0 | F4: =SUM(F6:F105) -> 0 | H4: =SUM(H6:H105) -> 0 | I4: =SUM(I6:I105) -> 0 | J4: =SUM(J6:J105) -> 0 | L4: =SUM(L6:L105) -> 0 | M4: =SUM(M6:M105) -> 0 | N4: =SUM(N6:N105) -> 0 | O4: =SUM(O6:O101) -> 0
A5: 0 | B5: =A5 -> 0 | C5: 100 | N5: =-_Gesamtkosten_t.Vb. -> 0 | P5: =IF(ISNUMBER(B5),IF(N5<0,N5,0),"") -> 0 | Q5: =IF(ISNUMBER(B5),IF(N5>0,N5,0),"") -> 0
A6: =A5+1 -> 1 | B6: =IF(A6<=_Lebensdauer,A6,"") -> 1 | C6: =IF(ISNUMBER(B6),$C$5-B6*_Degradation_pro_Jahr_Standard,0) -> 99.628333 | D6: =_Ertrag_t.Vb.*C6/100 -> 0 | E6: =D6*_ENG_Rechenwert_t.Vb./100 -> 0 | F6: =(D6-E6)*_Tarif_Rücklieferung/100 -> 0 | G6: =IF(_MWSt_pflichtig,F6*_MWSt_Satz/100,0) -> 0 | H6: =E6*_Tarif_Bezug/100 -> 0 | I6: =IF(_EIV_t_auszahlung=B6,-_EIV_t.Vb._Rechenwert,0)+IF(_EF_t=B6,-_EF_t.Vb._Rechenwert,0) -> 0 | J6: =-D6*_Tarif_Unterhalt_Rechenwert_t.Vb./100 -> 0 | K6: =IF(_MWSt_pflichtig,J6*_MWSt_Satz/100,0) -> 0 | L6: =IF(B6<=_Lebensdauer,PMT(_Kap_Verzinsung/100,_Lebensdauer,_Investitionskosten_t.Vb.),"") -> 0 | M6: =SUM(F6:L6) -> 0 | N6: =N5+M6 -> 0 | O6: =IF(AND(N5<0,N6>=0),B6,0) -> 0 | P6: =IF(ISNUMBER(B6),IF(N6<0,N6,0),"") -> 0 | Q6: =IF(ISNUMBER(B6),IF(N6>0,N6,0),"") -> 0
A7: =A6+1 -> 2 | B7: =IF(A7<=_Lebensdauer,A7,"") -> 2 | C7: =IF(ISNUMBER(B7),$C$5-B7*_Degradation_pro_Jahr_Standard,0) -> 99.256667 | D7: =_Ertrag_t.Vb.*C7/100 -> 0 | E7: =D7*_ENG_Rechenwert_t.Vb./100 -> 0 | F7: =(D7-E7)*_Tarif_Rücklieferung/100 -> 0 | G7: =IF(_MWSt_pflichtig,F7*_MWSt_Satz/100,0) -> 0 | H7: =E7*_Tarif_Bezug/100 -> 0 | I7: =IF(_EIV_t_auszahlung=B7,-_EIV_t.Vb._Rechenwert,0)+IF(_EF_t=B7,-_EF_t.Vb._Rechenwert,0) -> 0 | J7: =-D7*_Tarif_Unterhalt_Rechenwert_t.Vb./100 -> 0 | K7: =IF(_MWSt_pflichtig,J7*_MWSt_Satz/100,0) -> 0 | L7: =IF(B7<=_Lebensdauer,PMT(_Kap_Verzinsung/100,_Lebensdauer,_Investitionskosten_t.Vb.),"") -> 0 | M7: =SUM(F7:L7) -> 0 | N7: =N6+M7 -> 0 | O7: =IF(AND(N6<0,N7>=0),B7,0) -> 0 | P7: =IF(ISNUMBER(B7),IF(N7<0,N7,0),"") -> 0 | Q7: =IF(ISNUMBER(B7),IF(N7>0,N7,0),"") -> 0
A8: =A7+1 -> 3 | B8: =IF(A8<=_Lebensdauer,A8,"") -> 3 | C8: =IF(ISNUMBER(B8),$C$5-B8*_Degradation_pro_Jahr_Standard,0) -> 98.885 | D8: =_Ertrag_t.Vb.*C8/100 -> 0 | E8: =D8*_ENG_Rechenwert_t.Vb./100 -> 0 | F8: =(D8-E8)*_Tarif_Rücklieferung/100 -> 0 | G8: =IF(_MWSt_pflichtig,F8*_MWSt_Satz/100,0) -> 0 | H8: =E8*_Tarif_Bezug/100 -> 0 | I8: =IF(_EIV_t_auszahlung=B8,-_EIV_t.Vb._Rechenwert,0)+IF(_EF_t=B8,-_EF_t.Vb._Rechenwert,0) -> 0 | J8: =-D8*_Tarif_Unterhalt_Rechenwert_t.Vb./100 -> 0 | K8: =IF(_MWSt_pflichtig,J8*_MWSt_Satz/100,0) -> 0 | L8: =IF(B8<=_Lebensdauer,PMT(_Kap_Verzinsung/100,_Lebensdauer,_Investitionskosten_t.Vb.),"") -> 0 | M8: =SUM(F8:L8) -> 0 | N8: =N7+M8 -> 0 | O8: =IF(AND(N7<0,N8>=0),B8,0) -> 0 | P8: =IF(ISNUMBER(B8),IF(N8<0,N8,0),"") -> 0 | Q8: =IF(ISNUMBER(B8),IF(N8>0,N8,0),"") -> 0
A9: =A8+1 -> 4 | B9: =IF(A9<=_Lebensdauer,A9,"") -> 4 | C9: =IF(ISNUMBER(B9),$C$5-B9*_Degradation_pro_Jahr_Standard,0) -> 98.513333 | D9: =_Ertrag_t.Vb.*C9/100 -> 0 | E9: =D9*_ENG_Rechenwert_t.Vb./100 -> 0 | F9: =(D9-E9)*_Tarif_Rücklieferung/100 -> 0 | G9: =IF(_MWSt_pflichtig,F9*_MWSt_Satz/100,0) -> 0 | H9: =E9*_Tarif_Bezug/100 -> 0 | I9: =IF(_EIV_t_auszahlung=B9,-_EIV_t.Vb._Rechenwert,0)+IF(_EF_t=B9,-_EF_t.Vb._Rechenwert,0) -> 0 | J9: =-D9*_Tarif_Unterhalt_Rechenwert_t.Vb./100 -> 0 | K9: =IF(_MWSt_pflichtig,J9*_MWSt_Satz/100,0) -> 0 | L9: =IF(B9<=_Lebensdauer,PMT(_Kap_Verzinsung/100,_Lebensdauer,_Investitionskosten_t.Vb.),"") -> 0 | M9: =SUM(F9:L9) -> 0 | N9: =N8+M9 -> 0 | O9: =IF(AND(N8<0,N9>=0),B9,0) -> 0 | P9: =IF(ISNUMBER(B9),IF(N9<0,N9,0),"") -> 0 | Q9: =IF(ISNUMBER(B9),IF(N9>0,N9,0),"") -> 0
A10: =A9+1 -> 5 | B10: =IF(A10<=_Lebensdauer,A10,"") -> 5 | C10: =IF(ISNUMBER(B10),$C$5-B10*_Degradation_pro_Jahr_Standard,0) -> 98.141667 | D10: =_Ertrag_t.Vb.*C10/100 -> 0 | E10: =D10*_ENG_Rechenwert_t.Vb./100 -> 0 | F10: =(D10-E10)*_Tarif_Rücklieferung/100 -> 0 | G10: =IF(_MWSt_pflichtig,F10*_MWSt_Satz/100,0) -> 0 | H10: =E10*_Tarif_Bezug/100 -> 0 | I10: =IF(_EIV_t_auszahlung=B10,-_EIV_t.Vb._Rechenwert,0)+IF(_EF_t=B10,-_EF_t.Vb._Rechenwert,0) -> 0 | J10: =-D10*_Tarif_Unterhalt_Rechenwert_t.Vb./100 -> 0 | K10: =IF(_MWSt_pflichtig,J10*_MWSt_Satz/100,0) -> 0 | L10: =IF(B10<=_Lebensdauer,PMT(_Kap_Verzinsung/100,_Lebensdauer,_Investitionskosten_t.Vb.),"") -> 0 | M10: =SUM(F10:L10) -> 0 | N10: =N9+M10 -> 0 | O10: =IF(AND(N9<0,N10>=0),B10,0) -> 0 | P10: =IF(ISNUMBER(B10),IF(N10<0,N10,0),"") -> 0 | Q10: =IF(ISNUMBER(B10),IF(N10>0,N10,0),"") -> 0
A11: =A10+1 -> 6 | B11: =IF(A11<=_Lebensdauer,A11,"") -> 6 | C11: =IF(ISNUMBER(B11),$C$5-B11*_Degradation_pro_Jahr_Standard,0) -> 97.77 | D11: =_Ertrag_t.Vb.*C11/100 -> 0 | E11: =D11*_ENG_Rechenwert_t.Vb./100 -> 0 | F11: =(D11-E11)*_Tarif_Rücklieferung/100 -> 0 | G11: =IF(_MWSt_pflichtig,F11*_MWSt_Satz/100,0) -> 0 | H11: =E11*_Tarif_Bezug/100 -> 0 | I11: =IF(_EIV_t_auszahlung=B11,-_EIV_t.Vb._Rechenwert,0)+IF(_EF_t=B11,-_EF_t.Vb._Rechenwert,0) -> 0 | J11: =-D11*_Tarif_Unterhalt_Rechenwert_t.Vb./100 -> 0 | K11: =IF(_MWSt_pflichtig,J11*_MWSt_Satz/100,0) -> 0 | L11: =IF(B11<=_Lebensdauer,PMT(_Kap_Verzinsung/100,_Lebensdauer,_Investitionskosten_t.Vb.),"") -> 0 | M11: =SUM(F11:L11) -> 0 | N11: =N10+M11 -> 0 | O11: =IF(AND(N10<0,N11>=0),B11,0) -> 0 | P11: =IF(ISNUMBER(B11),IF(N11<0,N11,0),"") -> 0 | Q11: =IF(ISNUMBER(B11),IF(N11>0,N11,0),"") -> 0
A12: =A11+1 -> 7 | B12: =IF(A12<=_Lebensdauer,A12,"") -> 7 | C12: =IF(ISNUMBER(B12),$C$5-B12*_Degradation_pro_Jahr_Standard,0) -> 97.398333 | D12: =_Ertrag_t.Vb.*C12/100 -> 0 | E12: =D12*_ENG_Rechenwert_t.Vb./100 -> 0 | F12: =(D12-E12)*_Tarif_Rücklieferung/100 -> 0 | G12: =IF(_MWSt_pflichtig,F12*_MWSt_Satz/100,0) -> 0 | H12: =E12*_Tarif_Bezug/100 -> 0 | I12: =IF(_EIV_t_auszahlung=B12,-_EIV_t.Vb._Rechenwert,0)+IF(_EF_t=B12,-_EF_t.Vb._Rechenwert,0) -> 0 | J12: =-D12*_Tarif_Unterhalt_Rechenwert_t.Vb./100 -> 0 | K12: =IF(_MWSt_pflichtig,J12*_MWSt_Satz/100,0) -> 0 | L12: =IF(B12<=_Lebensdauer,PMT(_Kap_Verzinsung/100,_Lebensdauer,_Investitionskosten_t.Vb.),"") -> 0 | M12: =SUM(F12:L12) -> 0 | N12: =N11+M12 -> 0 | O12: =IF(AND(N11<0,N12>=0),B12,0) -> 0 | P12: =IF(ISNUMBER(B12),IF(N12<0,N12,0),"") -> 0 | Q12: =IF(ISNUMBER(B12),IF(N12>0,N12,0),"") -> 0
A13: =A12+1 -> 8 | B13: =IF(A13<=_Lebensdauer,A13,"") -> 8 | C13: =IF(ISNUMBER(B13),$C$5-B13*_Degradation_pro_Jahr_Standard,0) -> 97.026667 | D13: =_Ertrag_t.Vb.*C13/100 -> 0 | E13: =D13*_ENG_Rechenwert_t.Vb./100 -> 0 | F13: =(D13-E13)*_Tarif_Rücklieferung/100 -> 0 | G13: =IF(_MWSt_pflichtig,F13*_MWSt_Satz/100,0) -> 0 | H13: =E13*_Tarif_Bezug/100 -> 0 | I13: =IF(_EIV_t_auszahlung=B13,-_EIV_t.Vb._Rechenwert,0)+IF(_EF_t=B13,-_EF_t.Vb._Rechenwert,0) -> 0 | J13: =-D13*_Tarif_Unterhalt_Rechenwert_t.Vb./100 -> 0 | K13: =IF(_MWSt_pflichtig,J13*_MWSt_Satz/100,0) -> 0 | L13: =IF(B13<=_Lebensdauer,PMT(_Kap_Verzinsung/100,_Lebensdauer,_Investitionskosten_t.Vb.),"") -> 0 | M13: =SUM(F13:L13) -> 0 | N13: =N12+M13 -> 0 | O13: =IF(AND(N12<0,N13>=0),B13,0) -> 0 | P13: =IF(ISNUMBER(B13),IF(N13<0,N13,0),"") -> 0 | Q13: =IF(ISNUMBER(B13),IF(N13>0,N13,0),"") -> 0
A14: =A13+1 -> 9 | B14: =IF(A14<=_Lebensdauer,A14,"") -> 9 | C14: =IF(ISNUMBER(B14),$C$5-B14*_Degradation_pro_Jahr_Standard,0) -> 96.655 | D14: =_Ertrag_t.Vb.*C14/100 -> 0 | E14: =D14*_ENG_Rechenwert_t.Vb./100 -> 0 | F14: =(D14-E14)*_Tarif_Rücklieferung/100 -> 0 | G14: =IF(_MWSt_pflichtig,F14*_MWSt_Satz/100,0) -> 0 | H14: =E14*_Tarif_Bezug/100 -> 0 | I14: =IF(_EIV_t_auszahlung=B14,-_EIV_t.Vb._Rechenwert,0)+IF(_EF_t=B14,-_EF_t.Vb._Rechenwert,0) -> 0 | J14: =-D14*_Tarif_Unterhalt_Rechenwert_t.Vb./100 -> 0 | K14: =IF(_MWSt_pflichtig,J14*_MWSt_Satz/100,0) -> 0 | L14: =IF(B14<=_Lebensdauer,PMT(_Kap_Verzinsung/100,_Lebensdauer,_Investitionskosten_t.Vb.),"") -> 0 | M14: =SUM(F14:L14) -> 0 | N14: =N13+M14 -> 0 | O14: =IF(AND(N13<0,N14>=0),B14,0) -> 0 | P14: =IF(ISNUMBER(B14),IF(N14<0,N14,0),"") -> 0 | Q14: =IF(ISNUMBER(B14),IF(N14>0,N14,0),"") -> 0
A15: =A14+1 -> 10 | B15: =IF(A15<=_Lebensdauer,A15,"") -> 10 | C15: =IF(ISNUMBER(B15),$C$5-B15*_Degradation_pro_Jahr_Standard,0) -> 96.283333 | D15: =_Ertrag_t.Vb.*C15/100 -> 0 | E15: =D15*_ENG_Rechenwert_t.Vb./100 -> 0 | F15: =(D15-E15)*_Tarif_Rücklieferung/100 -> 0 | G15: =IF(_MWSt_pflichtig,F15*_MWSt_Satz/100,0) -> 0 | H15: =E15*_Tarif_Bezug/100 -> 0 | I15: =IF(_EIV_t_auszahlung=B15,-_EIV_t.Vb._Rechenwert,0)+IF(_EF_t=B15,-_EF_t.Vb._Rechenwert,0) -> 0 | J15: =-D15*_Tarif_Unterhalt_Rechenwert_t.Vb./100 -> 0 | K15: =IF(_MWSt_pflichtig,J15*_MWSt_Satz/100,0) -> 0 | L15: =IF(B15<=_Lebensdauer,PMT(_Kap_Verzinsung/100,_Lebensdauer,_Investitionskosten_t.Vb.),"") -> 0 | M15: =SUM(F15:L15) -> 0 | N15: =N14+M15 -> 0 | O15: =IF(AND(N14<0,N15>=0),B15,0) -> 0 | P15: =IF(ISNUMBER(B15),IF(N15<0,N15,0),"") -> 0 | Q15: =IF(ISNUMBER(B15),IF(N15>0,N15,0),"") -> 0
A16: =A15+1 -> 11 | B16: =IF(A16<=_Lebensdauer,A16,"") -> 11 | C16: =IF(ISNUMBER(B16),$C$5-B16*_Degradation_pro_Jahr_Standard,0) -> 95.911667 | D16: =_Ertrag_t.Vb.*C16/100 -> 0 | E16: =D16*_ENG_Rechenwert_t.Vb./100 -> 0 | F16: =(D16-E16)*_Tarif_Rücklieferung/100 -> 0 | G16: =IF(_MWSt_pflichtig,F16*_MWSt_Satz/100,0) -> 0 | H16: =E16*_Tarif_Bezug/100 -> 0 | I16: =IF(_EIV_t_auszahlung=B16,-_EIV_t.Vb._Rechenwert,0)+IF(_EF_t=B16,-_EF_t.Vb._Rechenwert,0) -> 0 | J16: =-D16*_Tarif_Unterhalt_Rechenwert_t.Vb./100 -> 0 | K16: =IF(_MWSt_pflichtig,J16*_MWSt_Satz/100,0) -> 0 | L16: =IF(B16<=_Lebensdauer,PMT(_Kap_Verzinsung/100,_Lebensdauer,_Investitionskosten_t.Vb.),"") -> 0 | M16: =SUM(F16:L16) -> 0 | N16: =N15+M16 -> 0 | O16: =IF(AND(N15<0,N16>=0),B16,0) -> 0 | P16: =IF(ISNUMBER(B16),IF(N16<0,N16,0),"") -> 0 | Q16: =IF(ISNUMBER(B16),IF(N16>0,N16,0),"") -> 0
A17: =A16+1 -> 12 | B17: =IF(A17<=_Lebensdauer,A17,"") -> 12 | C17: =IF(ISNUMBER(B17),$C$5-B17*_Degradation_pro_Jahr_Standard,0) -> 95.54 | D17: =_Ertrag_t.Vb.*C17/100 -> 0 | E17: =D17*_ENG_Rechenwert_t.Vb./100 -> 0 | F17: =(D17-E17)*_Tarif_Rücklieferung/100 -> 0 | G17: =IF(_MWSt_pflichtig,F17*_MWSt_Satz/100,0) -> 0 | H17: =E17*_Tarif_Bezug/100 -> 0 | I17: =IF(_EIV_t_auszahlung=B17,-_EIV_t.Vb._Rechenwert,0)+IF(_EF_t=B17,-_EF_t.Vb._Rechenwert,0) -> 0 | J17: =-D17*_Tarif_Unterhalt_Rechenwert_t.Vb./100 -> 0 | K17: =IF(_MWSt_pflichtig,J17*_MWSt_Satz/100,0) -> 0 | L17: =IF(B17<=_Lebensdauer,PMT(_Kap_Verzinsung/100,_Lebensdauer,_Investitionskosten_t.Vb.),"") -> 0 | M17: =SUM(F17:L17) -> 0 | N17: =N16+M17 -> 0 | O17: =IF(AND(N16<0,N17>=0),B17,0) -> 0 | P17: =IF(ISNUMBER(B17),IF(N17<0,N17,0),"") -> 0 | Q17: =IF(ISNUMBER(B17),IF(N17>0,N17,0),"") -> 0
... A105: =A104+1 -> 100 | B105: =IF(A105<=_Lebensdauer,A105,"") | C105: =IF(ISNUMBER(B105),$C$5-B105*_Degradation_pro_Jahr_Standard,0) -> 0 | D105: =_Ertrag_t.Vb.*C105/100 -> 0 | E105: =D105*_ENG_Rechenwert_t.Vb./100 -> 0 | F105: =(D105-E105)*_Tarif_Rücklieferung/100 -> 0 | G105: =IF(_MWSt_pflichtig,F105*_MWSt_Satz/100,0) -> 0 | H105: =E105*_Tarif_Bezug/100 -> 0 | I105: =IF(_EIV_t_auszahlung=B105,-_EIV_t.Vb._Rechenwert,0)+IF(_EF_t=B105,-_EF_t.Vb._Rechenwert,0) -> 0 | J105: =-D105*_Tarif_Unterhalt_Rechenwert_t.Vb./100 -> 0 | K105: =IF(_MWSt_pflichtig,J105*_MWSt_Satz/100,0) -> 0 | L105: =IF(B105<=_Lebensdauer,PMT(_Kap_Verzinsung/100,_Lebensdauer,_Investitionskosten_t.Vb.),"") | M105: =SUM(F105:L105) -> 0 | N105: =N104+M105 -> 0 | O105: =IF(AND(N104<0,N105>=0),B105,0) -> 0 | P105: =IF(ISNUMBER(B105),IF(N105<0,N105,0),"") | Q105: =IF(ISNUMBER(B105),IF(N105>0,N105,0),"")

Sheet Wirtschaftlichkeit_g.Min.
A1: Wirtschaftlichkeit bei Ausführung Maximalbelegung
A3: Jahr | B3: Betriebsjahr | C3: Degradation [%] | D3: Jahres Energieertrag [kWh] | E3: Eigenverbrauch [kWh] | F3: Rückzahlung Einspeisung [CHF] | G3: MWSt.- Einspeisung [CHF] | H3: Eingesparter Bezug [CHF] | I3: Auszahlung Förderbeitrag [CHF] | J3: Unterhaltskosten [CHF] | K3: MWSt.- Vorsteuerabzug Unterhalts-kosten [CHF] | L3: Zinskosten [CHF] | M3: Cash Flow netto [CHF] | N3: Kapital Entwicklung [CHF] | O3: Payback [nach Jahren] | P3: Kapital neg Entwicklung [CHF] | Q3: Kapital pos Entwicklung [CHF]
A4: Summe | D4: =SUM(D6:D105) -> 0 | E4: =SUM(E6:E105) -> 0 | F4: =SUM(F6:F105) -> 0 | H4: =SUM(H6:H105) -> 0 | I4: =SUM(I6:I105) -> 0 | J4: =SUM(J6:J105) -> 0 | L4: =SUM(L6:L105) -> 0 | M4: =SUM(M6:M105) -> 0 | N4: =SUM(N6:N105) -> 0 | O4: =SUM(O6:O101) -> 0
A5: 0 | B5: =A5 -> 0 | C5: 100 | N5: =-_Gesamtkosten_g.Min. -> 0 | P5: =IF(ISNUMBER(B5),IF(N5<0,N5,0),"") -> 0 | Q5: =IF(ISNUMBER(B5),IF(N5>0,N5,0),"") -> 0
A6: =A5+1 -> 1 | B6: =IF(A6<=_Lebensdauer,A6,"") -> 1 | C6: =IF(ISNUMBER(B6),$C$5-B6*_Degradation_pro_Jahr_Standard,0) -> 99.628333 | D6: =_Ertrag_g.Min.*C6/100 -> 0 | E6: {=D6*_ENG_Rechenwert_g.Min./100} -> 0 | F6: =(D6-E6)*_Tarif_Rücklieferung/100 -> 0 | G6: =IF(_MWSt_pflichtig,F6*_MWSt_Satz/100,0) -> 0 | H6: =E6*_Tarif_Bezug/100 -> 0 | I6: =IF(_EIV_t_auszahlung=B6,-_EIV_g.Min._Rechenwert,0)+IF(_EF_t=B6,-_EF_g.Min._Rechenwert,0) -> 0 | J6: =-D6*_Tarif_Unterhalt_Rechenwert_g.Min./100 -> 0 | K6: =IF(_MWSt_pflichtig,J6*_MWSt_Satz/100,0) -> 0 | L6: =IF(B6<=_Lebensdauer,PMT(_Kap_Verzinsung/100,_Lebensdauer,_Investitionskosten_g.Min.),"") -> 0 | M6: =SUM(F6:L6) -> 0 | N6: =N5+M6 -> 0 | O6: =IF(AND(N5<0,N6>=0),B6,0) -> 0 | P6: =IF(ISNUMBER(B6),IF(N6<0,N6,0),"") -> 0 | Q6: =IF(ISNUMBER(B6),IF(N6>0,N6,0),"") -> 0
A7: =A6+1 -> 2 | B7: =IF(A7<=_Lebensdauer,A7,"") -> 2 | C7: =IF(ISNUMBER(B7),$C$5-B7*_Degradation_pro_Jahr_Standard,0) -> 99.256667 | D7: =_Ertrag_g.Min.*C7/100 -> 0 | E7: {=D7*_ENG_Rechenwert_g.Min./100} -> 0 | F7: =(D7-E7)*_Tarif_Rücklieferung/100 -> 0 | G7: =IF(_MWSt_pflichtig,F7*_MWSt_Satz/100,0) -> 0 | H7: =E7*_Tarif_Bezug/100 -> 0 | I7: =IF(_EIV_t_auszahlung=B7,-_EIV_g.Min._Rechenwert,0)+IF(_EF_t=B7,-_EF_g.Min._Rechenwert,0) -> 0 | J7: =-D7*_Tarif_Unterhalt_Rechenwert_g.Min./100 -> 0 | K7: =IF(_MWSt_pflichtig,J7*_MWSt_Satz/100,0) -> 0 | L7: =IF(B7<=_Lebensdauer,PMT(_Kap_Verzinsung/100,_Lebensdauer,_Investitionskosten_g.Min.),"") -> 0 | M7: =SUM(F7:L7) -> 0 | N7: =N6+M7 -> 0 | O7: =IF(AND(N6<0,N7>=0),B7,0) -> 0 | P7: =IF(ISNUMBER(B7),IF(N7<0,N7,0),"") -> 0 | Q7: =IF(ISNUMBER(B7),IF(N7>0,N7,0),"") -> 0
A8: =A7+1 -> 3 | B8: =IF(A8<=_Lebensdauer,A8,"") -> 3 | C8: =IF(ISNUMBER(B8),$C$5-B8*_Degradation_pro_Jahr_Standard,0) -> 98.885 | D8: =_Ertrag_g.Min.*C8/100 -> 0 | E8: {=D8*_ENG_Rechenwert_g.Min./100} -> 0 | F8: =(D8-E8)*_Tarif_Rücklieferung/100 -> 0 | G8: =IF(_MWSt_pflichtig,F8*_MWSt_Satz/100,0) -> 0 | H8: =E8*_Tarif_Bezug/100 -> 0 | I8: =IF(_EIV_t_auszahlung=B8,-_EIV_g.Min._Rechenwert,0)+IF(_EF_t=B8,-_EF_g.Min._Rechenwert,0) -> 0 | J8: =-D8*_Tarif_Unterhalt_Rechenwert_g.Min./100 -> 0 | K8: =IF(_MWSt_pflichtig,J8*_MWSt_Satz/100,0) -> 0 | L8: =IF(B8<=_Lebensdauer,PMT(_Kap_Verzinsung/100,_Lebensdauer,_Investitionskosten_g.Min.),"") -> 0 | M8: =SUM(F8:L8) -> 0 | N8: =N7+M8 -> 0 | O8: =IF(AND(N7<0,N8>=0),B8,0) -> 0 | P8: =IF(ISNUMBER(B8),IF(N8<0,N8,0),"") -> 0 | Q8: =IF(ISNUMBER(B8),IF(N8>0,N8,0),"") -> 0
A9: =A8+1 -> 4 | B9: =IF(A9<=_Lebensdauer,A9,"") -> 4 | C9: =IF(ISNUMBER(B9),$C$5-B9*_Degradation_pro_Jahr_Standard,0) -> 98.513333 | D9: =_Ertrag_g.Min.*C9/100 -> 0 | E9: {=D9*_ENG_Rechenwert_g.Min./100} -> 0 | F9: =(D9-E9)*_Tarif_Rücklieferung/100 -> 0 | G9: =IF(_MWSt_pflichtig,F9*_MWSt_Satz/100,0) -> 0 | H9: =E9*_Tarif_Bezug/100 -> 0 | I9: =IF(_EIV_t_auszahlung=B9,-_EIV_g.Min._Rechenwert,0)+IF(_EF_t=B9,-_EF_g.Min._Rechenwert,0) -> 0 | J9: =-D9*_Tarif_Unterhalt_Rechenwert_g.Min./100 -> 0 | K9: =IF(_MWSt_pflichtig,J9*_MWSt_Satz/100,0) -> 0 | L9: =IF(B9<=_Lebensdauer,PMT(_Kap_Verzinsung/100,_Lebensdauer,_Investitionskosten_g.Min.),"") -> 0 | M9: =SUM(F9:L9) -> 0 | N9: =N8+M9 -> 0 | O9: =IF(AND(N8<0,N9>=0),B9,0) -> 0 | P9: =IF(ISNUMBER(B9),IF(N9<0,N9,0),"") -> 0 | Q9: =IF(ISNUMBER(B9),IF(N9>0,N9,0),"") -> 0
A10: =A9+1 -> 5 | B10: =IF(A10<=_Lebensdauer,A10,"") -> 5 | C10: =IF(ISNUMBER(B10),$C$5-B10*_Degradation_pro_Jahr_Standard,0) -> 98.141667 | D10: =_Ertrag_g.Min.*C10/100 -> 0 | E10: {=D10*_ENG_Rechenwert_g.Min./100} -> 0 | F10: =(D10-E10)*_Tarif_Rücklieferung/100 -> 0 | G10: =IF(_MWSt_pflichtig,F10*_MWSt_Satz/100,0) -> 0 | H10: =E10*_Tarif_Bezug/100 -> 0 | I10: =IF(_EIV_t_auszahlung=B10,-_EIV_g.Min._Rechenwert,0)+IF(_EF_t=B10,-_EF_g.Min._Rechenwert,0) -> 0 | J10: =-D10*_Tarif_Unterhalt_Rechenwert_g.Min./100 -> 0 | K10: =IF(_MWSt_pflichtig,J10*_MWSt_Satz/100,0) -> 0 | L10: =IF(B10<=_Lebensdauer,PMT(_Kap_Verzinsung/100,_Lebensdauer,_Investitionskosten_g.Min.),"") -> 0 | M10: =SUM(F10:L10) -> 0 | N10: =N9+M10 -> 0 | O10: =IF(AND(N9<0,N10>=0),B10,0) -> 0 | P10: =IF(ISNUMBER(B10),IF(N10<0,N10,0),"") -> 0 | Q10: =IF(ISNUMBER(B10),IF(N10>0,N10,0),"") -> 0
A11: =A10+1 -> 6 | B11: =IF(A11<=_Lebensdauer,A11,"") -> 6 | C11: =IF(ISNUMBER(B11),$C$5-B11*_Degradation_pro_Jahr_Standard,0) -> 97.77 | D11: =_Ertrag_g.Min.*C11/100 -> 0 | E11: {=D11*_ENG_Rechenwert_g.Min./100} -> 0 | F11: =(D11-E11)*_Tarif_Rücklieferung/100 -> 0 | G11: =IF(_MWSt_pflichtig,F11*_MWSt_Satz/100,0) -> 0 | H11: =E11*_Tarif_Bezug/100 -> 0 | I11: =IF(_EIV_t_auszahlung=B11,-_EIV_g.Min._Rechenwert,0)+IF(_EF_t=B11,-_EF_g.Min._Rechenwert,0) -> 0 | J11: =-D11*_Tarif_Unterhalt_Rechenwert_g.Min./100 -> 0 | K11: =IF(_MWSt_pflichtig,J11*_MWSt_Satz/100,0) -> 0 | L11: =IF(B11<=_Lebensdauer,PMT(_Kap_Verzinsung/100,_Lebensdauer,_Investitionskosten_g.Min.),"") -> 0 | M11: =SUM(F11:L11) -> 0 | N11: =N10+M11 -> 0 | O11: =IF(AND(N10<0,N11>=0),B11,0) -> 0 | P11: =IF(ISNUMBER(B11),IF(N11<0,N11,0),"") -> 0 | Q11: =IF(ISNUMBER(B11),IF(N11>0,N11,0),"") -> 0
A12: =A11+1 -> 7 | B12: =IF(A12<=_Lebensdauer,A12,"") -> 7 | C12: =IF(ISNUMBER(B12),$C$5-B12*_Degradation_pro_Jahr_Standard,0) -> 97.398333 | D12: =_Ertrag_g.Min.*C12/100 -> 0 | E12: {=D12*_ENG_Rechenwert_g.Min./100} -> 0 | F12: =(D12-E12)*_Tarif_Rücklieferung/100 -> 0 | G12: =IF(_MWSt_pflichtig,F12*_MWSt_Satz/100,0) -> 0 | H12: =E12*_Tarif_Bezug/100 -> 0 | I12: =IF(_EIV_t_auszahlung=B12,-_EIV_g.Min._Rechenwert,0)+IF(_EF_t=B12,-_EF_g.Min._Rechenwert,0) -> 0 | J12: =-D12*_Tarif_Unterhalt_Rechenwert_g.Min./100 -> 0 | K12: =IF(_MWSt_pflichtig,J12*_MWSt_Satz/100,0) -> 0 | L12: =IF(B12<=_Lebensdauer,PMT(_Kap_Verzinsung/100,_Lebensdauer,_Investitionskosten_g.Min.),"") -> 0 | M12: =SUM(F12:L12) -> 0 | N12: =N11+M12 -> 0 | O12: =IF(AND(N11<0,N12>=0),B12,0) -> 0 | P12: =IF(ISNUMBER(B12),IF(N12<0,N12,0),"") -> 0 | Q12: =IF(ISNUMBER(B12),IF(N12>0,N12,0),"") -> 0
A13: =A12+1 -> 8 | B13: =IF(A13<=_Lebensdauer,A13,"") -> 8 | C13: =IF(ISNUMBER(B13),$C$5-B13*_Degradation_pro_Jahr_Standard,0) -> 97.026667 | D13: =_Ertrag_g.Min.*C13/100 -> 0 | E13: {=D13*_ENG_Rechenwert_g.Min./100} -> 0 | F13: =(D13-E13)*_Tarif_Rücklieferung/100 -> 0 | G13: =IF(_MWSt_pflichtig,F13*_MWSt_Satz/100,0) -> 0 | H13: =E13*_Tarif_Bezug/100 -> 0 | I13: =IF(_EIV_t_auszahlung=B13,-_EIV_g.Min._Rechenwert,0)+IF(_EF_t=B13,-_EF_g.Min._Rechenwert,0) -> 0 | J13: =-D13*_Tarif_Unterhalt_Rechenwert_g.Min./100 -> 0 | K13: =IF(_MWSt_pflichtig,J13*_MWSt_Satz/100,0) -> 0 | L13: =IF(B13<=_Lebensdauer,PMT(_Kap_Verzinsung/100,_Lebensdauer,_Investitionskosten_g.Min.),"") -> 0 | M13: =SUM(F13:L13) -> 0 | N13: =N12+M13 -> 0 | O13: =IF(AND(N12<0,N13>=0),B13,0) -> 0 | P13: =IF(ISNUMBER(B13),IF(N13<0,N13,0),"") -> 0 | Q13: =IF(ISNUMBER(B13),IF(N13>0,N13,0),"") -> 0
A14: =A13+1 -> 9 | B14: =IF(A14<=_Lebensdauer,A14,"") -> 9 | C14: =IF(ISNUMBER(B14),$C$5-B14*_Degradation_pro_Jahr_Standard,0) -> 96.655 | D14: =_Ertrag_g.Min.*C14/100 -> 0 | E14: {=D14*_ENG_Rechenwert_g.Min./100} -> 0 | F14: =(D14-E14)*_Tarif_Rücklieferung/100 -> 0 | G14: =IF(_MWSt_pflichtig,F14*_MWSt_Satz/100,0) -> 0 | H14: =E14*_Tarif_Bezug/100 -> 0 | I14: =IF(_EIV_t_auszahlung=B14,-_EIV_g.Min._Rechenwert,0)+IF(_EF_t=B14,-_EF_g.Min._Rechenwert,0) -> 0 | J14: =-D14*_Tarif_Unterhalt_Rechenwert_g.Min./100 -> 0 | K14: =IF(_MWSt_pflichtig,J14*_MWSt_Satz/100,0) -> 0 | L14: =IF(B14<=_Lebensdauer,PMT(_Kap_Verzinsung/100,_Lebensdauer,_Investitionskosten_g.Min.),"") -> 0 | M14: =SUM(F14:L14) -> 0 | N14: =N13+M14 -> 0 | O14: =IF(AND(N13<0,N14>=0),B14,0) -> 0 | P14: =IF(ISNUMBER(B14),IF(N14<0,N14,0),"") -> 0 | Q14: =IF(ISNUMBER(B14),IF(N14>0,N14,0),"") -> 0
A15: =A14+1 -> 10 | B15: =IF(A15<=_Lebensdauer,A15,"") -> 10 | C15: =IF(ISNUMBER(B15),$C$5-B15*_Degradation_pro_Jahr_Standard,0) -> 96.283333 | D15: =_Ertrag_g.Min.*C15/100 -> 0 | E15: {=D15*_ENG_Rechenwert_g.Min./100} -> 0 | F15: =(D15-E15)*_Tarif_Rücklieferung/100 -> 0 | G15: =IF(_MWSt_pflichtig,F15*_MWSt_Satz/100,0) -> 0 | H15: =E15*_Tarif_Bezug/100 -> 0 | I15: =IF(_EIV_t_auszahlung=B15,-_EIV_g.Min._Rechenwert,0)+IF(_EF_t=B15,-_EF_g.Min._Rechenwert,0) -> 0 | J15: =-D15*_Tarif_Unterhalt_Rechenwert_g.Min./100 -> 0 | K15: =IF(_MWSt_pflichtig,J15*_MWSt_Satz/100,0) -> 0 | L15: =IF(B15<=_Lebensdauer,PMT(_Kap_Verzinsung/100,_Lebensdauer,_Investitionskosten_g.Min.),"") -> 0 | M15: =SUM(F15:L15) -> 0 | N15: =N14+M15 -> 0 | O15: =IF(AND(N14<0,N15>=0),B15,0) -> 0 | P15: =IF(ISNUMBER(B15),IF(N15<0,N15,0),"") -> 0 | Q15: =IF(ISNUMBER(B15),IF(N15>0,N15,0),"") -> 0
A16: =A15+1 -> 11 | B16: =IF(A16<=_Lebensdauer,A16,"") -> 11 | C16: =IF(ISNUMBER(B16),$C$5-B16*_Degradation_pro_Jahr_Standard,0) -> 95.911667 | D16: =_Ertrag_g.Min.*C16/100 -> 0 | E16: {=D16*_ENG_Rechenwert_g.Min./100} -> 0 | F16: =(D16-E16)*_Tarif_Rücklieferung/100 -> 0 | G16: =IF(_MWSt_pflichtig,F16*_MWSt_Satz/100,0) -> 0 | H16: =E16*_Tarif_Bezug/100 -> 0 | I16: =IF(_EIV_t_auszahlung=B16,-_EIV_g.Min._Rechenwert,0)+IF(_EF_t=B16,-_EF_g.Min._Rechenwert,0) -> 0 | J16: =-D16*_Tarif_Unterhalt_Rechenwert_g.Min./100 -> 0 | K16: =IF(_MWSt_pflichtig,J16*_MWSt_Satz/100,0) -> 0 | L16: =IF(B16<=_Lebensdauer,PMT(_Kap_Verzinsung/100,_Lebensdauer,_Investitionskosten_g.Min.),"") -> 0 | M16: =SUM(F16:L16) -> 0 | N16: =N15+M16 -> 0 | O16: =IF(AND(N15<0,N16>=0),B16,0) -> 0 | P16: =IF(ISNUMBER(B16),IF(N16<0,N16,0),"") -> 0 | Q16: =IF(ISNUMBER(B16),IF(N16>0,N16,0),"") -> 0
A17: =A16+1 -> 12 | B17: =IF(A17<=_Lebensdauer,A17,"") -> 12 | C17: =IF(ISNUMBER(B17),$C$5-B17*_Degradation_pro_Jahr_Standard,0) -> 95.54 | D17: =_Ertrag_g.Min.*C17/100 -> 0 | E17: {=D17*_ENG_Rechenwert_g.Min./100} -> 0 | F17: =(D17-E17)*_Tarif_Rücklieferung/100 -> 0 | G17: =IF(_MWSt_pflichtig,F17*_MWSt_Satz/100,0) -> 0 | H17: =E17*_Tarif_Bezug/100 -> 0 | I17: =IF(_EIV_t_auszahlung=B17,-_EIV_g.Min._Rechenwert,0)+IF(_EF_t=B17,-_EF_g.Min._Rechenwert,0) -> 0 | J17: =-D17*_Tarif_Unterhalt_Rechenwert_g.Min./100 -> 0 | K17: =IF(_MWSt_pflichtig,J17*_MWSt_Satz/100,0) -> 0 | L17: =IF(B17<=_Lebensdauer,PMT(_Kap_Verzinsung/100,_Lebensdauer,_Investitionskosten_g.Min.),"") -> 0 | M17: =SUM(F17:L17) -> 0 | N17: =N16+M17 -> 0 | O17: =IF(AND(N16<0,N17>=0),B17,0) -> 0 | P17: =IF(ISNUMBER(B17),IF(N17<0,N17,0),"") -> 0 | Q17: =IF(ISNUMBER(B17),IF(N17>0,N17,0),"") -> 0
... A105: =A104+1 -> 100 | B105: =IF(A105<=_Lebensdauer,A105,"") | C105: =IF(ISNUMBER(B105),$C$5-B105*_Degradation_pro_Jahr_Standard,0) -> 0 | D105: =_Ertrag_g.Min.*C105/100 -> 0 | E105: {=D105*_ENG_Rechenwert_g.Min./100} -> 0 | F105: =(D105-E105)*_Tarif_Rücklieferung/100 -> 0 | G105: =IF(_MWSt_pflichtig,F105*_MWSt_Satz/100,0) -> 0 | H105: =E105*_Tarif_Bezug/100 -> 0 | I105: =IF(_EIV_t_auszahlung=B105,-_EIV_g.Min._Rechenwert,0)+IF(_EF_t=B105,-_EF_g.Min._Rechenwert,0) -> 0 | J105: =-D105*_Tarif_Unterhalt_Rechenwert_g.Min./100 -> 0 | K105: =IF(_MWSt_pflichtig,J105*_MWSt_Satz/100,0) -> 0 | L105: =IF(B105<=_Lebensdauer,PMT(_Kap_Verzinsung/100,_Lebensdauer,_Investitionskosten_g.Min.),"") | M105: =SUM(F105:L105) -> 0 | N105: =N104+M105 -> 0 | O105: =IF(AND(N104<0,N105>=0),B105,0) -> 0 | P105: =IF(ISNUMBER(B105),IF(N105<0,N105,0),"") | Q105: =IF(ISNUMBER(B105),IF(N105>0,N105,0),"")

Sheet Faktor Ausrichtung
A1: Raster Azimut | B1: =C4-B4 -> 10 | C1: °
A2: Raster Neigung | B2: =A6-A5 -> 5 | C2: °
B3: 1 | C3: 2 | D3: 3 | E3: 4 | F3: 5 | G3: 6 | H3: 7 | I3: 8 | J3: 9 | K3: 10 | L3: 11 | M3: 12 | N3: 13 | O3: 14 | P3: 15 | Q3: 16 | R3: 17 | S3: 18 | T3: 19 | U3: 20 | V3: 21 | W3: 22 | X3: 23 | Y3: 24 | Z3: 25 | AA3: 26 | AB3: 27 | AC3: 28 | AD3: 29 | AE3: 30 | AF3: 31 | AG3: 32 | AH3: 33 | AI3: 34 | AJ3: 35 | AK3: 36 | AL3: 37
A4: Neigung/Azimut | B4: -180 | C4: -170 | D4: -160 | E4: -150 | F4: -140 | G4: -130 | H4: -120 | I4: -110 | J4: -100 | K4: -90 | L4: -80 | M4: -70 | N4: -60 | O4: -50 | P4: -40 | Q4: -30 | R4: -20 | S4: -10 | T4: 0 | U4: 10 | V4: 20 | W4: 30 | X4: 40 | Y4: 50 | Z4: 60 | AA4: 70 | AB4: 80 | AC4: 90 | AD4: 100 | AE4: 110 | AF4: 120 | AG4: 130 | AH4: 140 | AI4: 150 | AJ4: 160 | AK4: 170 | AL4: 180
A5: 0 | B5: 1 | C5: 1 | D5: 1 | E5: 1 | F5: 1 | G5: 1 | H5: 1 | I5: 1 | J5: 1 | K5: 1 | L5: 1 | M5: 1 | N5: 1 | O5: 1 | P5: 1 | Q5: 1 | R5: 1 | S5: 1 | T5: 1 | U5: 1 | V5: 1 | W5: 1 | X5: 1 | Y5: 1 | Z5: 1 | AA5: 1 | AB5: 1 | AC5: 1 | AD5: 1 | AE5: 1 | AF5: 1 | AG5: 1 | AH5: 1 | AI5: 1 | AJ5: 1 | AK5: 1 | AL5: 1
A6: 5 | B6: 0.95889567 | C6: 0.96010766 | D6: 0.96247413 | E6: 0.9659122 | F6: 0.97031262 | G6: 0.97553718 | H6: 0.98142308 | I6: 0.98779101 | J6: 0.99444821 | K6: 1.0011954 | L6: 1.0078274 | M6: 1.0141421 | N6: 1.019951 | O6: 1.0250765 | P6: 1.0293629 | Q6: 1.0326792 | R6: 1.0349242 | S6: 1.0360321 | T6: 1.0359773 | U6: 1.0347706 | V6: 1.0324484 | W6: 1.0290715 | X6: 1.0247428 | Y6: 1.0195965 | Z6: 1.0137863 | AA6: 1.0074852 | AB6: 1.0008766 | AC6: 0.99414738 | AD6: 0.98749803 | AE6: 0.98113152 | AF6: 0.97525986 | AG6: 0.97006792 | AH6: 0.9657121 | AI6: 0.96233058 | AJ6: 0.96002911 | AK6: 0.95887138 | AL6: 0.95889567
A7: 10 | B7: 0.91323283 | C7: 0.91564512 | D7: 0.92051637 | E7: 0.92757142 | F7: 0.93652513 | G7: 0.94707571 | H7: 0.95888182 | I7: 0.97156983 | J7: 0.98476338 | K7: 0.99804925 | L7: 1.0110557 | M7: 1.0234374 | N7: 1.034862 | O7: 1.0449502 | P7: 1.053394 | Q7: 1.0599562 | R7: 1.0644135 | S7: 1.0666634 | T7: 1.0666269 | U7: 1.0642851 | V7: 1.0597324 | W7: 1.0530988 | X7: 1.0446364 | Y7: 1.034583 | Z7: 1.0232255 | AA7: 1.0108672 | AB7: 0.99787618 | AC7: 0.98465862 | AD7: 0.97154795 | AE7: 0.95891607 | AF7: 0.94715528 | AG7: 0.93662743 | AH7: 0.92773088 | AI7: 0.9207548 | AJ7: 0.91589661 | AK7: 0.91333626 | AL7: 0.91323283
A8: 15 | B8: 0.86394477 | C8: 0.86762582 | D8: 0.87500026 | E8: 0.88586202 | F8: 0.89953675 | G8: 0.91547734 | H8: 0.93320153 | I8: 0.95216052 | J8: 0.97184475 | K8: 0.99158189 | L8: 1.0107735 | M8: 1.028869 | N8: 1.0454379 | O8: 1.0601003 | P8: 1.0723719 | Q8: 1.0818377 | R8: 1.0883263 | S8: 1.091673 | T8: 1.0916179 | U8: 1.0882126 | V8: 1.0815464 | W8: 1.0719153 | X8: 1.0597067 | Y8: 1.0452205 | Z8: 1.0287373 | AA8: 1.0107969 | AB8: 0.99191086 | AC8: 0.97246133 | AD8: 0.95294578 | AE8: 0.93396492 | AF8: 0.9162997 | AG8: 0.90038902 | AH8: 0.88674498 | AI8: 0.87591626 | AJ8: 0.86825603 | AK8: 0.8642087 | AL8: 0.86394477
A9: 20 | B9: 0.81243951 | C9: 0.8173258 | D9: 0.82737207 | E9: 0.84206685 | F9: 0.86056318 | G9: 0.88196685 | H9: 0.90563004 | I9: 0.9307241 | J9: 0.95633947 | K9: 0.98184568 | L9: 1.0067023 | M9: 1.0300928 | N9: 1.0514427 | O9: 1.0703293 | P9: 1.0861982 | Q9: 1.0984108 | R9: 1.1067309 | S9: 1.1108875 | T9: 1.1107709 | U9: 1.1064099 | V9: 1.097987 | W9: 1.0856937 | X9: 1.0700324 | Y9: 1.0514193 | Z9: 1.0301683 | AA9: 1.0071926 | AB9: 0.98278494 | AC9: 0.95749889 | AD9: 0.93210346 | AE9: 0.90726898 | AF9: 0.88364945 | AG9: 0.86213456 | AH9: 0.84366131 | AI9: 0.82885337 | AJ9: 0.81829121 | AK9: 0.81271932 | AL9: 0.81243951
A10: 25 | B10: 0.7609261 | C10: 0.7671365 | D10: 0.77938176 | E10: 0.79722253 | F10: 0.82032028 | G10: 0.84697235 | H10: 0.87637701 | I10: 0.90725439 | J10: 0.93888422 | K10: 0.96996107 | L10: 0.9997741 | M10: 1.0278169 | N10: 1.0533121 | O10: 1.0756778 | P10: 1.0945824 | Q10: 1.1093147 | R10: 1.1193129 | S10: 1.1243176 | T10: 1.1239763 | U10: 1.1189285 | V10: 1.1088003 | W10: 1.0939763 | X10: 1.0752876 | Y10: 1.0529113 | Z10: 1.0277321 | AA10: 1.0003308 | AB10: 0.97093032 | AC10: 0.9404169 | AD10: 0.90951547 | AE10: 0.87884266 | AF10: 0.84978624 | AG10: 0.82292345 | AH10: 0.7995761 | AI10: 0.78075927 | AJ10: 0.76771648 | AK10: 0.76110188 | AL10: 0.7609261
A11: 30 | B11: 0.71067933 | C11: 0.71782547 | D11: 0.73188095 | E11: 0.75276134 | F11: 0.77967285 | G11: 0.81146176 | H11: 0.84627881 | I11: 0.8827055 | J11: 0.91920661 | K11: 0.95521116 | L11: 0.98951908 | M11: 1.0216683 | N11: 1.0508853 | O11: 1.0763896 | P11: 1.0979809 | Q11: 1.114547 | R11: 1.1259257 | S11: 1.1316901 | T11: 1.1312551 | U11: 1.1255493 | V11: 1.1136756 | W11: 1.0969046 | X11: 1.0757601 | Y11: 1.0501604 | Z11: 1.0213828 | AA11: 0.98999851 | AB11: 0.95621101 | AC11: 0.92120662 | AD11: 0.88541065 | AE11: 0.84985215 | AF11: 0.81540419 | AG11: 0.78337422 | AH11: 0.75525053 | AI11: 0.73289039 | AJ11: 0.71776001 | AK11: 0.71050619 | AL11: 0.71067933
A12: 35 | B12: 0.66235987 | C12: 0.67003279 | D12: 0.68550311 | E12: 0.70892107 | F12: 0.73940609 | G12: 0.77594051 | H12: 0.81571493 | I12: 0.85697333 | J12: 0.89830537 | K12: 0.93837767 | L12: 0.97653413 | M12: 1.0118503 | N12: 1.0439485 | O12: 1.0721309 | P12: 1.0958413 | Q12: 1.1145132 | R12: 1.1266634 | S12: 1.132884 | T12: 1.1327651 | U12: 1.1260359 | V12: 1.1128187 | W12: 1.0947643 | X12: 1.0710092 | Y12: 1.0425057 | Z12: 1.0110837 | AA12: 0.97643818 | AB12: 0.93925635 | AC12: 0.90041661 | AD12: 0.86040302 | AE12: 0.82028713 | AF12: 0.78113002 | AG12: 0.74431672 | AH12: 0.71169654 | AI12: 0.68614718 | AJ12: 0.66943798 | AK12: 0.66187122 | AL12: 0.66235987
A13: 40 | B13: 0.61456321 | C13: 0.62315771 | D13: 0.64028663 | E13: 0.66624036 | F13: 0.70027223 | G13: 0.74108132 | H13: 0.78513758 | I13: 0.83034234 | J13: 0.87538339 | K13: 0.91892515 | L13: 0.96038431 | M13: 0.99843172 | N13: 1.0330904 | O13: 1.063347 | P13: 1.0883071 | Q13: 1.1085457 | R13: 1.1218471 | S13: 1.1278927 | T13: 1.128158 | U13: 1.1203938 | V13: 1.106616 | W13: 1.0870105 | X13: 1.0607495 | Y13: 1.0308827 | Z13: 0.99737748 | AA13: 0.95963318 | AB13: 0.91982595 | AC13: 0.87762739 | AD13: 0.83436535 | AE13: 0.79068426 | AF13: 0.74775886 | AG13: 0.70670402 | AH13: 0.66977813 | AI13: 0.64123017 | AJ13: 0.62284631 | AK13: 0.61420054 | AL13: 0.61456321
A14: 45 | B14: 0.56777152 | C14: 0.57751967 | D14: 0.59671375 | E14: 0.6250907 | F14: 0.6629359 | G14: 0.70738272 | H14: 0.75485789 | I14: 0.80340127 | J14: 0.85130471 | K14: 0.89762976 | L14: 0.94124436 | M14: 0.98142553 | N14: 1.0174732 | O14: 1.0497894 | P14: 1.0761896 | Q14: 1.0966095 | R14: 1.1111933 | S14: 1.1168125 | T14: 1.1173965 | U14: 1.1087067 | V14: 1.0949355 | W14: 1.0734513 | X14: 1.0463765 | Y14: 1.0153186 | Z14: 0.97909854 | AA14: 0.93973656 | AB14: 0.89801001 | AC14: 0.85358368 | AD14: 0.80788289 | AE14: 0.76141546 | AF14: 0.71531448 | AG14: 0.67093635 | AH14: 0.63060154 | AI14: 0.59854311 | AJ14: 0.5780473 | AK14: 0.56783935 | AL14: 0.56777152
A15: 50 | B15: 0.52336795 | C15: 0.53410249 | D15: 0.55536954 | E15: 0.58616739 | F15: 0.62773827 | G15: 0.67506263 | H15: 0.72495923 | I15: 0.77547569 | J15: 0.8255055 | K15: 0.8740159 | L15: 0.91924934 | M15: 0.96134382 | N15: 0.99829425 | O15: 1.0307948 | P15: 1.0590442 | Q15: 1.0791096 | R15: 1.0945142 | S15: 1.1003001 | T15: 1.1005625 | U15: 1.0914182 | V15: 1.0773535 | W15: 1.054295 | X15: 1.0278755 | Y15: 0.99460099 | Z15: 0.95747587 | AA15: 0.91782596 | AB15: 0.874118 | AC15: 0.82809542 | AD15: 0.78045787 | AE15: 0.73211165 | AF15: 0.68391847 | AG15: 0.6376068 | AH15: 0.59468754 | AI15: 0.55888178 | AJ15: 0.53595435 | AK15: 0.52389581 | AL15: 0.52336795
A16: 55 | B16: 0.4826799 | C16: 0.49430035 | D16: 0.51704993 | E16: 0.55112238 | F16: 0.59535319 | G16: 0.64455225 | H16: 0.69588964 | I16: 0.74775576 | J16: 0.79897962 | K16: 0.84820892 | L16: 0.89442748 | M16: 0.93695317 | N16: 0.97570879 | O16: 1.007368 | P16: 1.0362704 | Q16: 1.0573559 | R16: 1.0719367 | S16: 1.0783229 | T16: 1.0777842 | U16: 1.0690486 | V16: 1.0540037 | W16: 1.0312909 | X16: 1.0039833 | Y16: 0.96933531 | Z16: 0.9336109 | AA16: 0.89226703 | AB16: 0.84750499 | AC16: 0.80105934 | AD16: 0.75251842 | AE16: 0.70309269 | AF16: 0.65391389 | AG16: 0.60635159 | AH16: 0.56220113 | AI16: 0.52402112 | AJ16: 0.49757171 | AK16: 0.48392511 | AL16: 0.4826799
... A23: 90 | B23: 0.33594762 | C23: 0.34418835 | D23: 0.36204239 | E23: 0.38782436 | F23: 0.42012573 | G23: 0.45759806 | H23: 0.49893593 | I23: 0.54146736 | J23: 0.58284295 | K23: 0.62487434 | L23: 0.6609053 | M23: 0.6940163 | N23: 0.72241126 | O23: 0.74479495 | P23: 0.76225259 | Q23: 0.77420086 | R23: 0.78053223 | S23: 0.78149391 | T23: 0.77825747 | U23: 0.7722728 | V23: 0.76289431 | W23: 0.74926407 | X23: 0.73117107 | Y23: 0.70879807 | Z23: 0.68265803 | AA23: 0.65212924 | AB23: 0.6170822 | AC23: 0.58165063 | AD23: 0.54153196 | AE23: 0.50212043 | AF23: 0.4638235 | AG23: 0.42737237 | AH23: 0.39563992 | AI23: 0.36953745 | AJ23: 0.35011355 | AK23: 0.33839802 | AL23: 0.33594762

Sheet Faktor Eigenverbrauch
A1: Solarstromanteil | B1: Wohnen EFH | C1: Wohnen MFH | D1: Büro | E1: Verkauf | F1: Schulhaus | G1: Altersheim
A2: 0 | B2: 100 | C2: 100 | D2: 100 | E2: 100 | F2: 100 | G2: 100
A3: 10 | B3: 93 | C3: 100 | D3: 99 | E3: 99 | F3: 97 | G3: 100
A4: 20 | B4: 80 | C4: 95 | D4: 93 | E4: 94 | F4: 88 | G4: 98
A5: 30 | B5: 67 | C5: 81 | D5: 87 | E5: 88 | F5: 79 | G5: 90
A6: 40 | B6: 57 | C6: 69 | D6: 77 | E6: 78 | F6: 69 | G6: 80
A7: 50 | B7: 50 | C7: 58 | D7: 68 | E7: 68 | F7: 60 | G7: 71
A8: 60 | B8: 44 | C8: 51 | D8: 61 | E8: 61 | F8: 54 | G8: 64
A9: 70 | B9: 39 | C9: 45 | D9: 55 | E9: 55 | F9: 49 | G9: 58
A10: 80 | B10: 36 | C10: 40 | D10: 50 | E10: 50 | F10: 45 | G10: 53
A11: 90 | B11: 33 | C11: 37 | D11: 46 | E11: 46 | F11: 42 | G11: 49
A12: 100 | B12: 31 | C12: 35 | D12: 43 | E12: 44 | F12: 39 | G12: 45
A13: 110 | B13: 29 | C13: 32 | D13: 40 | E13: 41 | F13: 36 | G13: 42
... A32: 300 | B32: 13 | C32: 14 | D32: 17 | E32: 18 | F32: 16 | G32: 18

Sheet Versionshinweise
B1: Versionsverlauf
B2: 46002 | C2: V2.4 | D2: Anpassung auf Rückliefertarif nach EnV Wurde nicht freigegeben. Stadt entscheidet, welcher Tarif für Wirtschaftlichkeit verwendet werden soll.
B3: 46042 | C3: V2.5 | D3: Anpassung Förderbeitrag Nord (bleibt Nord) von 625.- auf 300.- Vollständiger Rückliefertarif ckw für 2025
B4: 46174 | C4: V3_Beta | D4: Anpassungen neue EnFV: - Teilflächen als SD, FD, PP - Ref. Kosten pro Teilfläche (nur für wirtschaftliche Anlage) - Reflektion muss geklärt werden - Einstrahlungswerte bei Flachdach: Mittelwert beider Ausrichtungen
B5: 46190 | C5: V3_Beta2 | D5: Anpassung TF: - Modul/ Dachneigung bei FD oder SD implementiert - Verschattungsabstände für Flachdach neu berechnet - Zuschlag Nord wird zu Zuschlag Blendfrei (Aufpreis für sat. Modul) - Bonus Blendfrei ist nun gleichzeitig zu Bonus Steil möglich Korrektur Basisdaten: Berechnung Referenzkosten aktualisiert Einführung Ref. Kosten für g.Min. Datengrundlage: - Eigennutzungsgrad für g.Min. - Unterhaltskosten für g.Min.
B6: 46210 | C6: V3b | D6: Wirtschaftlichkeit umbau zu Annuitätenmethode
B7: 46217 | C7: V3d | D7: ENG in f(DG) MWSt. überprüft Priorisierung neu gelöst Kommentare MWSt. korrigiert
B8: 46237 | C8: V3e | D8: Formatierungen und Struktur in Absprache mit thsc - löschen vom Zusatzblatt minimale Grösse Modulfeld masse vorgeben zu Traufe, Ort, First & Aufbauten -> Angaben an thsc Flachdächer: RWA, Oberlichter, Regenwassereinläufe, Seile, EAP, Dachrand, etc. - TF (x) -> Dachfläche (1-6) - Änderungen gemäss Aktennotiz vom 2026-08-06
B9: 46280 | C9: V4a | D9: komplette Überarbeitung durch «Vorlagenbauer»
B10: 46283 | C10: V4 | D10: Finish durch Plan-E (Korrektur bei Dachtyp nicht definiert, Korrektur bei Anhänge Eigenverbrauchsgrad)
